Workbook
Name CBriskDesc: #REF!
Name CombinationControl: #REF!
Name countBlanks: #REF!
Name csfSubcategory: #REF!
Name dateOfRecord: #REF!
Name detectScore: #REF!
Name disclaimerCell: #REF!
Name earliestAssessment: #REF!
Name familyIDs: #REF!
Name goRefs: #REF!
Name greenAbove: #REF!
Name identifyScore: #REF!
Name impactHigh: #REF!
Name impactLow: #REF!
Name impactMedium: #REF!
Name impactScale: #REF!
Name informationCell: #REF!
Name InScopeOptions: Dropdowns!#REF!
Name label025: #REF!
Name label025NB: #REF!
Name labelYN: #REF!
Name labelYNNB: #REF!
Name latestAssessment: #REF!
Name minAnsQuestions: #REF!
Name nameOfFirm: #REF!
Name nist53revision: #REF!
Name protectScore: #REF!
Name recoverScore: #REF!
Name redBelow: #REF!
Name resetControl: #REF!
Name respondScore: #REF!
Name responsibleParty: #REF!
Name riskMaximum: #REF!
Name riskMinimum: #REF!
Name riskRange: #REF!
Name riskStrategies: #REF!
Name scaleChoices: #REF!
Name scaleType: #REF!
Name scoreHigh: #REF!
Name scoreLabel: #REF!
Name scoreLow: #REF!
Name scoreMedium: #REF!
Name setHighScore: #REF!
Name setLowScore: #REF!
Name subCatList: #REF!
Name toggleSCriskRegister: #REF!
Name userV1: #REF!
Name userV2: #REF!
Name userV3: #REF!
Name userV4: #REF!
Name userV5: #REF!
Name workbookVersion: #REF!
Name yesNo: #REF!
Name yesNoNA: #REF!
Name zero2Five: #REF!

Sheet Information
C3: For more information about how to use the Risk Register, see:
C4: https://allaboutgrc.com/risk-register-template-for-information-security/
C6: Disclaimer
C7: This Excel template is independently created and is not affiliated with, nor has it been officially endorsed by, any organizations.
C8: While efforts have been made to ensure accuracy and reliability, the content may contain errors or omissions.
C9: This template is provided "as is," and the creator assumes no liability for any mistakes or inaccuracies that may exist, nor for any decisions made based on its use.
C10: Users are encouraged to verify the information and adapt the template as necessary to suit their specific needs.
C11: Users are free to modify and share this template to fit their purposes. If modifications are made prior to sharing, please provide a link to the original template.

Sheet Dashboard
C95: LIKELIHOOD | D95: Highly Likely | E95: 5 | F95: =VLOOKUP($F$101&"-"&D95,RiskPivots!$E$153:$F$177,2,FALSE) -> 2 | H95: =VLOOKUP($H$101&"-"&D95,RiskPivots!$E$153:$F$177,2,FALSE) -> 2 | J95: =VLOOKUP($J$101&"-"&D95,RiskPivots!$E$153:$F$177,2,FALSE) -> 3 | L95: =VLOOKUP($L$101&"-"&D95,RiskPivots!$E$153:$F$177,2,FALSE) -> 2 | N95: =VLOOKUP($N$101&"-"&D95,RiskPivots!$E$153:$F$177,2,FALSE) -> 2
D96: Likely | E96: 4 | F96: =VLOOKUP($F$101&"-"&D96,RiskPivots!$E$153:$F$177,2,FALSE) -> 1 | H96: =VLOOKUP($H$101&"-"&D96,RiskPivots!$E$153:$F$177,2,FALSE) -> 0 | J96: =VLOOKUP($J$101&"-"&D96,RiskPivots!$E$153:$F$177,2,FALSE) -> 0 | L96: =VLOOKUP($L$101&"-"&D96,RiskPivots!$E$153:$F$177,2,FALSE) -> 1 | N96: =VLOOKUP($N$101&"-"&D96,RiskPivots!$E$153:$F$177,2,FALSE) -> 0
D97: Possible | E97: 3 | F97: =VLOOKUP($F$101&"-"&D97,RiskPivots!$E$153:$F$177,2,FALSE) -> 1 | H97: =VLOOKUP($H$101&"-"&D97,RiskPivots!$E$153:$F$177,2,FALSE) -> 0 | J97: =VLOOKUP($J$101&"-"&D97,RiskPivots!$E$153:$F$177,2,FALSE) -> 0 | L97: =VLOOKUP($L$101&"-"&D97,RiskPivots!$E$153:$F$177,2,FALSE) -> 1 | N97: =VLOOKUP($N$101&"-"&D97,RiskPivots!$E$153:$F$177,2,FALSE) -> 1
D98: Unlikely | E98: 2 | F98: =VLOOKUP($F$101&"-"&D98,RiskPivots!$E$153:$F$177,2,FALSE) -> 0 | H98: =VLOOKUP($H$101&"-"&D98,RiskPivots!$E$153:$F$177,2,FALSE) -> 0 | J98: =VLOOKUP($J$101&"-"&D98,RiskPivots!$E$153:$F$177,2,FALSE) -> 0 | L98: =VLOOKUP($L$101&"-"&D98,RiskPivots!$E$153:$F$177,2,FALSE) -> 0 | N98: =VLOOKUP($N$101&"-"&D98,RiskPivots!$E$153:$F$177,2,FALSE) -> 0
D99: Rare | E99: 1 | F99: =VLOOKUP($F$101&"-"&D99,RiskPivots!$E$153:$F$177,2,FALSE) -> 0 | H99: =VLOOKUP($H$101&"-"&D99,RiskPivots!$E$153:$F$177,2,FALSE) -> 0 | J99: =VLOOKUP($J$101&"-"&D99,RiskPivots!$E$153:$F$177,2,FALSE) -> 0 | L99: =VLOOKUP($L$101&"-"&D99,RiskPivots!$E$153:$F$177,2,FALSE) -> 0 | N99: =VLOOKUP($N$101&"-"&D99,RiskPivots!$E$153:$F$177,2,FALSE) -> 1
F100: 1 | H100: 2 | J100: 3 | L100: 4 | N100: 5
F101: Very Low | H101: Low | J101: Moderate | L101: High | N101: Very High
F102: IMPACT

Sheet Heatmap
I17: LIKELIHOOD | J17: Highly Likely | K17: 5 | M17: 10 | O17: 15 | Q17: 20 | S17: 25
J18: Likely | K18: 4 | M18: 8 | O18: 12 | Q18: 16 | S18: 20
J19: Possible | K19: 3 | M19: 6 | O19: 9 | Q19: 12 | S19: 15
J20: Unlikely | K20: 2 | M20: 4 | O20: 6 | Q20: 8 | S20: 10
J21: Rare | K21: 1 | M21: 2 | O21: 3 | Q21: 4 | S21: 5
K22: Very Low | M22: Low | O22: Moderate | Q22: High | S22: Very High
K23: IMPACT

Sheet Gantt chart
C3: Gantt start | D3: 45292
C4: Interval (months) | D4: 1
B6: Risks | C6: Start | D6: Due | F6: =D3 -> 45292 | G6: =EDATE(F6,$D$4) -> 45323 | H6: =EDATE(G6,$D$4) -> 45352 | I6: =EDATE(H6,$D$4) -> 45383 | J6: =EDATE(I6,$D$4) -> 45413 | K6: =EDATE(J6,$D$4) -> 45444 | L6: =EDATE(K6,$D$4) -> 45474 | M6: =EDATE(L6,$D$4) -> 45505 | N6: =EDATE(M6,$D$4) -> 45536 | ... AC6: =EDATE(AB6,$D$4) -> 45992
B7: 1 - Risk 1 | C7: 45391 | D7: 45619 | F7: =IF(AND(F$6>=$C7, F$6<=$D7),"1","") | G7: =IF(AND(G$6>=$C7, G$6<=$D7),"1","") | H7: =IF(AND(H$6>=$C7, H$6<=$D7),"1","") | I7: =IF(AND(I$6>=$C7, I$6<=$D7),"1","") | J7: =IF(AND(J$6>=$C7, J$6<=$D7),"1","") -> 1 | K7: =IF(AND(K$6>=$C7, K$6<=$D7),"1","") -> 1 | L7: =IF(AND(L$6>=$C7, L$6<=$D7),"1","") -> 1 | M7: =IF(AND(M$6>=$C7, M$6<=$D7),"1","") -> 1 | ... AC7: =IF(AND(AC$6>=$C7, AC$6<=$D7),"1","")
B8: 2 - Risk 2 | C8: 45325 | D8: 45577 | F8: =IF(AND(F$6>=$C8, F$6<=$D8),"1","") | G8: =IF(AND(G$6>=$C8, G$6<=$D8),"1","") | H8: =IF(AND(H$6>=$C8, H$6<=$D8),"1","") -> 1 | I8: =IF(AND(I$6>=$C8, I$6<=$D8),"1","") -> 1 | J8: =IF(AND(J$6>=$C8, J$6<=$D8),"1","") -> 1 | K8: =IF(AND(K$6>=$C8, K$6<=$D8),"1","") -> 1 | L8: =IF(AND(L$6>=$C8, L$6<=$D8),"1","") -> 1 | M8: =IF(AND(M$6>=$C8, M$6<=$D8),"1","") -> 1 | ... AC8: =IF(AND(AC$6>=$C8, AC$6<=$D8),"1","")
B9: 3 - Risk 3 | C9: 45326 | D9: 45598 | F9: =IF(AND(F$6>=$C9, F$6<=$D9),"1","") | G9: =IF(AND(G$6>=$C9, G$6<=$D9),"1","") | H9: =IF(AND(H$6>=$C9, H$6<=$D9),"1","") -> 1 | I9: =IF(AND(I$6>=$C9, I$6<=$D9),"1","") -> 1 | J9: =IF(AND(J$6>=$C9, J$6<=$D9),"1","") -> 1 | K9: =IF(AND(K$6>=$C9, K$6<=$D9),"1","") -> 1 | L9: =IF(AND(L$6>=$C9, L$6<=$D9),"1","") -> 1 | M9: =IF(AND(M$6>=$C9, M$6<=$D9),"1","") -> 1 | ... AC9: =IF(AND(AC$6>=$C9, AC$6<=$D9),"1","")
B10: 4 - Risk 4 | C10: 45339 | D10: 45515 | F10: =IF(AND(F$6>=$C10, F$6<=$D10),"1","") | G10: =IF(AND(G$6>=$C10, G$6<=$D10),"1","") | H10: =IF(AND(H$6>=$C10, H$6<=$D10),"1","") -> 1 | I10: =IF(AND(I$6>=$C10, I$6<=$D10),"1","") -> 1 | J10: =IF(AND(J$6>=$C10, J$6<=$D10),"1","") -> 1 | K10: =IF(AND(K$6>=$C10, K$6<=$D10),"1","") -> 1 | L10: =IF(AND(L$6>=$C10, L$6<=$D10),"1","") -> 1 | M10: =IF(AND(M$6>=$C10, M$6<=$D10),"1","") -> 1 | ... AC10: =IF(AND(AC$6>=$C10, AC$6<=$D10),"1","")
F11: =IF(AND(F$6>=$C11, F$6<=$D11),"1","") | G11: =IF(AND(G$6>=$C11, G$6<=$D11),"1","") | H11: =IF(AND(H$6>=$C11, H$6<=$D11),"1","") | I11: =IF(AND(I$6>=$C11, I$6<=$D11),"1","") | J11: =IF(AND(J$6>=$C11, J$6<=$D11),"1","") | K11: =IF(AND(K$6>=$C11, K$6<=$D11),"1","") | L11: =IF(AND(L$6>=$C11, L$6<=$D11),"1","") | M11: =IF(AND(M$6>=$C11, M$6<=$D11),"1","") | ... AC11: =IF(AND(AC$6>=$C11, AC$6<=$D11),"1","")
F12: =IF(AND(F$6>=$C12, F$6<=$D12),"1","") | G12: =IF(AND(G$6>=$C12, G$6<=$D12),"1","") | H12: =IF(AND(H$6>=$C12, H$6<=$D12),"1","") | I12: =IF(AND(I$6>=$C12, I$6<=$D12),"1","") | J12: =IF(AND(J$6>=$C12, J$6<=$D12),"1","") | K12: =IF(AND(K$6>=$C12, K$6<=$D12),"1","") | L12: =IF(AND(L$6>=$C12, L$6<=$D12),"1","") | M12: =IF(AND(M$6>=$C12, M$6<=$D12),"1","") | ... AC12: =IF(AND(AC$6>=$C12, AC$6<=$D12),"1","")
F13: =IF(AND(F$6>=$C13, F$6<=$D13),"1","") | G13: =IF(AND(G$6>=$C13, G$6<=$D13),"1","") | H13: =IF(AND(H$6>=$C13, H$6<=$D13),"1","") | I13: =IF(AND(I$6>=$C13, I$6<=$D13),"1","") | J13: =IF(AND(J$6>=$C13, J$6<=$D13),"1","") | K13: =IF(AND(K$6>=$C13, K$6<=$D13),"1","") | L13: =IF(AND(L$6>=$C13, L$6<=$D13),"1","") | M13: =IF(AND(M$6>=$C13, M$6<=$D13),"1","") | ... AC13: =IF(AND(AC$6>=$C13, AC$6<=$D13),"1","")
F14: =IF(AND(F$6>=$C14, F$6<=$D14),"1","") | G14: =IF(AND(G$6>=$C14, G$6<=$D14),"1","") | H14: =IF(AND(H$6>=$C14, H$6<=$D14),"1","") | I14: =IF(AND(I$6>=$C14, I$6<=$D14),"1","") | J14: =IF(AND(J$6>=$C14, J$6<=$D14),"1","") | K14: =IF(AND(K$6>=$C14, K$6<=$D14),"1","") | L14: =IF(AND(L$6>=$C14, L$6<=$D14),"1","") | M14: =IF(AND(M$6>=$C14, M$6<=$D14),"1","") | ... AC14: =IF(AND(AC$6>=$C14, AC$6<=$D14),"1","")
F15: =IF(AND(F$6>=$C15, F$6<=$D15),"1","") | G15: =IF(AND(G$6>=$C15, G$6<=$D15),"1","") | H15: =IF(AND(H$6>=$C15, H$6<=$D15),"1","") | I15: =IF(AND(I$6>=$C15, I$6<=$D15),"1","") | J15: =IF(AND(J$6>=$C15, J$6<=$D15),"1","") | K15: =IF(AND(K$6>=$C15, K$6<=$D15),"1","") | L15: =IF(AND(L$6>=$C15, L$6<=$D15),"1","") | M15: =IF(AND(M$6>=$C15, M$6<=$D15),"1","") | ... AC15: =IF(AND(AC$6>=$C15, AC$6<=$D15),"1","")
F16: =IF(AND(F$6>=$C16, F$6<=$D16),"1","") | G16: =IF(AND(G$6>=$C16, G$6<=$D16),"1","") | H16: =IF(AND(H$6>=$C16, H$6<=$D16),"1","") | I16: =IF(AND(I$6>=$C16, I$6<=$D16),"1","") | J16: =IF(AND(J$6>=$C16, J$6<=$D16),"1","") | K16: =IF(AND(K$6>=$C16, K$6<=$D16),"1","") | L16: =IF(AND(L$6>=$C16, L$6<=$D16),"1","") | M16: =IF(AND(M$6>=$C16, M$6<=$D16),"1","") | ... AC16: =IF(AND(AC$6>=$C16, AC$6<=$D16),"1","")
F17: =IF(AND(F$6>=$C17, F$6<=$D17),"1","") | G17: =IF(AND(G$6>=$C17, G$6<=$D17),"1","") | H17: =IF(AND(H$6>=$C17, H$6<=$D17),"1","") | I17: =IF(AND(I$6>=$C17, I$6<=$D17),"1","") | J17: =IF(AND(J$6>=$C17, J$6<=$D17),"1","") | K17: =IF(AND(K$6>=$C17, K$6<=$D17),"1","") | L17: =IF(AND(L$6>=$C17, L$6<=$D17),"1","") | M17: =IF(AND(M$6>=$C17, M$6<=$D17),"1","") | ... AC17: =IF(AND(AC$6>=$C17, AC$6<=$D17),"1","")
F18: =IF(AND(F$6>=$C18, F$6<=$D18),"1","") | G18: =IF(AND(G$6>=$C18, G$6<=$D18),"1","") | H18: =IF(AND(H$6>=$C18, H$6<=$D18),"1","") | I18: =IF(AND(I$6>=$C18, I$6<=$D18),"1","") | J18: =IF(AND(J$6>=$C18, J$6<=$D18),"1","") | K18: =IF(AND(K$6>=$C18, K$6<=$D18),"1","") | L18: =IF(AND(L$6>=$C18, L$6<=$D18),"1","") | M18: =IF(AND(M$6>=$C18, M$6<=$D18),"1","") | ... AC18: =IF(AND(AC$6>=$C18, AC$6<=$D18),"1","")
F19: =IF(AND(F$6>=$C19, F$6<=$D19),"1","") | G19: =IF(AND(G$6>=$C19, G$6<=$D19),"1","") | H19: =IF(AND(H$6>=$C19, H$6<=$D19),"1","") | I19: =IF(AND(I$6>=$C19, I$6<=$D19),"1","") | J19: =IF(AND(J$6>=$C19, J$6<=$D19),"1","") | K19: =IF(AND(K$6>=$C19, K$6<=$D19),"1","") | L19: =IF(AND(L$6>=$C19, L$6<=$D19),"1","") | M19: =IF(AND(M$6>=$C19, M$6<=$D19),"1","") | ... AC19: =IF(AND(AC$6>=$C19, AC$6<=$D19),"1","")
F20: =IF(AND(F$6>=$C20, F$6<=$D20),"1","") | G20: =IF(AND(G$6>=$C20, G$6<=$D20),"1","") | H20: =IF(AND(H$6>=$C20, H$6<=$D20),"1","") | I20: =IF(AND(I$6>=$C20, I$6<=$D20),"1","") | J20: =IF(AND(J$6>=$C20, J$6<=$D20),"1","") | K20: =IF(AND(K$6>=$C20, K$6<=$D20),"1","") | L20: =IF(AND(L$6>=$C20, L$6<=$D20),"1","") | M20: =IF(AND(M$6>=$C20, M$6<=$D20),"1","") | ... AC20: =IF(AND(AC$6>=$C20, AC$6<=$D20),"1","")
F21: =IF(AND(F$6>=$C21, F$6<=$D21),"1","") | G21: =IF(AND(G$6>=$C21, G$6<=$D21),"1","") | H21: =IF(AND(H$6>=$C21, H$6<=$D21),"1","") | I21: =IF(AND(I$6>=$C21, I$6<=$D21),"1","") | J21: =IF(AND(J$6>=$C21, J$6<=$D21),"1","") | K21: =IF(AND(K$6>=$C21, K$6<=$D21),"1","") | L21: =IF(AND(L$6>=$C21, L$6<=$D21),"1","") | M21: =IF(AND(M$6>=$C21, M$6<=$D21),"1","") | ... AC21: =IF(AND(AC$6>=$C21, AC$6<=$D21),"1","")
F22: =IF(AND(F$6>=$C22, F$6<=$D22),"1","") | G22: =IF(AND(G$6>=$C22, G$6<=$D22),"1","") | H22: =IF(AND(H$6>=$C22, H$6<=$D22),"1","") | I22: =IF(AND(I$6>=$C22, I$6<=$D22),"1","") | J22: =IF(AND(J$6>=$C22, J$6<=$D22),"1","") | K22: =IF(AND(K$6>=$C22, K$6<=$D22),"1","") | L22: =IF(AND(L$6>=$C22, L$6<=$D22),"1","") | M22: =IF(AND(M$6>=$C22, M$6<=$D22),"1","") | ... AC22: =IF(AND(AC$6>=$C22, AC$6<=$D22),"1","")
... F106: =IF(AND(F$6>=$C106, F$6<=$D106),"1","") | G106: =IF(AND(G$6>=$C106, G$6<=$D106),"1","") | H106: =IF(AND(H$6>=$C106, H$6<=$D106),"1","") | I106: =IF(AND(I$6>=$C106, I$6<=$D106),"1","") | J106: =IF(AND(J$6>=$C106, J$6<=$D106),"1","") | K106: =IF(AND(K$6>=$C106, K$6<=$D106),"1","") | L106: =IF(AND(L$6>=$C106, L$6<=$D106),"1","") | M106: =IF(AND(M$6>=$C106, M$6<=$D106),"1","") | ... AC106: =IF(AND(AC$6>=$C106, AC$6<=$D106),"1","")

Sheet Risk Register
B2: Risk Identification | L2: Risk Analysis | R2: Risk Response | T2: Residual Risk | Z2: Tracking | AF2: Calculations for Pivots
A3: Risk ID | B3: Risk Title | C3: Risk Description | D3: Created Date | E3: Cause | F3: Consequence | G3: Risk Category | H3: Risk comments | I3: Department | J3: Risk Owner | K3: Existing measures and controls | L3: Inherent Impact Level | M3: Inherent Impact Rating | N3: Inherent Likelihood Level | O3: Inherent Likelihood Rating | P3: Inherent Risk Level | Q3: Inherent Risk Rating | R3: Risk Response Strategy | S3: New measures and controls | T3: Residual Impact Level | U3: Residual Impact Rating | V3: Residual Likelihood Level | W3: Residual Likelihood Rating | X3: Residual Risk Level | Y3: Residual Risk Rating | Z3: Risk Status | AA3: Status comments | AB3: Risk Due Date | AC3: Risk Close Date | AD3: Overdue? | AE3: Next Review Date | AF3: Due Month | AG3: Created Month | AH3: Risk-Change-Date | AI3: Corrected-Risk-Change-Date | AJ3: Inherent-I-L-Combo | AK3: Residual-I-L-Combo | AL3: Mitigated? | AM3: Current-Impact | AN3: Current-Likelihood | AO3: Current-I-L-Combo | AP3: Current Risk Level
A4: 1 | B4: Risk 1 | C4: sec1 | D4: 45292 | E4: sec1 | F4: sec1 | G4: Data breach | I4: Information Technology (IT) | L4: Very Low | M4: =VLOOKUP(RiskRegister[[#This Row],[Inherent Impact Level]],'Rating factors'!$F$4:$G$9,2,FALSE) -> 1 | N4: Highly Likely | O4: =VLOOKUP(RiskRegister[[#This Row],[Inherent Likelihood Level]],'Rating factors'!$F$16:$G$21,2,FALSE) -> 5 | P4: =IFERROR(VLOOKUP(RiskRegister[[#This Row],[Inherent Risk Rating]],'Rating factors'!$F$30:$G$44,2,FALSE),"-- Error --") -> Medium | Q4: =IFERROR(RiskRegister[[#This Row],[Inherent Impact Rating]]*RiskRegister[[#This Row],[Inherent Likelihood Rating]],"-- Error --") -> 5 | R4: Accept | T4: Very Low | U4: =VLOOKUP(RiskRegister[[#This Row],[Residual Impact Level]],'Rating factors'!$F$4:$G$9,2,FALSE) -> 1 | V4: Highly Likely | W4: =VLOOKUP(RiskRegister[[#This Row],[Residual Likelihood Level]],'Rating factors'!$F$16:$G$21,2,FALSE) -> 5 | X4: =IFERROR(VLOOKUP(RiskRegister[[#This Row],[Residual Risk Rating]],'Rating factors'!$F$30:$G$44,2,FALSE),"-- Error --") -> Medium | Y4: =IFERROR(RiskRegister[[#This Row],[Residual Impact Rating]]*RiskRegister[[#This Row],[Residual Likelihood Rating]],"-- Error --") -> 5 | Z4: Open | AD4: =IF(ISBLANK(RiskRegister[[#This Row],[Risk Due Date]]), "Missing Risk Due Date", IF(RiskRegister[[#This Row],[Risk Due Date]] < TODAY(), "Overdue", "Not Overdue")) -> Missing Risk Due Date | AF4: =IF(ISBLANK(RiskRegister[[#This Row],[Risk Due Date]]), "Missing Risk Due Date", TEXT(RiskRegister[[#This Row],[Risk Due Date]], "YYYY-MM")) -> Missing Risk Due Date | AG4: =IF(RiskRegister[[#This Row],[Created Date]]="","Created Date missing",(TEXT(RiskRegister[[#This Row],[Created Date]],"mmm") & "-" & YEAR(RiskRegister[[#This Row],[Created Date]]))) -> Jan-2024 | AH4: =IF(RiskRegister[[#This Row],[Risk Status]]="Closed",RiskRegister[[#This Row],[Risk Close Date]],RiskRegister[[#This Row],[Risk Due Date]]) -> 0 | AI4: =IF(RiskRegister[[#This Row],[Risk-Change-Date]]=0,DATE(2030,1,1),RiskRegister[[#This Row],[Risk-Change-Date]]) -> 47484 | AJ4: =RiskRegister[[#This Row],[Inherent Impact Level]]&"-"&RiskRegister[[#This Row],[Inherent Likelihood Level]] -> Very Low-Highly Likely | AK4: =RiskRegister[[#This Row],[Residual Impact Level]]&"-"&RiskRegister[[#This Row],[Residual Likelihood Level]] -> Very Low-Highly Likely | AL4: =IF(OR(R4="-- Select Risk Response --", Z4="-- Select Risk Status --"), "Error", IF(AND(Z4="Closed", R4="Mitigate"), "Yes", "No")) -> No | AM4: =IF(RiskRegister[[#This Row],[Risk Status]]="Closed",RiskRegister[[#This Row],[Residual Impact Level]],RiskRegister[[#This Row],[Inherent Impact Level]]) -> Very Low | AN4: =IF(RiskRegister[[#This Row],[Risk Status]]="Closed",RiskRegister[[#This Row],[Residual Likelihood Level]],RiskRegister[[#This Row],[Inherent Likelihood Level]]) -> Highly Likely | AO4: =IF(RiskRegister[[#This Row],[Risk Status]]="Closed",RiskRegister[[#This Row],[Residual-I-L-Combo]],RiskRegister[[#This Row],[Inherent-I-L-Combo]]) -> Very Low-Highly Likely | AP4: =IF(Z4="Closed", X4, P4) -> Medium
A5: 2 | B5: Risk 2 | C5: sec2 | D5: 45414 | E5: sec2 | F5: sec2 | G5: Ransomware | I5: Information Technology (IT) | L5: Low | M5: =VLOOKUP(RiskRegister[[#This Row],[Inherent Impact Level]],'Rating factors'!$F$4:$G$9,2,FALSE) -> 2 | N5: Likely | O5: =VLOOKUP(RiskRegister[[#This Row],[Inherent Likelihood Level]],'Rating factors'!$F$16:$G$21,2,FALSE) -> 4 | P5: =IFERROR(VLOOKUP(RiskRegister[[#This Row],[Inherent Risk Rating]],'Rating factors'!$F$30:$G$44,2,FALSE),"-- Error --") -> Medium | Q5: =IFERROR(RiskRegister[[#This Row],[Inherent Impact Rating]]*RiskRegister[[#This Row],[Inherent Likelihood Rating]],"-- Error --") -> 8 | R5: Accept | T5: Low | U5: =VLOOKUP(RiskRegister[[#This Row],[Residual Impact Level]],'Rating factors'!$F$4:$G$9,2,FALSE) -> 2 | V5: Likely | W5: =VLOOKUP(RiskRegister[[#This Row],[Residual Likelihood Level]],'Rating factors'!$F$16:$G$21,2,FALSE) -> 4 | X5: =IFERROR(VLOOKUP(RiskRegister[[#This Row],[Residual Risk Rating]],'Rating factors'!$F$30:$G$44,2,FALSE),"-- Error --") -> Medium | Y5: =IFERROR(RiskRegister[[#This Row],[Residual Impact Rating]]*RiskRegister[[#This Row],[Residual Likelihood Rating]],"-- Error --") -> 8 | Z5: Closed | AD5: =IF(ISBLANK(RiskRegister[[#This Row],[Risk Due Date]]), "Missing Risk Due Date", IF(RiskRegister[[#This Row],[Risk Due Date]] < TODAY(), "Overdue", "Not Overdue")) -> Missing Risk Due Date | AF5: =IF(ISBLANK(RiskRegister[[#This Row],[Risk Due Date]]), "Missing Risk Due Date", TEXT(RiskRegister[[#This Row],[Risk Due Date]], "YYYY-MM")) -> Missing Risk Due Date | AG5: =IF(RiskRegister[[#This Row],[Created Date]]="","Created Date missing",(TEXT(RiskRegister[[#This Row],[Created Date]],"mmm") & "-" & YEAR(RiskRegister[[#This Row],[Created Date]]))) -> May-2024 | AH5: =IF(RiskRegister[[#This Row],[Risk Status]]="Closed",RiskRegister[[#This Row],[Risk Close Date]],RiskRegister[[#This Row],[Risk Due Date]]) -> 0 | AI5: =IF(RiskRegister[[#This Row],[Risk-Change-Date]]=0,DATE(2030,1,1),RiskRegister[[#This Row],[Risk-Change-Date]]) -> 47484 | AJ5: =RiskRegister[[#This Row],[Inherent Impact Level]]&"-"&RiskRegister[[#This Row],[Inherent Likelihood Level]] -> Low-Likely | AK5: =RiskRegister[[#This Row],[Residual Impact Level]]&"-"&RiskRegister[[#This Row],[Residual Likelihood Level]] -> Low-Likely | AL5: =IF(OR(R5="-- Select Risk Response --", Z5="-- Select Risk Status --"), "Error", IF(AND(Z5="Closed", R5="Mitigate"), "Yes", "No")) -> No | AM5: =IF(RiskRegister[[#This Row],[Risk Status]]="Closed",RiskRegister[[#This Row],[Residual Impact Level]],RiskRegister[[#This Row],[Inherent Impact Level]]) -> Low | AN5: =IF(RiskRegister[[#This Row],[Risk Status]]="Closed",RiskRegister[[#This Row],[Residual Likelihood Level]],RiskRegister[[#This Row],[Inherent Likelihood Level]]) -> Likely | AO5: =IF(RiskRegister[[#This Row],[Risk Status]]="Closed",RiskRegister[[#This Row],[Residual-I-L-Combo]],RiskRegister[[#This Row],[Inherent-I-L-Combo]]) -> Low-Likely | AP5: =IF(Z5="Closed", X5, P5) -> Medium
A6: 3 | B6: Risk 3 | C6: sec3 | D6: 45385 | E6: sec3 | F6: sec3 | G6: Insider Threats | I6: Information Technology (IT) | L6: Moderate | M6: =VLOOKUP(RiskRegister[[#This Row],[Inherent Impact Level]],'Rating factors'!$F$4:$G$9,2,FALSE) -> 3 | N6: Highly Likely | O6: =VLOOKUP(RiskRegister[[#This Row],[Inherent Likelihood Level]],'Rating factors'!$F$16:$G$21,2,FALSE) -> 5 | P6: =IFERROR(VLOOKUP(RiskRegister[[#This Row],[Inherent Risk Rating]],'Rating factors'!$F$30:$G$44,2,FALSE),"-- Error --") -> Medium | Q6: =IFERROR(RiskRegister[[#This Row],[Inherent Impact Rating]]*RiskRegister[[#This Row],[Inherent Likelihood Rating]],"-- Error --") -> 15 | R6: Mitigate | T6: Very Low | U6: =VLOOKUP(RiskRegister[[#This Row],[Residual Impact Level]],'Rating factors'!$F$4:$G$9,2,FALSE) -> 1 | V6: Likely | W6: =VLOOKUP(RiskRegister[[#This Row],[Residual Likelihood Level]],'Rating factors'!$F$16:$G$21,2,FALSE) -> 4 | X6: =IFERROR(VLOOKUP(RiskRegister[[#This Row],[Residual Risk Rating]],'Rating factors'!$F$30:$G$44,2,FALSE),"-- Error --") -> Low | Y6: =IFERROR(RiskRegister[[#This Row],[Residual Impact Rating]]*RiskRegister[[#This Row],[Residual Likelihood Rating]],"-- Error --") -> 4 | Z6: In Progress | AB6: 45420 | AD6: =IF(ISBLANK(RiskRegister[[#This Row],[Risk Due Date]]), "Missing Risk Due Date", IF(RiskRegister[[#This Row],[Risk Due Date]] < TODAY(), "Overdue", "Not Overdue")) -> Overdue | AF6: =IF(ISBLANK(RiskRegister[[#This Row],[Risk Due Date]]), "Missing Risk Due Date", TEXT(RiskRegister[[#This Row],[Risk Due Date]], "YYYY-MM")) -> 2024-05 | AG6: =IF(RiskRegister[[#This Row],[Created Date]]="","Created Date missing",(TEXT(RiskRegister[[#This Row],[Created Date]],"mmm") & "-" & YEAR(RiskRegister[[#This Row],[Created Date]]))) -> Apr-2024 | AH6: =IF(RiskRegister[[#This Row],[Risk Status]]="Closed",RiskRegister[[#This Row],[Risk Close Date]],RiskRegister[[#This Row],[Risk Due Date]]) -> 45420 | AI6: =IF(RiskRegister[[#This Row],[Risk-Change-Date]]=0,DATE(2030,1,1),RiskRegister[[#This Row],[Risk-Change-Date]]) -> 45420 | AJ6: =RiskRegister[[#This Row],[Inherent Impact Level]]&"-"&RiskRegister[[#This Row],[Inherent Likelihood Level]] -> Moderate-Highly Likely | AK6: =RiskRegister[[#This Row],[Residual Impact Level]]&"-"&RiskRegister[[#This Row],[Residual Likelihood Level]] -> Very Low-Likely | AL6: =IF(OR(R6="-- Select Risk Response --", Z6="-- Select Risk Status --"), "Error", IF(AND(Z6="Closed", R6="Mitigate"), "Yes", "No")) -> No | AM6: =IF(RiskRegister[[#This Row],[Risk Status]]="Closed",RiskRegister[[#This Row],[Residual Impact Level]],RiskRegister[[#This Row],[Inherent Impact Level]]) -> Moderate | AN6: =IF(RiskRegister[[#This Row],[Risk Status]]="Closed",RiskRegister[[#This Row],[Residual Likelihood Level]],RiskRegister[[#This Row],[Inherent Likelihood Level]]) -> Highly Likely | AO6: =IF(RiskRegister[[#This Row],[Risk Status]]="Closed",RiskRegister[[#This Row],[Residual-I-L-Combo]],RiskRegister[[#This Row],[Inherent-I-L-Combo]]) -> Moderate-Highly Likely | AP6: =IF(Z6="Closed", X6, P6) -> Medium
A7: 4 | B7: Risk 4 | C7: sec4 | D7: 45386 | E7: sec4 | F7: sec4 | G7: Supply Chain | I7: Information Technology (IT) | L7: High | M7: =VLOOKUP(RiskRegister[[#This Row],[Inherent Impact Level]],'Rating factors'!$F$4:$G$9,2,FALSE) -> 4 | N7: Likely | O7: =VLOOKUP(RiskRegister[[#This Row],[Inherent Likelihood Level]],'Rating factors'!$F$16:$G$21,2,FALSE) -> 4 | P7: =IFERROR(VLOOKUP(RiskRegister[[#This Row],[Inherent Risk Rating]],'Rating factors'!$F$30:$G$44,2,FALSE),"-- Error --") -> Medium | Q7: =IFERROR(RiskRegister[[#This Row],[Inherent Impact Rating]]*RiskRegister[[#This Row],[Inherent Likelihood Rating]],"-- Error --") -> 16 | R7: Mitigate | T7: Very Low | U7: =VLOOKUP(RiskRegister[[#This Row],[Residual Impact Level]],'Rating factors'!$F$4:$G$9,2,FALSE) -> 1 | V7: Unlikely | W7: =VLOOKUP(RiskRegister[[#This Row],[Residual Likelihood Level]],'Rating factors'!$F$16:$G$21,2,FALSE) -> 2 | X7: =IFERROR(VLOOKUP(RiskRegister[[#This Row],[Residual Risk Rating]],'Rating factors'!$F$30:$G$44,2,FALSE),"-- Error --") -> Low | Y7: =IFERROR(RiskRegister[[#This Row],[Residual Impact Rating]]*RiskRegister[[#This Row],[Residual Likelihood Rating]],"-- Error --") -> 2 | Z7: Open | AD7: =IF(ISBLANK(RiskRegister[[#This Row],[Risk Due Date]]), "Missing Risk Due Date", IF(RiskRegister[[#This Row],[Risk Due Date]] < TODAY(), "Overdue", "Not Overdue")) -> Missing Risk Due Date | AF7: =IF(ISBLANK(RiskRegister[[#This Row],[Risk Due Date]]), "Missing Risk Due Date", TEXT(RiskRegister[[#This Row],[Risk Due Date]], "YYYY-MM")) -> Missing Risk Due Date | AG7: =IF(RiskRegister[[#This Row],[Created Date]]="","Created Date missing",(TEXT(RiskRegister[[#This Row],[Created Date]],"mmm") & "-" & YEAR(RiskRegister[[#This Row],[Created Date]]))) -> Apr-2024 | AH7: =IF(RiskRegister[[#This Row],[Risk Status]]="Closed",RiskRegister[[#This Row],[Risk Close Date]],RiskRegister[[#This Row],[Risk Due Date]]) -> 0 | AI7: =IF(RiskRegister[[#This Row],[Risk-Change-Date]]=0,DATE(2030,1,1),RiskRegister[[#This Row],[Risk-Change-Date]]) -> 47484 | AJ7: =RiskRegister[[#This Row],[Inherent Impact Level]]&"-"&RiskRegister[[#This Row],[Inherent Likelihood Level]] -> High-Likely | AK7: =RiskRegister[[#This Row],[Residual Impact Level]]&"-"&RiskRegister[[#This Row],[Residual Likelihood Level]] -> Very Low-Unlikely | AL7: =IF(OR(R7="-- Select Risk Response --", Z7="-- Select Risk Status --"), "Error", IF(AND(Z7="Closed", R7="Mitigate"), "Yes", "No")) -> No | AM7: =IF(RiskRegister[[#This Row],[Risk Status]]="Closed",RiskRegister[[#This Row],[Residual Impact Level]],RiskRegister[[#This Row],[Inherent Impact Level]]) -> High | AN7: =IF(RiskRegister[[#This Row],[Risk Status]]="Closed",RiskRegister[[#This Row],[Residual Likelihood Level]],RiskRegister[[#This Row],[Inherent Likelihood Level]]) -> Likely | AO7: =IF(RiskRegister[[#This Row],[Risk Status]]="Closed",RiskRegister[[#This Row],[Residual-I-L-Combo]],RiskRegister[[#This Row],[Inherent-I-L-Combo]]) -> High-Likely | AP7: =IF(Z7="Closed", X7, P7) -> Medium
A8: 5 | B8: Risk 5 | C8: sec5 | D8: 45387 | E8: sec5 | F8: sec5 | G8: System Vulnerabilities | I8: Information Technology (IT) | L8: Very High | M8: =VLOOKUP(RiskRegister[[#This Row],[Inherent Impact Level]],'Rating factors'!$F$4:$G$9,2,FALSE) -> 5 | N8: Highly Likely | O8: =VLOOKUP(RiskRegister[[#This Row],[Inherent Likelihood Level]],'Rating factors'!$F$16:$G$21,2,FALSE) -> 5 | P8: =IFERROR(VLOOKUP(RiskRegister[[#This Row],[Inherent Risk Rating]],'Rating factors'!$F$30:$G$44,2,FALSE),"-- Error --") -> High | Q8: =IFERROR(RiskRegister[[#This Row],[Inherent Impact Rating]]*RiskRegister[[#This Row],[Inherent Likelihood Rating]],"-- Error --") -> 25 | R8: Mitigate | T8: Low | U8: =VLOOKUP(RiskRegister[[#This Row],[Residual Impact Level]],'Rating factors'!$F$4:$G$9,2,FALSE) -> 2 | V8: Likely | W8: =VLOOKUP(RiskRegister[[#This Row],[Residual Likelihood Level]],'Rating factors'!$F$16:$G$21,2,FALSE) -> 4 | X8: =IFERROR(VLOOKUP(RiskRegister[[#This Row],[Residual Risk Rating]],'Rating factors'!$F$30:$G$44,2,FALSE),"-- Error --") -> Medium | Y8: =IFERROR(RiskRegister[[#This Row],[Residual Impact Rating]]*RiskRegister[[#This Row],[Residual Likelihood Rating]],"-- Error --") -> 8 | Z8: In Progress | AB8: 45328 | AD8: =IF(ISBLANK(RiskRegister[[#This Row],[Risk Due Date]]), "Missing Risk Due Date", IF(RiskRegister[[#This Row],[Risk Due Date]] < TODAY(), "Overdue", "Not Overdue")) -> Overdue | AF8: =IF(ISBLANK(RiskRegister[[#This Row],[Risk Due Date]]), "Missing Risk Due Date", TEXT(RiskRegister[[#This Row],[Risk Due Date]], "YYYY-MM")) -> 2024-02 | AG8: =IF(RiskRegister[[#This Row],[Created Date]]="","Created Date missing",(TEXT(RiskRegister[[#This Row],[Created Date]],"mmm") & "-" & YEAR(RiskRegister[[#This Row],[Created Date]]))) -> Apr-2024 | AH8: =IF(RiskRegister[[#This Row],[Risk Status]]="Closed",RiskRegister[[#This Row],[Risk Close Date]],RiskRegister[[#This Row],[Risk Due Date]]) -> 45328 | AI8: =IF(RiskRegister[[#This Row],[Risk-Change-Date]]=0,DATE(2030,1,1),RiskRegister[[#This Row],[Risk-Change-Date]]) -> 45328 | AJ8: =RiskRegister[[#This Row],[Inherent Impact Level]]&"-"&RiskRegister[[#This Row],[Inherent Likelihood Level]] -> Very High-Highly Likely | AK8: =RiskRegister[[#This Row],[Residual Impact Level]]&"-"&RiskRegister[[#This Row],[Residual Likelihood Level]] -> Low-Likely | AL8: =IF(OR(R8="-- Select Risk Response --", Z8="-- Select Risk Status --"), "Error", IF(AND(Z8="Closed", R8="Mitigate"), "Yes", "No")) -> No | AM8: =IF(RiskRegister[[#This Row],[Risk Status]]="Closed",RiskRegister[[#This Row],[Residual Impact Level]],RiskRegister[[#This Row],[Inherent Impact Level]]) -> Very High | AN8: =IF(RiskRegister[[#This Row],[Risk Status]]="Closed",RiskRegister[[#This Row],[Residual Likelihood Level]],RiskRegister[[#This Row],[Inherent Likelihood Level]]) -> Highly Likely | AO8: =IF(RiskRegister[[#This Row],[Risk Status]]="Closed",RiskRegister[[#This Row],[Residual-I-L-Combo]],RiskRegister[[#This Row],[Inherent-I-L-Combo]]) -> Very High-Highly Likely | AP8: =IF(Z8="Closed", X8, P8) -> High
A9: 6 | B9: Risk 6 | C9: sec6 | D9: 45388 | E9: sec6 | F9: sec6 | G9: Social Engineering | I9: Information Technology (IT) | L9: Very Low | M9: =VLOOKUP(RiskRegister[[#This Row],[Inherent Impact Level]],'Rating factors'!$F$4:$G$9,2,FALSE) -> 1 | N9: Likely | O9: =VLOOKUP(RiskRegister[[#This Row],[Inherent Likelihood Level]],'Rating factors'!$F$16:$G$21,2,FALSE) -> 4 | P9: =IFERROR(VLOOKUP(RiskRegister[[#This Row],[Inherent Risk Rating]],'Rating factors'!$F$30:$G$44,2,FALSE),"-- Error --") -> Low | Q9: =IFERROR(RiskRegister[[#This Row],[Inherent Impact Rating]]*RiskRegister[[#This Row],[Inherent Likelihood Rating]],"-- Error --") -> 4 | R9: Mitigate | T9: Very Low | U9: =VLOOKUP(RiskRegister[[#This Row],[Residual Impact Level]],'Rating factors'!$F$4:$G$9,2,FALSE) -> 1 | V9: Unlikely | W9: =VLOOKUP(RiskRegister[[#This Row],[Residual Likelihood Level]],'Rating factors'!$F$16:$G$21,2,FALSE) -> 2 | X9: =IFERROR(VLOOKUP(RiskRegister[[#This Row],[Residual Risk Rating]],'Rating factors'!$F$30:$G$44,2,FALSE),"-- Error --") -> Low | Y9: =IFERROR(RiskRegister[[#This Row],[Residual Impact Rating]]*RiskRegister[[#This Row],[Residual Likelihood Rating]],"-- Error --") -> 2 | Z9: In Progress | AB9: 45218 | AD9: =IF(ISBLANK(RiskRegister[[#This Row],[Risk Due Date]]), "Missing Risk Due Date", IF(RiskRegister[[#This Row],[Risk Due Date]] < TODAY(), "Overdue", "Not Overdue")) -> Overdue | AF9: =IF(ISBLANK(RiskRegister[[#This Row],[Risk Due Date]]), "Missing Risk Due Date", TEXT(RiskRegister[[#This Row],[Risk Due Date]], "YYYY-MM")) -> 2023-10 | AG9: =IF(RiskRegister[[#This Row],[Created Date]]="","Created Date missing",(TEXT(RiskRegister[[#This Row],[Created Date]],"mmm") & "-" & YEAR(RiskRegister[[#This Row],[Created Date]]))) -> Apr-2024 | AH9: =IF(RiskRegister[[#This Row],[Risk Status]]="Closed",RiskRegister[[#This Row],[Risk Close Date]],RiskRegister[[#This Row],[Risk Due Date]]) -> 45218 | AI9: =IF(RiskRegister[[#This Row],[Risk-Change-Date]]=0,DATE(2030,1,1),RiskRegister[[#This Row],[Risk-Change-Date]]) -> 45218 | AJ9: =RiskRegister[[#This Row],[Inherent Impact Level]]&"-"&RiskRegister[[#This Row],[Inherent Likelihood Level]] -> Very Low-Likely | AK9: =RiskRegister[[#This Row],[Residual Impact Level]]&"-"&RiskRegister[[#This Row],[Residual Likelihood Level]] -> Very Low-Unlikely | AL9: =IF(OR(R9="-- Select Risk Response --", Z9="-- Select Risk Status --"), "Error", IF(AND(Z9="Closed", R9="Mitigate"), "Yes", "No")) -> No | AM9: =IF(RiskRegister[[#This Row],[Risk Status]]="Closed",RiskRegister[[#This Row],[Residual Impact Level]],RiskRegister[[#This Row],[Inherent Impact Level]]) -> Very Low | AN9: =IF(RiskRegister[[#This Row],[Risk Status]]="Closed",RiskRegister[[#This Row],[Residual Likelihood Level]],RiskRegister[[#This Row],[Inherent Likelihood Level]]) -> Likely | AO9: =IF(RiskRegister[[#This Row],[Risk Status]]="Closed",RiskRegister[[#This Row],[Residual-I-L-Combo]],RiskRegister[[#This Row],[Inherent-I-L-Combo]]) -> Very Low-Likely | AP9: =IF(Z9="Closed", X9, P9) -> Low
A10: 7 | B10: Risk 7 | C10: sec7 | D10: 45389 | E10: sec7 | F10: sec7 | G10: Identity and Access | I10: Information Technology (IT) | L10: Very High | M10: =VLOOKUP(RiskRegister[[#This Row],[Inherent Impact Level]],'Rating factors'!$F$4:$G$9,2,FALSE) -> 5 | N10: Rare | O10: =VLOOKUP(RiskRegister[[#This Row],[Inherent Likelihood Level]],'Rating factors'!$F$16:$G$21,2,FALSE) -> 1 | P10: =IFERROR(VLOOKUP(RiskRegister[[#This Row],[Inherent Risk Rating]],'Rating factors'!$F$30:$G$44,2,FALSE),"-- Error --") -> Medium | Q10: =IFERROR(RiskRegister[[#This Row],[Inherent Impact Rating]]*RiskRegister[[#This Row],[Inherent Likelihood Rating]],"-- Error --") -> 5 | R10: Mitigate | T10: Very Low | U10: =VLOOKUP(RiskRegister[[#This Row],[Residual Impact Level]],'Rating factors'!$F$4:$G$9,2,FALSE) -> 1 | V10: Rare | W10: =VLOOKUP(RiskRegister[[#This Row],[Residual Likelihood Level]],'Rating factors'!$F$16:$G$21,2,FALSE) -> 1 | X10: =IFERROR(VLOOKUP(RiskRegister[[#This Row],[Residual Risk Rating]],'Rating factors'!$F$30:$G$44,2,FALSE),"-- Error --") -> Low | Y10: =IFERROR(RiskRegister[[#This Row],[Residual Impact Rating]]*RiskRegister[[#This Row],[Residual Likelihood Rating]],"-- Error --") -> 1 | Z10: In Progress | AB10: 45180 | AD10: =IF(ISBLANK(RiskRegister[[#This Row],[Risk Due Date]]), "Missing Risk Due Date", IF(RiskRegister[[#This Row],[Risk Due Date]] < TODAY(), "Overdue", "Not Overdue")) -> Overdue | AF10: =IF(ISBLANK(RiskRegister[[#This Row],[Risk Due Date]]), "Missing Risk Due Date", TEXT(RiskRegister[[#This Row],[Risk Due Date]], "YYYY-MM")) -> 2023-09 | AG10: =IF(RiskRegister[[#This Row],[Created Date]]="","Created Date missing",(TEXT(RiskRegister[[#This Row],[Created Date]],"mmm") & "-" & YEAR(RiskRegister[[#This Row],[Created Date]]))) -> Apr-2024 | AH10: =IF(RiskRegister[[#This Row],[Risk Status]]="Closed",RiskRegister[[#This Row],[Risk Close Date]],RiskRegister[[#This Row],[Risk Due Date]]) -> 45180 | AI10: =IF(RiskRegister[[#This Row],[Risk-Change-Date]]=0,DATE(2030,1,1),RiskRegister[[#This Row],[Risk-Change-Date]]) -> 45180 | AJ10: =RiskRegister[[#This Row],[Inherent Impact Level]]&"-"&RiskRegister[[#This Row],[Inherent Likelihood Level]] -> Very High-Rare | AK10: =RiskRegister[[#This Row],[Residual Impact Level]]&"-"&RiskRegister[[#This Row],[Residual Likelihood Level]] -> Very Low-Rare | AL10: =IF(OR(R10="-- Select Risk Response --", Z10="-- Select Risk Status --"), "Error", IF(AND(Z10="Closed", R10="Mitigate"), "Yes", "No")) -> No | AM10: =IF(RiskRegister[[#This Row],[Risk Status]]="Closed",RiskRegister[[#This Row],[Residual Impact Level]],RiskRegister[[#This Row],[Inherent Impact Level]]) -> Very High | AN10: =IF(RiskRegister[[#This Row],[Risk Status]]="Closed",RiskRegister[[#This Row],[Residual Likelihood Level]],RiskRegister[[#This Row],[Inherent Likelihood Level]]) -> Rare | AO10: =IF(RiskRegister[[#This Row],[Risk Status]]="Closed",RiskRegister[[#This Row],[Residual-I-L-Combo]],RiskRegister[[#This Row],[Inherent-I-L-Combo]]) -> Very High-Rare | AP10: =IF(Z10="Closed", X10, P10) -> Medium
A11: 8 | B11: Risk 8 | C11: sec8 | D11: 45390 | E11: sec8 | F11: sec8 | G11: Non-compliance | I11: Information Technology (IT) | L11: Low | M11: =VLOOKUP(RiskRegister[[#This Row],[Inherent Impact Level]],'Rating factors'!$F$4:$G$9,2,FALSE) -> 2 | N11: Unlikely | O11: =VLOOKUP(RiskRegister[[#This Row],[Inherent Likelihood Level]],'Rating factors'!$F$16:$G$21,2,FALSE) -> 2 | P11: =IFERROR(VLOOKUP(RiskRegister[[#This Row],[Inherent Risk Rating]],'Rating factors'!$F$30:$G$44,2,FALSE),"-- Error --") -> Low | Q11: =IFERROR(RiskRegister[[#This Row],[Inherent Impact Rating]]*RiskRegister[[#This Row],[Inherent Likelihood Rating]],"-- Error --") -> 4 | R11: Mitigate | T11: Low | U11: =VLOOKUP(RiskRegister[[#This Row],[Residual Impact Level]],'Rating factors'!$F$4:$G$9,2,FALSE) -> 2 | V11: Unlikely | W11: =VLOOKUP(RiskRegister[[#This Row],[Residual Likelihood Level]],'Rating factors'!$F$16:$G$21,2,FALSE) -> 2 | X11: =IFERROR(VLOOKUP(RiskRegister[[#This Row],[Residual Risk Rating]],'Rating factors'!$F$30:$G$44,2,FALSE),"-- Error --") -> Low | Y11: =IFERROR(RiskRegister[[#This Row],[Residual Impact Rating]]*RiskRegister[[#This Row],[Residual Likelihood Rating]],"-- Error --") -> 4 | Z11: Closed | AD11: =IF(ISBLANK(RiskRegister[[#This Row],[Risk Due Date]]), "Missing Risk Due Date", IF(RiskRegister[[#This Row],[Risk Due Date]] < TODAY(), "Overdue", "Not Overdue")) -> Missing Risk Due Date | AF11: =IF(ISBLANK(RiskRegister[[#This Row],[Risk Due Date]]), "Missing Risk Due Date", TEXT(RiskRegister[[#This Row],[Risk Due Date]], "YYYY-MM")) -> Missing Risk Due Date | AG11: =IF(RiskRegister[[#This Row],[Created Date]]="","Created Date missing",(TEXT(RiskRegister[[#This Row],[Created Date]],"mmm") & "-" & YEAR(RiskRegister[[#This Row],[Created Date]]))) -> Apr-2024 | AH11: =IF(RiskRegister[[#This Row],[Risk Status]]="Closed",RiskRegister[[#This Row],[Risk Close Date]],RiskRegister[[#This Row],[Risk Due Date]]) -> 0 | AI11: =IF(RiskRegister[[#This Row],[Risk-Change-Date]]=0,DATE(2030,1,1),RiskRegister[[#This Row],[Risk-Change-Date]]) -> 47484 | AJ11: =RiskRegister[[#This Row],[Inherent Impact Level]]&"-"&RiskRegister[[#This Row],[Inherent Likelihood Level]] -> Low-Unlikely | AK11: =RiskRegister[[#This Row],[Residual Impact Level]]&"-"&RiskRegister[[#This Row],[Residual Likelihood Level]] -> Low-Unlikely | AL11: =IF(OR(R11="-- Select Risk Response --", Z11="-- Select Risk Status --"), "Error", IF(AND(Z11="Closed", R11="Mitigate"), "Yes", "No")) -> Yes | AM11: =IF(RiskRegister[[#This Row],[Risk Status]]="Closed",RiskRegister[[#This Row],[Residual Impact Level]],RiskRegister[[#This Row],[Inherent Impact Level]]) -> Low | AN11: =IF(RiskRegister[[#This Row],[Risk Status]]="Closed",RiskRegister[[#This Row],[Residual Likelihood Level]],RiskRegister[[#This Row],[Inherent Likelihood Level]]) -> Unlikely | AO11: =IF(RiskRegister[[#This Row],[Risk Status]]="Closed",RiskRegister[[#This Row],[Residual-I-L-Combo]],RiskRegister[[#This Row],[Inherent-I-L-Combo]]) -> Low-Unlikely | AP11: =IF(Z11="Closed", X11, P11) -> Low
A12: 9 | B12: Risk 9 | C12: sec9 | D12: 45391 | E12: sec9 | F12: sec9 | G12: Non-compliance | I12: Sales | L12: High | M12: =VLOOKUP(RiskRegister[[#This Row],[Inherent Impact Level]],'Rating factors'!$F$4:$G$9,2,FALSE) -> 4 | N12: Possible | O12: =VLOOKUP(RiskRegister[[#This Row],[Inherent Likelihood Level]],'Rating factors'!$F$16:$G$21,2,FALSE) -> 3 | P12: =IFERROR(VLOOKUP(RiskRegister[[#This Row],[Inherent Risk Rating]],'Rating factors'!$F$30:$G$44,2,FALSE),"-- Error --") -> Medium | Q12: =IFERROR(RiskRegister[[#This Row],[Inherent Impact Rating]]*RiskRegister[[#This Row],[Inherent Likelihood Rating]],"-- Error --") -> 12 | R12: Mitigate | T12: Very Low | U12: =VLOOKUP(RiskRegister[[#This Row],[Residual Impact Level]],'Rating factors'!$F$4:$G$9,2,FALSE) -> 1 | V12: Likely | W12: =VLOOKUP(RiskRegister[[#This Row],[Residual Likelihood Level]],'Rating factors'!$F$16:$G$21,2,FALSE) -> 4 | X12: =IFERROR(VLOOKUP(RiskRegister[[#This Row],[Residual Risk Rating]],'Rating factors'!$F$30:$G$44,2,FALSE),"-- Error --") -> Low | Y12: =IFERROR(RiskRegister[[#This Row],[Residual Impact Rating]]*RiskRegister[[#This Row],[Residual Likelihood Rating]],"-- Error --") -> 4 | Z12: Open | AD12: =IF(ISBLANK(RiskRegister[[#This Row],[Risk Due Date]]), "Missing Risk Due Date", IF(RiskRegister[[#This Row],[Risk Due Date]] < TODAY(), "Overdue", "Not Overdue")) -> Missing Risk Due Date | AF12: =IF(ISBLANK(RiskRegister[[#This Row],[Risk Due Date]]), "Missing Risk Due Date", TEXT(RiskRegister[[#This Row],[Risk Due Date]], "YYYY-MM")) -> Missing Risk Due Date | AG12: =IF(RiskRegister[[#This Row],[Created Date]]="","Created Date missing",(TEXT(RiskRegister[[#This Row],[Created Date]],"mmm") & "-" & YEAR(RiskRegister[[#This Row],[Created Date]]))) -> Apr-2024 | AH12: =IF(RiskRegister[[#This Row],[Risk Status]]="Closed",RiskRegister[[#This Row],[Risk Close Date]],RiskRegister[[#This Row],[Risk Due Date]]) -> 0 | AI12: =IF(RiskRegister[[#This Row],[Risk-Change-Date]]=0,DATE(2030,1,1),RiskRegister[[#This Row],[Risk-Change-Date]]) -> 47484 | AJ12: =RiskRegister[[#This Row],[Inherent Impact Level]]&"-"&RiskRegister[[#This Row],[Inherent Likelihood Level]] -> High-Possible | AK12: =RiskRegister[[#This Row],[Residual Impact Level]]&"-"&RiskRegister[[#This Row],[Residual Likelihood Level]] -> Very Low-Likely | AL12: =IF(OR(R12="-- Select Risk Response --", Z12="-- Select Risk Status --"), "Error", IF(AND(Z12="Closed", R12="Mitigate"), "Yes", "No")) -> No | AM12: =IF(RiskRegister[[#This Row],[Risk Status]]="Closed",RiskRegister[[#This Row],[Residual Impact Level]],RiskRegister[[#This Row],[Inherent Impact Level]]) -> High | AN12: =IF(RiskRegister[[#This Row],[Risk Status]]="Closed",RiskRegister[[#This Row],[Residual Likelihood Level]],RiskRegister[[#This Row],[Inherent Likelihood Level]]) -> Possible | AO12: =IF(RiskRegister[[#This Row],[Risk Status]]="Closed",RiskRegister[[#This Row],[Residual-I-L-Combo]],RiskRegister[[#This Row],[Inherent-I-L-Combo]]) -> High-Possible | AP12: =IF(Z12="Closed", X12, P12) -> Medium
A13: 10 | B13: Risk 10 | C13: sec10 | D13: 45392 | E13: sec10 | F13: sec10 | G13: Data breach | I13: Sales | L13: Very High | M13: =VLOOKUP(RiskRegister[[#This Row],[Inherent Impact Level]],'Rating factors'!$F$4:$G$9,2,FALSE) -> 5 | N13: Possible | O13: =VLOOKUP(RiskRegister[[#This Row],[Inherent Likelihood Level]],'Rating factors'!$F$16:$G$21,2,FALSE) -> 3 | P13: =IFERROR(VLOOKUP(RiskRegister[[#This Row],[Inherent Risk Rating]],'Rating factors'!$F$30:$G$44,2,FALSE),"-- Error --") -> Medium | Q13: =IFERROR(RiskRegister[[#This Row],[Inherent Impact Rating]]*RiskRegister[[#This Row],[Inherent Likelihood Rating]],"-- Error --") -> 15 | R13: Mitigate | T13: Low | U13: =VLOOKUP(RiskRegister[[#This Row],[Residual Impact Level]],'Rating factors'!$F$4:$G$9,2,FALSE) -> 2 | V13: Likely | W13: =VLOOKUP(RiskRegister[[#This Row],[Residual Likelihood Level]],'Rating factors'!$F$16:$G$21,2,FALSE) -> 4 | X13: =IFERROR(VLOOKUP(RiskRegister[[#This Row],[Residual Risk Rating]],'Rating factors'!$F$30:$G$44,2,FALSE),"-- Error --") -> Medium | Y13: =IFERROR(RiskRegister[[#This Row],[Residual Impact Rating]]*RiskRegister[[#This Row],[Residual Likelihood Rating]],"-- Error --") -> 8 | Z13: Open | AD13: =IF(ISBLANK(RiskRegister[[#This Row],[Risk Due Date]]), "Missing Risk Due Date", IF(RiskRegister[[#This Row],[Risk Due Date]] < TODAY(), "Overdue", "Not Overdue")) -> Missing Risk Due Date | AF13: =IF(ISBLANK(RiskRegister[[#This Row],[Risk Due Date]]), "Missing Risk Due Date", TEXT(RiskRegister[[#This Row],[Risk Due Date]], "YYYY-MM")) -> Missing Risk Due Date | AG13: =IF(RiskRegister[[#This Row],[Created Date]]="","Created Date missing",(TEXT(RiskRegister[[#This Row],[Created Date]],"mmm") & "-" & YEAR(RiskRegister[[#This Row],[Created Date]]))) -> Apr-2024 | AH13: =IF(RiskRegister[[#This Row],[Risk Status]]="Closed",RiskRegister[[#This Row],[Risk Close Date]],RiskRegister[[#This Row],[Risk Due Date]]) -> 0 | AI13: =IF(RiskRegister[[#This Row],[Risk-Change-Date]]=0,DATE(2030,1,1),RiskRegister[[#This Row],[Risk-Change-Date]]) -> 47484 | AJ13: =RiskRegister[[#This Row],[Inherent Impact Level]]&"-"&RiskRegister[[#This Row],[Inherent Likelihood Level]] -> Very High-Possible | AK13: =RiskRegister[[#This Row],[Residual Impact Level]]&"-"&RiskRegister[[#This Row],[Residual Likelihood Level]] -> Low-Likely | AL13: =IF(OR(R13="-- Select Risk Response --", Z13="-- Select Risk Status --"), "Error", IF(AND(Z13="Closed", R13="Mitigate"), "Yes", "No")) -> No | AM13: =IF(RiskRegister[[#This Row],[Risk Status]]="Closed",RiskRegister[[#This Row],[Residual Impact Level]],RiskRegister[[#This Row],[Inherent Impact Level]]) -> Very High | AN13: =IF(RiskRegister[[#This Row],[Risk Status]]="Closed",RiskRegister[[#This Row],[Residual Likelihood Level]],RiskRegister[[#This Row],[Inherent Likelihood Level]]) -> Possible | AO13: =IF(RiskRegister[[#This Row],[Risk Status]]="Closed",RiskRegister[[#This Row],[Residual-I-L-Combo]],RiskRegister[[#This Row],[Inherent-I-L-Combo]]) -> Very High-Possible | AP13: =IF(Z13="Closed", X13, P13) -> Medium
A14: 11 | B14: Risk 11 | C14: sec11 | D14: 45393 | E14: sec11 | F14: sec11 | G14: Ransomware | I14: Sales | L14: Very Low | M14: =VLOOKUP(RiskRegister[[#This Row],[Inherent Impact Level]],'Rating factors'!$F$4:$G$9,2,FALSE) -> 1 | N14: Possible | O14: =VLOOKUP(RiskRegister[[#This Row],[Inherent Likelihood Level]],'Rating factors'!$F$16:$G$21,2,FALSE) -> 3 | P14: =IFERROR(VLOOKUP(RiskRegister[[#This Row],[Inherent Risk Rating]],'Rating factors'!$F$30:$G$44,2,FALSE),"-- Error --") -> Low | Q14: =IFERROR(RiskRegister[[#This Row],[Inherent Impact Rating]]*RiskRegister[[#This Row],[Inherent Likelihood Rating]],"-- Error --") -> 3 | R14: Mitigate | T14: Very Low | U14: =VLOOKUP(RiskRegister[[#This Row],[Residual Impact Level]],'Rating factors'!$F$4:$G$9,2,FALSE) -> 1 | V14: Likely | W14: =VLOOKUP(RiskRegister[[#This Row],[Residual Likelihood Level]],'Rating factors'!$F$16:$G$21,2,FALSE) -> 4 | X14: =IFERROR(VLOOKUP(RiskRegister[[#This Row],[Residual Risk Rating]],'Rating factors'!$F$30:$G$44,2,FALSE),"-- Error --") -> Low | Y14: =IFERROR(RiskRegister[[#This Row],[Residual Impact Rating]]*RiskRegister[[#This Row],[Residual Likelihood Rating]],"-- Error --") -> 4 | Z14: In Progress | AB14: 45567 | AD14: =IF(ISBLANK(RiskRegister[[#This Row],[Risk Due Date]]), "Missing Risk Due Date", IF(RiskRegister[[#This Row],[Risk Due Date]] < TODAY(), "Overdue", "Not Overdue")) -> Overdue | AF14: =IF(ISBLANK(RiskRegister[[#This Row],[Risk Due Date]]), "Missing Risk Due Date", TEXT(RiskRegister[[#This Row],[Risk Due Date]], "YYYY-MM")) -> 2024-10 | AG14: =IF(RiskRegister[[#This Row],[Created Date]]="","Created Date missing",(TEXT(RiskRegister[[#This Row],[Created Date]],"mmm") & "-" & YEAR(RiskRegister[[#This Row],[Created Date]]))) -> Apr-2024 | AH14: =IF(RiskRegister[[#This Row],[Risk Status]]="Closed",RiskRegister[[#This Row],[Risk Close Date]],RiskRegister[[#This Row],[Risk Due Date]]) -> 45567 | AI14: =IF(RiskRegister[[#This Row],[Risk-Change-Date]]=0,DATE(2030,1,1),RiskRegister[[#This Row],[Risk-Change-Date]]) -> 45567 | AJ14: =RiskRegister[[#This Row],[Inherent Impact Level]]&"-"&RiskRegister[[#This Row],[Inherent Likelihood Level]] -> Very Low-Possible | AK14: =RiskRegister[[#This Row],[Residual Impact Level]]&"-"&RiskRegister[[#This Row],[Residual Likelihood Level]] -> Very Low-Likely | AL14: =IF(OR(R14="-- Select Risk Response --", Z14="-- Select Risk Status --"), "Error", IF(AND(Z14="Closed", R14="Mitigate"), "Yes", "No")) -> No | AM14: =IF(RiskRegister[[#This Row],[Risk Status]]="Closed",RiskRegister[[#This Row],[Residual Impact Level]],RiskRegister[[#This Row],[Inherent Impact Level]]) -> Very Low | AN14: =IF(RiskRegister[[#This Row],[Risk Status]]="Closed",RiskRegister[[#This Row],[Residual Likelihood Level]],RiskRegister[[#This Row],[Inherent Likelihood Level]]) -> Possible | AO14: =IF(RiskRegister[[#This Row],[Risk Status]]="Closed",RiskRegister[[#This Row],[Residual-I-L-Combo]],RiskRegister[[#This Row],[Inherent-I-L-Combo]]) -> Very Low-Possible | AP14: =IF(Z14="Closed", X14, P14) -> Low
A15: 12 | B15: Risk 12 | C15: sec12 | D15: 45394 | E15: sec12 | F15: sec12 | G15: Insider Threats | I15: Sales | L15: Low | M15: =VLOOKUP(RiskRegister[[#This Row],[Inherent Impact Level]],'Rating factors'!$F$4:$G$9,2,FALSE) -> 2 | N15: Highly Likely | O15: =VLOOKUP(RiskRegister[[#This Row],[Inherent Likelihood Level]],'Rating factors'!$F$16:$G$21,2,FALSE) -> 5 | P15: =IFERROR(VLOOKUP(RiskRegister[[#This Row],[Inherent Risk Rating]],'Rating factors'!$F$30:$G$44,2,FALSE),"-- Error --") -> Medium | Q15: =IFERROR(RiskRegister[[#This Row],[Inherent Impact Rating]]*RiskRegister[[#This Row],[Inherent Likelihood Rating]],"-- Error --") -> 10 | R15: Mitigate | T15: Very Low | U15: =VLOOKUP(RiskRegister[[#This Row],[Residual Impact Level]],'Rating factors'!$F$4:$G$9,2,FALSE) -> 1 | V15: Likely | W15: =VLOOKUP(RiskRegister[[#This Row],[Residual Likelihood Level]],'Rating factors'!$F$16:$G$21,2,FALSE) -> 4 | X15: =IFERROR(VLOOKUP(RiskRegister[[#This Row],[Residual Risk Rating]],'Rating factors'!$F$30:$G$44,2,FALSE),"-- Error --") -> Low | Y15: =IFERROR(RiskRegister[[#This Row],[Residual Impact Rating]]*RiskRegister[[#This Row],[Residual Likelihood Rating]],"-- Error --") -> 4 | Z15: In Progress | AB15: 45626 | AD15: =IF(ISBLANK(RiskRegister[[#This Row],[Risk Due Date]]), "Missing Risk Due Date", IF(RiskRegister[[#This Row],[Risk Due Date]] < TODAY(), "Overdue", "Not Overdue")) -> Overdue | AF15: =IF(ISBLANK(RiskRegister[[#This Row],[Risk Due Date]]), "Missing Risk Due Date", TEXT(RiskRegister[[#This Row],[Risk Due Date]], "YYYY-MM")) -> 2024-11 | AG15: =IF(RiskRegister[[#This Row],[Created Date]]="","Created Date missing",(TEXT(RiskRegister[[#This Row],[Created Date]],"mmm") & "-" & YEAR(RiskRegister[[#This Row],[Created Date]]))) -> Apr-2024 | AH15: =IF(RiskRegister[[#This Row],[Risk Status]]="Closed",RiskRegister[[#This Row],[Risk Close Date]],RiskRegister[[#This Row],[Risk Due Date]]) -> 45626 | AI15: =IF(RiskRegister[[#This Row],[Risk-Change-Date]]=0,DATE(2030,1,1),RiskRegister[[#This Row],[Risk-Change-Date]]) -> 45626 | AJ15: =RiskRegister[[#This Row],[Inherent Impact Level]]&"-"&RiskRegister[[#This Row],[Inherent Likelihood Level]] -> Low-Highly Likely | AK15: =RiskRegister[[#This Row],[Residual Impact Level]]&"-"&RiskRegister[[#This Row],[Residual Likelihood Level]] -> Very Low-Likely | AL15: =IF(OR(R15="-- Select Risk Response --", Z15="-- Select Risk Status --"), "Error", IF(AND(Z15="Closed", R15="Mitigate"), "Yes", "No")) -> No | AM15: =IF(RiskRegister[[#This Row],[Risk Status]]="Closed",RiskRegister[[#This Row],[Residual Impact Level]],RiskRegister[[#This Row],[Inherent Impact Level]]) -> Low | AN15: =IF(RiskRegister[[#This Row],[Risk Status]]="Closed",RiskRegister[[#This Row],[Residual Likelihood Level]],RiskRegister[[#This Row],[Inherent Likelihood Level]]) -> Highly Likely | AO15: =IF(RiskRegister[[#This Row],[Risk Status]]="Closed",RiskRegister[[#This Row],[Residual-I-L-Combo]],RiskRegister[[#This Row],[Inherent-I-L-Combo]]) -> Low-Highly Likely | AP15: =IF(Z15="Closed", X15, P15) -> Medium
A16: 13 | B16: Risk 13 | C16: sec13 | D16: 45395 | E16: sec13 | F16: sec13 | G16: Supply Chain | I16: Finance | L16: Moderate | M16: =VLOOKUP(RiskRegister[[#This Row],[Inherent Impact Level]],'Rating factors'!$F$4:$G$9,2,FALSE) -> 3 | N16: Highly Likely | O16: =VLOOKUP(RiskRegister[[#This Row],[Inherent Likelihood Level]],'Rating factors'!$F$16:$G$21,2,FALSE) -> 5 | P16: =IFERROR(VLOOKUP(RiskRegister[[#This Row],[Inherent Risk Rating]],'Rating factors'!$F$30:$G$44,2,FALSE),"-- Error --") -> Medium | Q16: =IFERROR(RiskRegister[[#This Row],[Inherent Impact Rating]]*RiskRegister[[#This Row],[Inherent Likelihood Rating]],"-- Error --") -> 15 | R16: Mitigate | T16: Low | U16: =VLOOKUP(RiskRegister[[#This Row],[Residual Impact Level]],'Rating factors'!$F$4:$G$9,2,FALSE) -> 2 | V16: Likely | W16: =VLOOKUP(RiskRegister[[#This Row],[Residual Likelihood Level]],'Rating factors'!$F$16:$G$21,2,FALSE) -> 4 | X16: =IFERROR(VLOOKUP(RiskRegister[[#This Row],[Residual Risk Rating]],'Rating factors'!$F$30:$G$44,2,FALSE),"-- Error --") -> Medium | Y16: =IFERROR(RiskRegister[[#This Row],[Residual Impact Rating]]*RiskRegister[[#This Row],[Residual Likelihood Rating]],"-- Error --") -> 8 | Z16: In Progress | AB16: 45631 | AD16: =IF(ISBLANK(RiskRegister[[#This Row],[Risk Due Date]]), "Missing Risk Due Date", IF(RiskRegister[[#This Row],[Risk Due Date]] < TODAY(), "Overdue", "Not Overdue")) -> Overdue | AF16: =IF(ISBLANK(RiskRegister[[#This Row],[Risk Due Date]]), "Missing Risk Due Date", TEXT(RiskRegister[[#This Row],[Risk Due Date]], "YYYY-MM")) -> 2024-12 | AG16: =IF(RiskRegister[[#This Row],[Created Date]]="","Created Date missing",(TEXT(RiskRegister[[#This Row],[Created Date]],"mmm") & "-" & YEAR(RiskRegister[[#This Row],[Created Date]]))) -> Apr-2024 | AH16: =IF(RiskRegister[[#This Row],[Risk Status]]="Closed",RiskRegister[[#This Row],[Risk Close Date]],RiskRegister[[#This Row],[Risk Due Date]]) -> 45631 | AI16: =IF(RiskRegister[[#This Row],[Risk-Change-Date]]=0,DATE(2030,1,1),RiskRegister[[#This Row],[Risk-Change-Date]]) -> 45631 | AJ16: =RiskRegister[[#This Row],[Inherent Impact Level]]&"-"&RiskRegister[[#This Row],[Inherent Likelihood Level]] -> Moderate-Highly Likely | AK16: =RiskRegister[[#This Row],[Residual Impact Level]]&"-"&RiskRegister[[#This Row],[Residual Likelihood Level]] -> Low-Likely | AL16: =IF(OR(R16="-- Select Risk Response --", Z16="-- Select Risk Status --"), "Error", IF(AND(Z16="Closed", R16="Mitigate"), "Yes", "No")) -> No | AM16: =IF(RiskRegister[[#This Row],[Risk Status]]="Closed",RiskRegister[[#This Row],[Residual Impact Level]],RiskRegister[[#This Row],[Inherent Impact Level]]) -> Moderate | AN16: =IF(RiskRegister[[#This Row],[Risk Status]]="Closed",RiskRegister[[#This Row],[Residual Likelihood Level]],RiskRegister[[#This Row],[Inherent Likelihood Level]]) -> Highly Likely | AO16: =IF(RiskRegister[[#This Row],[Risk Status]]="Closed",RiskRegister[[#This Row],[Residual-I-L-Combo]],RiskRegister[[#This Row],[Inherent-I-L-Combo]]) -> Moderate-Highly Likely | AP16: =IF(Z16="Closed", X16, P16) -> Medium
A17: 14 | B17: Risk 14 | C17: sec14 | D17: 45396 | E17: sec14 | F17: sec14 | G17: System Vulnerabilities | I17: Legal | L17: High | M17: =VLOOKUP(RiskRegister[[#This Row],[Inherent Impact Level]],'Rating factors'!$F$4:$G$9,2,FALSE) -> 4 | N17: Highly Likely | O17: =VLOOKUP(RiskRegister[[#This Row],[Inherent Likelihood Level]],'Rating factors'!$F$16:$G$21,2,FALSE) -> 5 | P17: =IFERROR(VLOOKUP(RiskRegister[[#This Row],[Inherent Risk Rating]],'Rating factors'!$F$30:$G$44,2,FALSE),"-- Error --") -> High | Q17: =IFERROR(RiskRegister[[#This Row],[Inherent Impact Rating]]*RiskRegister[[#This Row],[Inherent Likelihood Rating]],"-- Error --") -> 20 | R17: Mitigate | T17: Very Low | U17: =VLOOKUP(RiskRegister[[#This Row],[Residual Impact Level]],'Rating factors'!$F$4:$G$9,2,FALSE) -> 1 | V17: Likely | W17: =VLOOKUP(RiskRegister[[#This Row],[Residual Likelihood Level]],'Rating factors'!$F$16:$G$21,2,FALSE) -> 4 | X17: =IFERROR(VLOOKUP(RiskRegister[[#This Row],[Residual Risk Rating]],'Rating factors'!$F$30:$G$44,2,FALSE),"-- Error --") -> Low | Y17: =IFERROR(RiskRegister[[#This Row],[Residual Impact Rating]]*RiskRegister[[#This Row],[Residual Likelihood Rating]],"-- Error --") -> 4 | Z17: In Progress | AB17: 45310 | AD17: =IF(ISBLANK(RiskRegister[[#This Row],[Risk Due Date]]), "Missing Risk Due Date", IF(RiskRegister[[#This Row],[Risk Due Date]] < TODAY(), "Overdue", "Not Overdue")) -> Overdue | AF17: =IF(ISBLANK(RiskRegister[[#This Row],[Risk Due Date]]), "Missing Risk Due Date", TEXT(RiskRegister[[#This Row],[Risk Due Date]], "YYYY-MM")) -> 2024-01 | AG17: =IF(RiskRegister[[#This Row],[Created Date]]="","Created Date missing",(TEXT(RiskRegister[[#This Row],[Created Date]],"mmm") & "-" & YEAR(RiskRegister[[#This Row],[Created Date]]))) -> Apr-2024 | AH17: =IF(RiskRegister[[#This Row],[Risk Status]]="Closed",RiskRegister[[#This Row],[Risk Close Date]],RiskRegister[[#This Row],[Risk Due Date]]) -> 45310 | AI17: =IF(RiskRegister[[#This Row],[Risk-Change-Date]]=0,DATE(2030,1,1),RiskRegister[[#This Row],[Risk-Change-Date]]) -> 45310 | AJ17: =RiskRegister[[#This Row],[Inherent Impact Level]]&"-"&RiskRegister[[#This Row],[Inherent Likelihood Level]] -> High-Highly Likely | AK17: =RiskRegister[[#This Row],[Residual Impact Level]]&"-"&RiskRegister[[#This Row],[Residual Likelihood Level]] -> Very Low-Likely | AL17: =IF(OR(R17="-- Select Risk Response --", Z17="-- Select Risk Status --"), "Error", IF(AND(Z17="Closed", R17="Mitigate"), "Yes", "No")) -> No | AM17: =IF(RiskRegister[[#This Row],[Risk Status]]="Closed",RiskRegister[[#This Row],[Residual Impact Level]],RiskRegister[[#This Row],[Inherent Impact Level]]) -> High | AN17: =IF(RiskRegister[[#This Row],[Risk Status]]="Closed",RiskRegister[[#This Row],[Residual Likelihood Level]],RiskRegister[[#This Row],[Inherent Likelihood Level]]) -> Highly Likely | AO17: =IF(RiskRegister[[#This Row],[Risk Status]]="Closed",RiskRegister[[#This Row],[Residual-I-L-Combo]],RiskRegister[[#This Row],[Inherent-I-L-Combo]]) -> High-Highly Likely | AP17: =IF(Z17="Closed", X17, P17) -> High
A18: 15 | B18: Risk 15 | C18: sec15 | D18: 45550 | E18: sec15 | F18: sec15 | G18: Social Engineering | I18: Procurement | L18: Very High | M18: =VLOOKUP(RiskRegister[[#This Row],[Inherent Impact Level]],'Rating factors'!$F$4:$G$9,2,FALSE) -> 5 | N18: Highly Likely | O18: =VLOOKUP(RiskRegister[[#This Row],[Inherent Likelihood Level]],'Rating factors'!$F$16:$G$21,2,FALSE) -> 5 | P18: =IFERROR(VLOOKUP(RiskRegister[[#This Row],[Inherent Risk Rating]],'Rating factors'!$F$30:$G$44,2,FALSE),"-- Error --") -> High | Q18: =IFERROR(RiskRegister[[#This Row],[Inherent Impact Rating]]*RiskRegister[[#This Row],[Inherent Likelihood Rating]],"-- Error --") -> 25 | R18: Mitigate | T18: Low | U18: =VLOOKUP(RiskRegister[[#This Row],[Residual Impact Level]],'Rating factors'!$F$4:$G$9,2,FALSE) -> 2 | V18: Likely | W18: =VLOOKUP(RiskRegister[[#This Row],[Residual Likelihood Level]],'Rating factors'!$F$16:$G$21,2,FALSE) -> 4 | X18: =IFERROR(VLOOKUP(RiskRegister[[#This Row],[Residual Risk Rating]],'Rating factors'!$F$30:$G$44,2,FALSE),"-- Error --") -> Medium | Y18: =IFERROR(RiskRegister[[#This Row],[Residual Impact Rating]]*RiskRegister[[#This Row],[Residual Likelihood Rating]],"-- Error --") -> 8 | Z18: In Progress | AB18: 45449 | AD18: =IF(ISBLANK(RiskRegister[[#This Row],[Risk Due Date]]), "Missing Risk Due Date", IF(RiskRegister[[#This Row],[Risk Due Date]] < TODAY(), "Overdue", "Not Overdue")) -> Overdue | AF18: =IF(ISBLANK(RiskRegister[[#This Row],[Risk Due Date]]), "Missing Risk Due Date", TEXT(RiskRegister[[#This Row],[Risk Due Date]], "YYYY-MM")) -> 2024-06 | AG18: =IF(RiskRegister[[#This Row],[Created Date]]="","Created Date missing",(TEXT(RiskRegister[[#This Row],[Created Date]],"mmm") & "-" & YEAR(RiskRegister[[#This Row],[Created Date]]))) -> Sep-2024 | AH18: =IF(RiskRegister[[#This Row],[Risk Status]]="Closed",RiskRegister[[#This Row],[Risk Close Date]],RiskRegister[[#This Row],[Risk Due Date]]) -> 45449 | AI18: =IF(RiskRegister[[#This Row],[Risk-Change-Date]]=0,DATE(2030,1,1),RiskRegister[[#This Row],[Risk-Change-Date]]) -> 45449 | AJ18: =RiskRegister[[#This Row],[Inherent Impact Level]]&"-"&RiskRegister[[#This Row],[Inherent Likelihood Level]] -> Very High-Highly Likely | AK18: =RiskRegister[[#This Row],[Residual Impact Level]]&"-"&RiskRegister[[#This Row],[Residual Likelihood Level]] -> Low-Likely | AL18: =IF(OR(R18="-- Select Risk Response --", Z18="-- Select Risk Status --"), "Error", IF(AND(Z18="Closed", R18="Mitigate"), "Yes", "No")) -> No | AM18: =IF(RiskRegister[[#This Row],[Risk Status]]="Closed",RiskRegister[[#This Row],[Residual Impact Level]],RiskRegister[[#This Row],[Inherent Impact Level]]) -> Very High | AN18: =IF(RiskRegister[[#This Row],[Risk Status]]="Closed",RiskRegister[[#This Row],[Residual Likelihood Level]],RiskRegister[[#This Row],[Inherent Likelihood Level]]) -> Highly Likely | AO18: =IF(RiskRegister[[#This Row],[Risk Status]]="Closed",RiskRegister[[#This Row],[Residual-I-L-Combo]],RiskRegister[[#This Row],[Inherent-I-L-Combo]]) -> Very High-Highly Likely | AP18: =IF(Z18="Closed", X18, P18) -> High
A19: 16 | B19: Risk 16 | C19: sec16 | D19: 45398 | E19: sec16 | F19: sec16 | G19: Identity and Access | I19: Information Technology (IT) | L19: Very Low | M19: =VLOOKUP(RiskRegister[[#This Row],[Inherent Impact Level]],'Rating factors'!$F$4:$G$9,2,FALSE) -> 1 | N19: Highly Likely | O19: =VLOOKUP(RiskRegister[[#This Row],[Inherent Likelihood Level]],'Rating factors'!$F$16:$G$21,2,FALSE) -> 5 | P19: =IFERROR(VLOOKUP(RiskRegister[[#This Row],[Inherent Risk Rating]],'Rating factors'!$F$30:$G$44,2,FALSE),"-- Error --") -> Medium | Q19: =IFERROR(RiskRegister[[#This Row],[Inherent Impact Rating]]*RiskRegister[[#This Row],[Inherent Likelihood Rating]],"-- Error --") -> 5 | R19: Mitigate | T19: Very Low | U19: =VLOOKUP(RiskRegister[[#This Row],[Residual Impact Level]],'Rating factors'!$F$4:$G$9,2,FALSE) -> 1 | V19: Unlikely | W19: =VLOOKUP(RiskRegister[[#This Row],[Residual Likelihood Level]],'Rating factors'!$F$16:$G$21,2,FALSE) -> 2 | X19: =IFERROR(VLOOKUP(RiskRegister[[#This Row],[Residual Risk Rating]],'Rating factors'!$F$30:$G$44,2,FALSE),"-- Error --") -> Low | Y19: =IFERROR(RiskRegister[[#This Row],[Residual Impact Rating]]*RiskRegister[[#This Row],[Residual Likelihood Rating]],"-- Error --") -> 2 | Z19: In Progress | AB19: 45638 | AD19: =IF(ISBLANK(RiskRegister[[#This Row],[Risk Due Date]]), "Missing Risk Due Date", IF(RiskRegister[[#This Row],[Risk Due Date]] < TODAY(), "Overdue", "Not Overdue")) -> Overdue | AF19: =IF(ISBLANK(RiskRegister[[#This Row],[Risk Due Date]]), "Missing Risk Due Date", TEXT(RiskRegister[[#This Row],[Risk Due Date]], "YYYY-MM")) -> 2024-12 | AG19: =IF(RiskRegister[[#This Row],[Created Date]]="","Created Date missing",(TEXT(RiskRegister[[#This Row],[Created Date]],"mmm") & "-" & YEAR(RiskRegister[[#This Row],[Created Date]]))) -> Apr-2024 | AH19: =IF(RiskRegister[[#This Row],[Risk Status]]="Closed",RiskRegister[[#This Row],[Risk Close Date]],RiskRegister[[#This Row],[Risk Due Date]]) -> 45638 | AI19: =IF(RiskRegister[[#This Row],[Risk-Change-Date]]=0,DATE(2030,1,1),RiskRegister[[#This Row],[Risk-Change-Date]]) -> 45638 | AJ19: =RiskRegister[[#This Row],[Inherent Impact Level]]&"-"&RiskRegister[[#This Row],[Inherent Likelihood Level]] -> Very Low-Highly Likely | AK19: =RiskRegister[[#This Row],[Residual Impact Level]]&"-"&RiskRegister[[#This Row],[Residual Likelihood Level]] -> Very Low-Unlikely | AL19: =IF(OR(R19="-- Select Risk Response --", Z19="-- Select Risk Status --"), "Error", IF(AND(Z19="Closed", R19="Mitigate"), "Yes", "No")) -> No | AM19: =IF(RiskRegister[[#This Row],[Risk Status]]="Closed",RiskRegister[[#This Row],[Residual Impact Level]],RiskRegister[[#This Row],[Inherent Impact Level]]) -> Very Low | AN19: =IF(RiskRegister[[#This Row],[Risk Status]]="Closed",RiskRegister[[#This Row],[Residual Likelihood Level]],RiskRegister[[#This Row],[Inherent Likelihood Level]]) -> Highly Likely | AO19: =IF(RiskRegister[[#This Row],[Risk Status]]="Closed",RiskRegister[[#This Row],[Residual-I-L-Combo]],RiskRegister[[#This Row],[Inherent-I-L-Combo]]) -> Very Low-Highly Likely | AP19: =IF(Z19="Closed", X19, P19) -> Medium
A20: 17 | B20: Risk 17 | C20: sec17 | D20: 45399 | E20: sec17 | F20: sec17 | G20: Non-compliance | I20: Information Technology (IT) | L20: Low | M20: =VLOOKUP(RiskRegister[[#This Row],[Inherent Impact Level]],'Rating factors'!$F$4:$G$9,2,FALSE) -> 2 | N20: Highly Likely | O20: =VLOOKUP(RiskRegister[[#This Row],[Inherent Likelihood Level]],'Rating factors'!$F$16:$G$21,2,FALSE) -> 5 | P20: =IFERROR(VLOOKUP(RiskRegister[[#This Row],[Inherent Risk Rating]],'Rating factors'!$F$30:$G$44,2,FALSE),"-- Error --") -> Medium | Q20: =IFERROR(RiskRegister[[#This Row],[Inherent Impact Rating]]*RiskRegister[[#This Row],[Inherent Likelihood Rating]],"-- Error --") -> 10 | R20: Mitigate | T20: Low | U20: =VLOOKUP(RiskRegister[[#This Row],[Residual Impact Level]],'Rating factors'!$F$4:$G$9,2,FALSE) -> 2 | V20: Likely | W20: =VLOOKUP(RiskRegister[[#This Row],[Residual Likelihood Level]],'Rating factors'!$F$16:$G$21,2,FALSE) -> 4 | X20: =IFERROR(VLOOKUP(RiskRegister[[#This Row],[Residual Risk Rating]],'Rating factors'!$F$30:$G$44,2,FALSE),"-- Error --") -> Medium | Y20: =IFERROR(RiskRegister[[#This Row],[Residual Impact Rating]]*RiskRegister[[#This Row],[Residual Likelihood Rating]],"-- Error --") -> 8 | Z20: In Progress | AB20: 45393 | AD20: =IF(ISBLANK(RiskRegister[[#This Row],[Risk Due Date]]), "Missing Risk Due Date", IF(RiskRegister[[#This Row],[Risk Due Date]] < TODAY(), "Overdue", "Not Overdue")) -> Overdue | AF20: =IF(ISBLANK(RiskRegister[[#This Row],[Risk Due Date]]), "Missing Risk Due Date", TEXT(RiskRegister[[#This Row],[Risk Due Date]], "YYYY-MM")) -> 2024-04 | AG20: =IF(RiskRegister[[#This Row],[Created Date]]="","Created Date missing",(TEXT(RiskRegister[[#This Row],[Created Date]],"mmm") & "-" & YEAR(RiskRegister[[#This Row],[Created Date]]))) -> Apr-2024 | AH20: =IF(RiskRegister[[#This Row],[Risk Status]]="Closed",RiskRegister[[#This Row],[Risk Close Date]],RiskRegister[[#This Row],[Risk Due Date]]) -> 45393 | AI20: =IF(RiskRegister[[#This Row],[Risk-Change-Date]]=0,DATE(2030,1,1),RiskRegister[[#This Row],[Risk-Change-Date]]) -> 45393 | AJ20: =RiskRegister[[#This Row],[Inherent Impact Level]]&"-"&RiskRegister[[#This Row],[Inherent Likelihood Level]] -> Low-Highly Likely | AK20: =RiskRegister[[#This Row],[Residual Impact Level]]&"-"&RiskRegister[[#This Row],[Residual Likelihood Level]] -> Low-Likely | AL20: =IF(OR(R20="-- Select Risk Response --", Z20="-- Select Risk Status --"), "Error", IF(AND(Z20="Closed", R20="Mitigate"), "Yes", "No")) -> No | AM20: =IF(RiskRegister[[#This Row],[Risk Status]]="Closed",RiskRegister[[#This Row],[Residual Impact Level]],RiskRegister[[#This Row],[Inherent Impact Level]]) -> Low | AN20: =IF(RiskRegister[[#This Row],[Risk Status]]="Closed",RiskRegister[[#This Row],[Residual Likelihood Level]],RiskRegister[[#This Row],[Inherent Likelihood Level]]) -> Highly Likely | AO20: =IF(RiskRegister[[#This Row],[Risk Status]]="Closed",RiskRegister[[#This Row],[Residual-I-L-Combo]],RiskRegister[[#This Row],[Inherent-I-L-Combo]]) -> Low-Highly Likely | AP20: =IF(Z20="Closed", X20, P20) -> Medium
A21: 18 | B21: Risk 18 | C21: sec18 | D21: 45400 | E21: sec18 | F21: sec18 | G21: System Vulnerabilities | I21: Information Technology (IT) | L21: Moderate | M21: =VLOOKUP(RiskRegister[[#This Row],[Inherent Impact Level]],'Rating factors'!$F$4:$G$9,2,FALSE) -> 3 | N21: Highly Likely | O21: =VLOOKUP(RiskRegister[[#This Row],[Inherent Likelihood Level]],'Rating factors'!$F$16:$G$21,2,FALSE) -> 5 | P21: =IFERROR(VLOOKUP(RiskRegister[[#This Row],[Inherent Risk Rating]],'Rating factors'!$F$30:$G$44,2,FALSE),"-- Error --") -> Medium | Q21: =IFERROR(RiskRegister[[#This Row],[Inherent Impact Rating]]*RiskRegister[[#This Row],[Inherent Likelihood Rating]],"-- Error --") -> 15 | R21: Mitigate | T21: Moderate | U21: =VLOOKUP(RiskRegister[[#This Row],[Residual Impact Level]],'Rating factors'!$F$4:$G$9,2,FALSE) -> 3 | V21: Unlikely | W21: =VLOOKUP(RiskRegister[[#This Row],[Residual Likelihood Level]],'Rating factors'!$F$16:$G$21,2,FALSE) -> 2 | X21: =IFERROR(VLOOKUP(RiskRegister[[#This Row],[Residual Risk Rating]],'Rating factors'!$F$30:$G$44,2,FALSE),"-- Error --") -> Medium | Y21: =IFERROR(RiskRegister[[#This Row],[Residual Impact Rating]]*RiskRegister[[#This Row],[Residual Likelihood Rating]],"-- Error --") -> 6 | Z21: In Progress | AB21: 45279 | AD21: =IF(ISBLANK(RiskRegister[[#This Row],[Risk Due Date]]), "Missing Risk Due Date", IF(RiskRegister[[#This Row],[Risk Due Date]] < TODAY(), "Overdue", "Not Overdue")) -> Overdue | AF21: =IF(ISBLANK(RiskRegister[[#This Row],[Risk Due Date]]), "Missing Risk Due Date", TEXT(RiskRegister[[#This Row],[Risk Due Date]], "YYYY-MM")) -> 2023-12 | AG21: =IF(RiskRegister[[#This Row],[Created Date]]="","Created Date missing",(TEXT(RiskRegister[[#This Row],[Created Date]],"mmm") & "-" & YEAR(RiskRegister[[#This Row],[Created Date]]))) -> Apr-2024 | AH21: =IF(RiskRegister[[#This Row],[Risk Status]]="Closed",RiskRegister[[#This Row],[Risk Close Date]],RiskRegister[[#This Row],[Risk Due Date]]) -> 45279 | AI21: =IF(RiskRegister[[#This Row],[Risk-Change-Date]]=0,DATE(2030,1,1),RiskRegister[[#This Row],[Risk-Change-Date]]) -> 45279 | AJ21: =RiskRegister[[#This Row],[Inherent Impact Level]]&"-"&RiskRegister[[#This Row],[Inherent Likelihood Level]] -> Moderate-Highly Likely | AK21: =RiskRegister[[#This Row],[Residual Impact Level]]&"-"&RiskRegister[[#This Row],[Residual Likelihood Level]] -> Moderate-Unlikely | AL21: =IF(OR(R21="-- Select Risk Response --", Z21="-- Select Risk Status --"), "Error", IF(AND(Z21="Closed", R21="Mitigate"), "Yes", "No")) -> No | AM21: =IF(RiskRegister[[#This Row],[Risk Status]]="Closed",RiskRegister[[#This Row],[Residual Impact Level]],RiskRegister[[#This Row],[Inherent Impact Level]]) -> Moderate | AN21: =IF(RiskRegister[[#This Row],[Risk Status]]="Closed",RiskRegister[[#This Row],[Residual Likelihood Level]],RiskRegister[[#This Row],[Inherent Likelihood Level]]) -> Highly Likely | AO21: =IF(RiskRegister[[#This Row],[Risk Status]]="Closed",RiskRegister[[#This Row],[Residual-I-L-Combo]],RiskRegister[[#This Row],[Inherent-I-L-Combo]]) -> Moderate-Highly Likely | AP21: =IF(Z21="Closed", X21, P21) -> Medium
A22: 19 | B22: Risk 19 | C22: sec19 | D22: 45401 | E22: sec19 | F22: sec19 | G22: System Vulnerabilities | I22: Information Technology (IT) | L22: High | M22: =VLOOKUP(RiskRegister[[#This Row],[Inherent Impact Level]],'Rating factors'!$F$4:$G$9,2,FALSE) -> 4 | N22: Highly Likely | O22: =VLOOKUP(RiskRegister[[#This Row],[Inherent Likelihood Level]],'Rating factors'!$F$16:$G$21,2,FALSE) -> 5 | P22: =IFERROR(VLOOKUP(RiskRegister[[#This Row],[Inherent Risk Rating]],'Rating factors'!$F$30:$G$44,2,FALSE),"-- Error --") -> High | Q22: =IFERROR(RiskRegister[[#This Row],[Inherent Impact Rating]]*RiskRegister[[#This Row],[Inherent Likelihood Rating]],"-- Error --") -> 20 | R22: Mitigate | T22: Very Low | U22: =VLOOKUP(RiskRegister[[#This Row],[Residual Impact Level]],'Rating factors'!$F$4:$G$9,2,FALSE) -> 1 | V22: Likely | W22: =VLOOKUP(RiskRegister[[#This Row],[Residual Likelihood Level]],'Rating factors'!$F$16:$G$21,2,FALSE) -> 4 | X22: =IFERROR(VLOOKUP(RiskRegister[[#This Row],[Residual Risk Rating]],'Rating factors'!$F$30:$G$44,2,FALSE),"-- Error --") -> Low | Y22: =IFERROR(RiskRegister[[#This Row],[Residual Impact Rating]]*RiskRegister[[#This Row],[Residual Likelihood Rating]],"-- Error --") -> 4 | Z22: In Progress | AB22: 45272 | AD22: =IF(ISBLANK(RiskRegister[[#This Row],[Risk Due Date]]), "Missing Risk Due Date", IF(RiskRegister[[#This Row],[Risk Due Date]] < TODAY(), "Overdue", "Not Overdue")) -> Overdue | AF22: =IF(ISBLANK(RiskRegister[[#This Row],[Risk Due Date]]), "Missing Risk Due Date", TEXT(RiskRegister[[#This Row],[Risk Due Date]], "YYYY-MM")) -> 2023-12 | AG22: =IF(RiskRegister[[#This Row],[Created Date]]="","Created Date missing",(TEXT(RiskRegister[[#This Row],[Created Date]],"mmm") & "-" & YEAR(RiskRegister[[#This Row],[Created Date]]))) -> Apr-2024 | AH22: =IF(RiskRegister[[#This Row],[Risk Status]]="Closed",RiskRegister[[#This Row],[Risk Close Date]],RiskRegister[[#This Row],[Risk Due Date]]) -> 45272 | AI22: =IF(RiskRegister[[#This Row],[Risk-Change-Date]]=0,DATE(2030,1,1),RiskRegister[[#This Row],[Risk-Change-Date]]) -> 45272 | AJ22: =RiskRegister[[#This Row],[Inherent Impact Level]]&"-"&RiskRegister[[#This Row],[Inherent Likelihood Level]] -> High-Highly Likely | AK22: =RiskRegister[[#This Row],[Residual Impact Level]]&"-"&RiskRegister[[#This Row],[Residual Likelihood Level]] -> Very Low-Likely | AL22: =IF(OR(R22="-- Select Risk Response --", Z22="-- Select Risk Status --"), "Error", IF(AND(Z22="Closed", R22="Mitigate"), "Yes", "No")) -> No | AM22: =IF(RiskRegister[[#This Row],[Risk Status]]="Closed",RiskRegister[[#This Row],[Residual Impact Level]],RiskRegister[[#This Row],[Inherent Impact Level]]) -> High | AN22: =IF(RiskRegister[[#This Row],[Risk Status]]="Closed",RiskRegister[[#This Row],[Residual Likelihood Level]],RiskRegister[[#This Row],[Inherent Likelihood Level]]) -> Highly Likely | AO22: =IF(RiskRegister[[#This Row],[Risk Status]]="Closed",RiskRegister[[#This Row],[Residual-I-L-Combo]],RiskRegister[[#This Row],[Inherent-I-L-Combo]]) -> High-Highly Likely | AP22: =IF(Z22="Closed", X22, P22) -> High
A23: 20 | B23: Risk 20 | C23: sec20 | D23: 45646 | E23: sec20 | F23: sec20 | G23: System Vulnerabilities | I23: Information Technology (IT) | L23: Very High | M23: =VLOOKUP(RiskRegister[[#This Row],[Inherent Impact Level]],'Rating factors'!$F$4:$G$9,2,FALSE) -> 5 | N23: Highly Likely | O23: =VLOOKUP(RiskRegister[[#This Row],[Inherent Likelihood Level]],'Rating factors'!$F$16:$G$21,2,FALSE) -> 5 | P23: =IFERROR(VLOOKUP(RiskRegister[[#This Row],[Inherent Risk Rating]],'Rating factors'!$F$30:$G$44,2,FALSE),"-- Error --") -> High | Q23: =IFERROR(RiskRegister[[#This Row],[Inherent Impact Rating]]*RiskRegister[[#This Row],[Inherent Likelihood Rating]],"-- Error --") -> 25 | R23: Accept | T23: Very High | U23: =VLOOKUP(RiskRegister[[#This Row],[Residual Impact Level]],'Rating factors'!$F$4:$G$9,2,FALSE) -> 5 | V23: Highly Likely | W23: =VLOOKUP(RiskRegister[[#This Row],[Residual Likelihood Level]],'Rating factors'!$F$16:$G$21,2,FALSE) -> 5 | X23: =IFERROR(VLOOKUP(RiskRegister[[#This Row],[Residual Risk Rating]],'Rating factors'!$F$30:$G$44,2,FALSE),"-- Error --") -> High | Y23: =IFERROR(RiskRegister[[#This Row],[Residual Impact Rating]]*RiskRegister[[#This Row],[Residual Likelihood Rating]],"-- Error --") -> 25 | Z23: Closed | AD23: =IF(ISBLANK(RiskRegister[[#This Row],[Risk Due Date]]), "Missing Risk Due Date", IF(RiskRegister[[#This Row],[Risk Due Date]] < TODAY(), "Overdue", "Not Overdue")) -> Missing Risk Due Date | AF23: =IF(ISBLANK(RiskRegister[[#This Row],[Risk Due Date]]), "Missing Risk Due Date", TEXT(RiskRegister[[#This Row],[Risk Due Date]], "YYYY-MM")) -> Missing Risk Due Date | AG23: =IF(RiskRegister[[#This Row],[Created Date]]="","Created Date missing",(TEXT(RiskRegister[[#This Row],[Created Date]],"mmm") & "-" & YEAR(RiskRegister[[#This Row],[Created Date]]))) -> Dec-2024 | AH23: =IF(RiskRegister[[#This Row],[Risk Status]]="Closed",RiskRegister[[#This Row],[Risk Close Date]],RiskRegister[[#This Row],[Risk Due Date]]) -> 0 | AI23: =IF(RiskRegister[[#This Row],[Risk-Change-Date]]=0,DATE(2030,1,1),RiskRegister[[#This Row],[Risk-Change-Date]]) -> 47484 | AJ23: =RiskRegister[[#This Row],[Inherent Impact Level]]&"-"&RiskRegister[[#This Row],[Inherent Likelihood Level]] -> Very High-Highly Likely | AK23: =RiskRegister[[#This Row],[Residual Impact Level]]&"-"&RiskRegister[[#This Row],[Residual Likelihood Level]] -> Very High-Highly Likely | AL23: =IF(OR(R23="-- Select Risk Response --", Z23="-- Select Risk Status --"), "Error", IF(AND(Z23="Closed", R23="Mitigate"), "Yes", "No")) -> No | AM23: =IF(RiskRegister[[#This Row],[Risk Status]]="Closed",RiskRegister[[#This Row],[Residual Impact Level]],RiskRegister[[#This Row],[Inherent Impact Level]]) -> Very High | AN23: =IF(RiskRegister[[#This Row],[Risk Status]]="Closed",RiskRegister[[#This Row],[Residual Likelihood Level]],RiskRegister[[#This Row],[Inherent Likelihood Level]]) -> Highly Likely | AO23: =IF(RiskRegister[[#This Row],[Risk Status]]="Closed",RiskRegister[[#This Row],[Residual-I-L-Combo]],RiskRegister[[#This Row],[Inherent-I-L-Combo]]) -> Very High-Highly Likely | AP23: =IF(Z23="Closed", X23, P23) -> High
A24: 21 | G24: -- Select Risk Category -- | I24: -- select department -- | L24: -- Select Impact -- | M24: =VLOOKUP(RiskRegister[[#This Row],[Inherent Impact Level]],'Rating factors'!$F$4:$G$9,2,FALSE) -> --- Error --- | N24: -- Select Likelihood -- | O24: =VLOOKUP(RiskRegister[[#This Row],[Inherent Likelihood Level]],'Rating factors'!$F$16:$G$21,2,FALSE) -> --- Error --- | P24: =IFERROR(VLOOKUP(RiskRegister[[#This Row],[Inherent Risk Rating]],'Rating factors'!$F$30:$G$44,2,FALSE),"-- Error --") -> -- Error -- | Q24: =IFERROR(RiskRegister[[#This Row],[Inherent Impact Rating]]*RiskRegister[[#This Row],[Inherent Likelihood Rating]],"-- Error --") -> -- Error -- | R24: -- Select Risk Response -- | T24: -- Select Impact -- | U24: =VLOOKUP(RiskRegister[[#This Row],[Residual Impact Level]],'Rating factors'!$F$4:$G$9,2,FALSE) -> --- Error --- | V24: -- Select Likelihood -- | W24: =VLOOKUP(RiskRegister[[#This Row],[Residual Likelihood Level]],'Rating factors'!$F$16:$G$21,2,FALSE) -> --- Error --- | X24: =IFERROR(VLOOKUP(RiskRegister[[#This Row],[Residual Risk Rating]],'Rating factors'!$F$30:$G$44,2,FALSE),"-- Error --") -> -- Error -- | Y24: =IFERROR(RiskRegister[[#This Row],[Residual Impact Rating]]*RiskRegister[[#This Row],[Residual Likelihood Rating]],"-- Error --") -> -- Error -- | Z24: -- Select Risk Status -- | AD24: =IF(ISBLANK(RiskRegister[[#This Row],[Risk Due Date]]), "Missing Risk Due Date", IF(RiskRegister[[#This Row],[Risk Due Date]] < TODAY(), "Overdue", "Not Overdue")) -> Missing Risk Due Date | AF24: =IF(ISBLANK(RiskRegister[[#This Row],[Risk Due Date]]), "Missing Risk Due Date", TEXT(RiskRegister[[#This Row],[Risk Due Date]], "YYYY-MM")) -> Missing Risk Due Date | AG24: =IF(RiskRegister[[#This Row],[Created Date]]="","Created Date missing",(TEXT(RiskRegister[[#This Row],[Created Date]],"mmm") & "-" & YEAR(RiskRegister[[#This Row],[Created Date]]))) -> Created Date missing | AH24: =IF(RiskRegister[[#This Row],[Risk Status]]="Closed",RiskRegister[[#This Row],[Risk Close Date]],RiskRegister[[#This Row],[Risk Due Date]]) -> 0 | AI24: =IF(RiskRegister[[#This Row],[Risk-Change-Date]]=0,DATE(2030,1,1),RiskRegister[[#This Row],[Risk-Change-Date]]) -> 47484 | AJ24: =RiskRegister[[#This Row],[Inherent Impact Level]]&"-"&RiskRegister[[#This Row],[Inherent Likelihood Level]] -> -- Select Impact ----- Select Likelihood -- | AK24: =RiskRegister[[#This Row],[Residual Impact Level]]&"-"&RiskRegister[[#This Row],[Residual Likelihood Level]] -> -- Select Impact ----- Select Likelihood -- | AL24: =IF(OR(R24="-- Select Risk Response --", Z24="-- Select Risk Status --"), "Error", IF(AND(Z24="Closed", R24="Mitigate"), "Yes", "No")) -> Error | AM24: =IF(RiskRegister[[#This Row],[Risk Status]]="Closed",RiskRegister[[#This Row],[Residual Impact Level]],RiskRegister[[#This Row],[Inherent Impact Level]]) -> -- Select Impact -- | AN24: =IF(RiskRegister[[#This Row],[Risk Status]]="Closed",RiskRegister[[#This Row],[Residual Likelihood Level]],RiskRegister[[#This Row],[Inherent Likelihood Level]]) -> -- Select Likelihood -- | AO24: =IF(RiskRegister[[#This Row],[Risk Status]]="Closed",RiskRegister[[#This Row],[Residual-I-L-Combo]],RiskRegister[[#This Row],[Inherent-I-L-Combo]]) -> -- Select Impact ----- Select Likelihood -- | AP24: =IF(Z24="Closed", X24, P24) -> -- Error --
A25: 22 | G25: -- Select Risk Category -- | I25: -- select department -- | L25: -- Select Impact -- | M25: =VLOOKUP(RiskRegister[[#This Row],[Inherent Impact Level]],'Rating factors'!$F$4:$G$9,2,FALSE) -> --- Error --- | N25: -- Select Likelihood -- | O25: =VLOOKUP(RiskRegister[[#This Row],[Inherent Likelihood Level]],'Rating factors'!$F$16:$G$21,2,FALSE) -> --- Error --- | P25: =IFERROR(VLOOKUP(RiskRegister[[#This Row],[Inherent Risk Rating]],'Rating factors'!$F$30:$G$44,2,FALSE),"-- Error --") -> -- Error -- | Q25: =IFERROR(RiskRegister[[#This Row],[Inherent Impact Rating]]*RiskRegister[[#This Row],[Inherent Likelihood Rating]],"-- Error --") -> -- Error -- | R25: -- Select Risk Response -- | T25: -- Select Impact -- | U25: =VLOOKUP(RiskRegister[[#This Row],[Residual Impact Level]],'Rating factors'!$F$4:$G$9,2,FALSE) -> --- Error --- | V25: -- Select Likelihood -- | W25: =VLOOKUP(RiskRegister[[#This Row],[Residual Likelihood Level]],'Rating factors'!$F$16:$G$21,2,FALSE) -> --- Error --- | X25: =IFERROR(VLOOKUP(RiskRegister[[#This Row],[Residual Risk Rating]],'Rating factors'!$F$30:$G$44,2,FALSE),"-- Error --") -> -- Error -- | Y25: =IFERROR(RiskRegister[[#This Row],[Residual Impact Rating]]*RiskRegister[[#This Row],[Residual Likelihood Rating]],"-- Error --") -> -- Error -- | Z25: -- Select Risk Status -- | AD25: =IF(ISBLANK(RiskRegister[[#This Row],[Risk Due Date]]), "Missing Risk Due Date", IF(RiskRegister[[#This Row],[Risk Due Date]] < TODAY(), "Overdue", "Not Overdue")) -> Missing Risk Due Date | AF25: =IF(ISBLANK(RiskRegister[[#This Row],[Risk Due Date]]), "Missing Risk Due Date", TEXT(RiskRegister[[#This Row],[Risk Due Date]], "YYYY-MM")) -> Missing Risk Due Date | AG25: =IF(RiskRegister[[#This Row],[Created Date]]="","Created Date missing",(TEXT(RiskRegister[[#This Row],[Created Date]],"mmm") & "-" & YEAR(RiskRegister[[#This Row],[Created Date]]))) -> Created Date missing | AH25: =IF(RiskRegister[[#This Row],[Risk Status]]="Closed",RiskRegister[[#This Row],[Risk Close Date]],RiskRegister[[#This Row],[Risk Due Date]]) -> 0 | AI25: =IF(RiskRegister[[#This Row],[Risk-Change-Date]]=0,DATE(2030,1,1),RiskRegister[[#This Row],[Risk-Change-Date]]) -> 47484 | AJ25: =RiskRegister[[#This Row],[Inherent Impact Level]]&"-"&RiskRegister[[#This Row],[Inherent Likelihood Level]] -> -- Select Impact ----- Select Likelihood -- | AK25: =RiskRegister[[#This Row],[Residual Impact Level]]&"-"&RiskRegister[[#This Row],[Residual Likelihood Level]] -> -- Select Impact ----- Select Likelihood -- | AL25: =IF(OR(R25="-- Select Risk Response --", Z25="-- Select Risk Status --"), "Error", IF(AND(Z25="Closed", R25="Mitigate"), "Yes", "No")) -> Error | AM25: =IF(RiskRegister[[#This Row],[Risk Status]]="Closed",RiskRegister[[#This Row],[Residual Impact Level]],RiskRegister[[#This Row],[Inherent Impact Level]]) -> -- Select Impact -- | AN25: =IF(RiskRegister[[#This Row],[Risk Status]]="Closed",RiskRegister[[#This Row],[Residual Likelihood Level]],RiskRegister[[#This Row],[Inherent Likelihood Level]]) -> -- Select Likelihood -- | AO25: =IF(RiskRegister[[#This Row],[Risk Status]]="Closed",RiskRegister[[#This Row],[Residual-I-L-Combo]],RiskRegister[[#This Row],[Inherent-I-L-Combo]]) -> -- Select Impact ----- Select Likelihood -- | AP25: =IF(Z25="Closed", X25, P25) -> -- Error --
A26: 23 | G26: -- Select Risk Category -- | I26: -- select department -- | L26: -- Select Impact -- | M26: =VLOOKUP(RiskRegister[[#This Row],[Inherent Impact Level]],'Rating factors'!$F$4:$G$9,2,FALSE) -> --- Error --- | N26: -- Select Likelihood -- | O26: =VLOOKUP(RiskRegister[[#This Row],[Inherent Likelihood Level]],'Rating factors'!$F$16:$G$21,2,FALSE) -> --- Error --- | P26: =IFERROR(VLOOKUP(RiskRegister[[#This Row],[Inherent Risk Rating]],'Rating factors'!$F$30:$G$44,2,FALSE),"-- Error --") -> -- Error -- | Q26: =IFERROR(RiskRegister[[#This Row],[Inherent Impact Rating]]*RiskRegister[[#This Row],[Inherent Likelihood Rating]],"-- Error --") -> -- Error -- | R26: -- Select Risk Response -- | T26: -- Select Impact -- | U26: =VLOOKUP(RiskRegister[[#This Row],[Residual Impact Level]],'Rating factors'!$F$4:$G$9,2,FALSE) -> --- Error --- | V26: -- Select Likelihood -- | W26: =VLOOKUP(RiskRegister[[#This Row],[Residual Likelihood Level]],'Rating factors'!$F$16:$G$21,2,FALSE) -> --- Error --- | X26: =IFERROR(VLOOKUP(RiskRegister[[#This Row],[Residual Risk Rating]],'Rating factors'!$F$30:$G$44,2,FALSE),"-- Error --") -> -- Error -- | Y26: =IFERROR(RiskRegister[[#This Row],[Residual Impact Rating]]*RiskRegister[[#This Row],[Residual Likelihood Rating]],"-- Error --") -> -- Error -- | Z26: -- Select Risk Status -- | AD26: =IF(ISBLANK(RiskRegister[[#This Row],[Risk Due Date]]), "Missing Risk Due Date", IF(RiskRegister[[#This Row],[Risk Due Date]] < TODAY(), "Overdue", "Not Overdue")) -> Missing Risk Due Date | AF26: =IF(ISBLANK(RiskRegister[[#This Row],[Risk Due Date]]), "Missing Risk Due Date", TEXT(RiskRegister[[#This Row],[Risk Due Date]], "YYYY-MM")) -> Missing Risk Due Date | AG26: =IF(RiskRegister[[#This Row],[Created Date]]="","Created Date missing",(TEXT(RiskRegister[[#This Row],[Created Date]],"mmm") & "-" & YEAR(RiskRegister[[#This Row],[Created Date]]))) -> Created Date missing | AH26: =IF(RiskRegister[[#This Row],[Risk Status]]="Closed",RiskRegister[[#This Row],[Risk Close Date]],RiskRegister[[#This Row],[Risk Due Date]]) -> 0 | AI26: =IF(RiskRegister[[#This Row],[Risk-Change-Date]]=0,DATE(2030,1,1),RiskRegister[[#This Row],[Risk-Change-Date]]) -> 47484 | AJ26: =RiskRegister[[#This Row],[Inherent Impact Level]]&"-"&RiskRegister[[#This Row],[Inherent Likelihood Level]] -> -- Select Impact ----- Select Likelihood -- | AK26: =RiskRegister[[#This Row],[Residual Impact Level]]&"-"&RiskRegister[[#This Row],[Residual Likelihood Level]] -> -- Select Impact ----- Select Likelihood -- | AL26: =IF(OR(R26="-- Select Risk Response --", Z26="-- Select Risk Status --"), "Error", IF(AND(Z26="Closed", R26="Mitigate"), "Yes", "No")) -> Error | AM26: =IF(RiskRegister[[#This Row],[Risk Status]]="Closed",RiskRegister[[#This Row],[Residual Impact Level]],RiskRegister[[#This Row],[Inherent Impact Level]]) -> -- Select Impact -- | AN26: =IF(RiskRegister[[#This Row],[Risk Status]]="Closed",RiskRegister[[#This Row],[Residual Likelihood Level]],RiskRegister[[#This Row],[Inherent Likelihood Level]]) -> -- Select Likelihood -- | AO26: =IF(RiskRegister[[#This Row],[Risk Status]]="Closed",RiskRegister[[#This Row],[Residual-I-L-Combo]],RiskRegister[[#This Row],[Inherent-I-L-Combo]]) -> -- Select Impact ----- Select Likelihood -- | AP26: =IF(Z26="Closed", X26, P26) -> -- Error --
A27: 24 | G27: -- Select Risk Category -- | I27: -- select department -- | L27: -- Select Impact -- | M27: =VLOOKUP(RiskRegister[[#This Row],[Inherent Impact Level]],'Rating factors'!$F$4:$G$9,2,FALSE) -> --- Error --- | N27: -- Select Likelihood -- | O27: =VLOOKUP(RiskRegister[[#This Row],[Inherent Likelihood Level]],'Rating factors'!$F$16:$G$21,2,FALSE) -> --- Error --- | P27: =IFERROR(VLOOKUP(RiskRegister[[#This Row],[Inherent Risk Rating]],'Rating factors'!$F$30:$G$44,2,FALSE),"-- Error --") -> -- Error -- | Q27: =IFERROR(RiskRegister[[#This Row],[Inherent Impact Rating]]*RiskRegister[[#This Row],[Inherent Likelihood Rating]],"-- Error --") -> -- Error -- | R27: -- Select Risk Response -- | T27: -- Select Impact -- | U27: =VLOOKUP(RiskRegister[[#This Row],[Residual Impact Level]],'Rating factors'!$F$4:$G$9,2,FALSE) -> --- Error --- | V27: -- Select Likelihood -- | W27: =VLOOKUP(RiskRegister[[#This Row],[Residual Likelihood Level]],'Rating factors'!$F$16:$G$21,2,FALSE) -> --- Error --- | X27: =IFERROR(VLOOKUP(RiskRegister[[#This Row],[Residual Risk Rating]],'Rating factors'!$F$30:$G$44,2,FALSE),"-- Error --") -> -- Error -- | Y27: =IFERROR(RiskRegister[[#This Row],[Residual Impact Rating]]*RiskRegister[[#This Row],[Residual Likelihood Rating]],"-- Error --") -> -- Error -- | Z27: -- Select Risk Status -- | AD27: =IF(ISBLANK(RiskRegister[[#This Row],[Risk Due Date]]), "Missing Risk Due Date", IF(RiskRegister[[#This Row],[Risk Due Date]] < TODAY(), "Overdue", "Not Overdue")) -> Missing Risk Due Date | AF27: =IF(ISBLANK(RiskRegister[[#This Row],[Risk Due Date]]), "Missing Risk Due Date", TEXT(RiskRegister[[#This Row],[Risk Due Date]], "YYYY-MM")) -> Missing Risk Due Date | AG27: =IF(RiskRegister[[#This Row],[Created Date]]="","Created Date missing",(TEXT(RiskRegister[[#This Row],[Created Date]],"mmm") & "-" & YEAR(RiskRegister[[#This Row],[Created Date]]))) -> Created Date missing | AH27: =IF(RiskRegister[[#This Row],[Risk Status]]="Closed",RiskRegister[[#This Row],[Risk Close Date]],RiskRegister[[#This Row],[Risk Due Date]]) -> 0 | AI27: =IF(RiskRegister[[#This Row],[Risk-Change-Date]]=0,DATE(2030,1,1),RiskRegister[[#This Row],[Risk-Change-Date]]) -> 47484 | AJ27: =RiskRegister[[#This Row],[Inherent Impact Level]]&"-"&RiskRegister[[#This Row],[Inherent Likelihood Level]] -> -- Select Impact ----- Select Likelihood -- | AK27: =RiskRegister[[#This Row],[Residual Impact Level]]&"-"&RiskRegister[[#This Row],[Residual Likelihood Level]] -> -- Select Impact ----- Select Likelihood -- | AL27: =IF(OR(R27="-- Select Risk Response --", Z27="-- Select Risk Status --"), "Error", IF(AND(Z27="Closed", R27="Mitigate"), "Yes", "No")) -> Error | AM27: =IF(RiskRegister[[#This Row],[Risk Status]]="Closed",RiskRegister[[#This Row],[Residual Impact Level]],RiskRegister[[#This Row],[Inherent Impact Level]]) -> -- Select Impact -- | AN27: =IF(RiskRegister[[#This Row],[Risk Status]]="Closed",RiskRegister[[#This Row],[Residual Likelihood Level]],RiskRegister[[#This Row],[Inherent Likelihood Level]]) -> -- Select Likelihood -- | AO27: =IF(RiskRegister[[#This Row],[Risk Status]]="Closed",RiskRegister[[#This Row],[Residual-I-L-Combo]],RiskRegister[[#This Row],[Inherent-I-L-Combo]]) -> -- Select Impact ----- Select Likelihood -- | AP27: =IF(Z27="Closed", X27, P27) -> -- Error --
A28: 25 | G28: -- Select Risk Category -- | I28: -- select department -- | L28: -- Select Impact -- | M28: =VLOOKUP(RiskRegister[[#This Row],[Inherent Impact Level]],'Rating factors'!$F$4:$G$9,2,FALSE) -> --- Error --- | N28: -- Select Likelihood -- | O28: =VLOOKUP(RiskRegister[[#This Row],[Inherent Likelihood Level]],'Rating factors'!$F$16:$G$21,2,FALSE) -> --- Error --- | P28: =IFERROR(VLOOKUP(RiskRegister[[#This Row],[Inherent Risk Rating]],'Rating factors'!$F$30:$G$44,2,FALSE),"-- Error --") -> -- Error -- | Q28: =IFERROR(RiskRegister[[#This Row],[Inherent Impact Rating]]*RiskRegister[[#This Row],[Inherent Likelihood Rating]],"-- Error --") -> -- Error -- | R28: -- Select Risk Response -- | T28: -- Select Impact -- | U28: =VLOOKUP(RiskRegister[[#This Row],[Residual Impact Level]],'Rating factors'!$F$4:$G$9,2,FALSE) -> --- Error --- | V28: -- Select Likelihood -- | W28: =VLOOKUP(RiskRegister[[#This Row],[Residual Likelihood Level]],'Rating factors'!$F$16:$G$21,2,FALSE) -> --- Error --- | X28: =IFERROR(VLOOKUP(RiskRegister[[#This Row],[Residual Risk Rating]],'Rating factors'!$F$30:$G$44,2,FALSE),"-- Error --") -> -- Error -- | Y28: =IFERROR(RiskRegister[[#This Row],[Residual Impact Rating]]*RiskRegister[[#This Row],[Residual Likelihood Rating]],"-- Error --") -> -- Error -- | Z28: -- Select Risk Status -- | AD28: =IF(ISBLANK(RiskRegister[[#This Row],[Risk Due Date]]), "Missing Risk Due Date", IF(RiskRegister[[#This Row],[Risk Due Date]] < TODAY(), "Overdue", "Not Overdue")) -> Missing Risk Due Date | AF28: =IF(ISBLANK(RiskRegister[[#This Row],[Risk Due Date]]), "Missing Risk Due Date", TEXT(RiskRegister[[#This Row],[Risk Due Date]], "YYYY-MM")) -> Missing Risk Due Date | AG28: =IF(RiskRegister[[#This Row],[Created Date]]="","Created Date missing",(TEXT(RiskRegister[[#This Row],[Created Date]],"mmm") & "-" & YEAR(RiskRegister[[#This Row],[Created Date]]))) -> Created Date missing | AH28: =IF(RiskRegister[[#This Row],[Risk Status]]="Closed",RiskRegister[[#This Row],[Risk Close Date]],RiskRegister[[#This Row],[Risk Due Date]]) -> 0 | AI28: =IF(RiskRegister[[#This Row],[Risk-Change-Date]]=0,DATE(2030,1,1),RiskRegister[[#This Row],[Risk-Change-Date]]) -> 47484 | AJ28: =RiskRegister[[#This Row],[Inherent Impact Level]]&"-"&RiskRegister[[#This Row],[Inherent Likelihood Level]] -> -- Select Impact ----- Select Likelihood -- | AK28: =RiskRegister[[#This Row],[Residual Impact Level]]&"-"&RiskRegister[[#This Row],[Residual Likelihood Level]] -> -- Select Impact ----- Select Likelihood -- | AL28: =IF(OR(R28="-- Select Risk Response --", Z28="-- Select Risk Status --"), "Error", IF(AND(Z28="Closed", R28="Mitigate"), "Yes", "No")) -> Error | AM28: =IF(RiskRegister[[#This Row],[Risk Status]]="Closed",RiskRegister[[#This Row],[Residual Impact Level]],RiskRegister[[#This Row],[Inherent Impact Level]]) -> -- Select Impact -- | AN28: =IF(RiskRegister[[#This Row],[Risk Status]]="Closed",RiskRegister[[#This Row],[Residual Likelihood Level]],RiskRegister[[#This Row],[Inherent Likelihood Level]]) -> -- Select Likelihood -- | AO28: =IF(RiskRegister[[#This Row],[Risk Status]]="Closed",RiskRegister[[#This Row],[Residual-I-L-Combo]],RiskRegister[[#This Row],[Inherent-I-L-Combo]]) -> -- Select Impact ----- Select Likelihood -- | AP28: =IF(Z28="Closed", X28, P28) -> -- Error --
A29: 26 | G29: -- Select Risk Category -- | I29: -- select department -- | L29: -- Select Impact -- | M29: =VLOOKUP(RiskRegister[[#This Row],[Inherent Impact Level]],'Rating factors'!$F$4:$G$9,2,FALSE) -> --- Error --- | N29: -- Select Likelihood -- | O29: =VLOOKUP(RiskRegister[[#This Row],[Inherent Likelihood Level]],'Rating factors'!$F$16:$G$21,2,FALSE) -> --- Error --- | P29: =IFERROR(VLOOKUP(RiskRegister[[#This Row],[Inherent Risk Rating]],'Rating factors'!$F$30:$G$44,2,FALSE),"-- Error --") -> -- Error -- | Q29: =IFERROR(RiskRegister[[#This Row],[Inherent Impact Rating]]*RiskRegister[[#This Row],[Inherent Likelihood Rating]],"-- Error --") -> -- Error -- | R29: -- Select Risk Response -- | T29: -- Select Impact -- | U29: =VLOOKUP(RiskRegister[[#This Row],[Residual Impact Level]],'Rating factors'!$F$4:$G$9,2,FALSE) -> --- Error --- | V29: -- Select Likelihood -- | W29: =VLOOKUP(RiskRegister[[#This Row],[Residual Likelihood Level]],'Rating factors'!$F$16:$G$21,2,FALSE) -> --- Error --- | X29: =IFERROR(VLOOKUP(RiskRegister[[#This Row],[Residual Risk Rating]],'Rating factors'!$F$30:$G$44,2,FALSE),"-- Error --") -> -- Error -- | Y29: =IFERROR(RiskRegister[[#This Row],[Residual Impact Rating]]*RiskRegister[[#This Row],[Residual Likelihood Rating]],"-- Error --") -> -- Error -- | Z29: -- Select Risk Status -- | AD29: =IF(ISBLANK(RiskRegister[[#This Row],[Risk Due Date]]), "Missing Risk Due Date", IF(RiskRegister[[#This Row],[Risk Due Date]] < TODAY(), "Overdue", "Not Overdue")) -> Missing Risk Due Date | AF29: =IF(ISBLANK(RiskRegister[[#This Row],[Risk Due Date]]), "Missing Risk Due Date", TEXT(RiskRegister[[#This Row],[Risk Due Date]], "YYYY-MM")) -> Missing Risk Due Date | AG29: =IF(RiskRegister[[#This Row],[Created Date]]="","Created Date missing",(TEXT(RiskRegister[[#This Row],[Created Date]],"mmm") & "-" & YEAR(RiskRegister[[#This Row],[Created Date]]))) -> Created Date missing | AH29: =IF(RiskRegister[[#This Row],[Risk Status]]="Closed",RiskRegister[[#This Row],[Risk Close Date]],RiskRegister[[#This Row],[Risk Due Date]]) -> 0 | AI29: =IF(RiskRegister[[#This Row],[Risk-Change-Date]]=0,DATE(2030,1,1),RiskRegister[[#This Row],[Risk-Change-Date]]) -> 47484 | AJ29: =RiskRegister[[#This Row],[Inherent Impact Level]]&"-"&RiskRegister[[#This Row],[Inherent Likelihood Level]] -> -- Select Impact ----- Select Likelihood -- | AK29: =RiskRegister[[#This Row],[Residual Impact Level]]&"-"&RiskRegister[[#This Row],[Residual Likelihood Level]] -> -- Select Impact ----- Select Likelihood -- | AL29: =IF(OR(R29="-- Select Risk Response --", Z29="-- Select Risk Status --"), "Error", IF(AND(Z29="Closed", R29="Mitigate"), "Yes", "No")) -> Error | AM29: =IF(RiskRegister[[#This Row],[Risk Status]]="Closed",RiskRegister[[#This Row],[Residual Impact Level]],RiskRegister[[#This Row],[Inherent Impact Level]]) -> -- Select Impact -- | AN29: =IF(RiskRegister[[#This Row],[Risk Status]]="Closed",RiskRegister[[#This Row],[Residual Likelihood Level]],RiskRegister[[#This Row],[Inherent Likelihood Level]]) -> -- Select Likelihood -- | AO29: =IF(RiskRegister[[#This Row],[Risk Status]]="Closed",RiskRegister[[#This Row],[Residual-I-L-Combo]],RiskRegister[[#This Row],[Inherent-I-L-Combo]]) -> -- Select Impact ----- Select Likelihood -- | AP29: =IF(Z29="Closed", X29, P29) -> -- Error --
A30: 27 | G30: -- Select Risk Category -- | I30: -- select department -- | L30: -- Select Impact -- | M30: =VLOOKUP(RiskRegister[[#This Row],[Inherent Impact Level]],'Rating factors'!$F$4:$G$9,2,FALSE) -> --- Error --- | N30: -- Select Likelihood -- | O30: =VLOOKUP(RiskRegister[[#This Row],[Inherent Likelihood Level]],'Rating factors'!$F$16:$G$21,2,FALSE) -> --- Error --- | P30: =IFERROR(VLOOKUP(RiskRegister[[#This Row],[Inherent Risk Rating]],'Rating factors'!$F$30:$G$44,2,FALSE),"-- Error --") -> -- Error -- | Q30: =IFERROR(RiskRegister[[#This Row],[Inherent Impact Rating]]*RiskRegister[[#This Row],[Inherent Likelihood Rating]],"-- Error --") -> -- Error -- | R30: -- Select Risk Response -- | T30: -- Select Impact -- | U30: =VLOOKUP(RiskRegister[[#This Row],[Residual Impact Level]],'Rating factors'!$F$4:$G$9,2,FALSE) -> --- Error --- | V30: -- Select Likelihood -- | W30: =VLOOKUP(RiskRegister[[#This Row],[Residual Likelihood Level]],'Rating factors'!$F$16:$G$21,2,FALSE) -> --- Error --- | X30: =IFERROR(VLOOKUP(RiskRegister[[#This Row],[Residual Risk Rating]],'Rating factors'!$F$30:$G$44,2,FALSE),"-- Error --") -> -- Error -- | Y30: =IFERROR(RiskRegister[[#This Row],[Residual Impact Rating]]*RiskRegister[[#This Row],[Residual Likelihood Rating]],"-- Error --") -> -- Error -- | Z30: -- Select Risk Status -- | AD30: =IF(ISBLANK(RiskRegister[[#This Row],[Risk Due Date]]), "Missing Risk Due Date", IF(RiskRegister[[#This Row],[Risk Due Date]] < TODAY(), "Overdue", "Not Overdue")) -> Missing Risk Due Date | AF30: =IF(ISBLANK(RiskRegister[[#This Row],[Risk Due Date]]), "Missing Risk Due Date", TEXT(RiskRegister[[#This Row],[Risk Due Date]], "YYYY-MM")) -> Missing Risk Due Date | AG30: =IF(RiskRegister[[#This Row],[Created Date]]="","Created Date missing",(TEXT(RiskRegister[[#This Row],[Created Date]],"mmm") & "-" & YEAR(RiskRegister[[#This Row],[Created Date]]))) -> Created Date missing | AH30: =IF(RiskRegister[[#This Row],[Risk Status]]="Closed",RiskRegister[[#This Row],[Risk Close Date]],RiskRegister[[#This Row],[Risk Due Date]]) -> 0 | AI30: =IF(RiskRegister[[#This Row],[Risk-Change-Date]]=0,DATE(2030,1,1),RiskRegister[[#This Row],[Risk-Change-Date]]) -> 47484 | AJ30: =RiskRegister[[#This Row],[Inherent Impact Level]]&"-"&RiskRegister[[#This Row],[Inherent Likelihood Level]] -> -- Select Impact ----- Select Likelihood -- | AK30: =RiskRegister[[#This Row],[Residual Impact Level]]&"-"&RiskRegister[[#This Row],[Residual Likelihood Level]] -> -- Select Impact ----- Select Likelihood -- | AL30: =IF(OR(R30="-- Select Risk Response --", Z30="-- Select Risk Status --"), "Error", IF(AND(Z30="Closed", R30="Mitigate"), "Yes", "No")) -> Error | AM30: =IF(RiskRegister[[#This Row],[Risk Status]]="Closed",RiskRegister[[#This Row],[Residual Impact Level]],RiskRegister[[#This Row],[Inherent Impact Level]]) -> -- Select Impact -- | AN30: =IF(RiskRegister[[#This Row],[Risk Status]]="Closed",RiskRegister[[#This Row],[Residual Likelihood Level]],RiskRegister[[#This Row],[Inherent Likelihood Level]]) -> -- Select Likelihood -- | AO30: =IF(RiskRegister[[#This Row],[Risk Status]]="Closed",RiskRegister[[#This Row],[Residual-I-L-Combo]],RiskRegister[[#This Row],[Inherent-I-L-Combo]]) -> -- Select Impact ----- Select Likelihood -- | AP30: =IF(Z30="Closed", X30, P30) -> -- Error --
A31: 28 | G31: -- Select Risk Category -- | I31: -- select department -- | L31: -- Select Impact -- | M31: =VLOOKUP(RiskRegister[[#This Row],[Inherent Impact Level]],'Rating factors'!$F$4:$G$9,2,FALSE) -> --- Error --- | N31: -- Select Likelihood -- | O31: =VLOOKUP(RiskRegister[[#This Row],[Inherent Likelihood Level]],'Rating factors'!$F$16:$G$21,2,FALSE) -> --- Error --- | P31: =IFERROR(VLOOKUP(RiskRegister[[#This Row],[Inherent Risk Rating]],'Rating factors'!$F$30:$G$44,2,FALSE),"-- Error --") -> -- Error -- | Q31: =IFERROR(RiskRegister[[#This Row],[Inherent Impact Rating]]*RiskRegister[[#This Row],[Inherent Likelihood Rating]],"-- Error --") -> -- Error -- | R31: -- Select Risk Response -- | T31: -- Select Impact -- | U31: =VLOOKUP(RiskRegister[[#This Row],[Residual Impact Level]],'Rating factors'!$F$4:$G$9,2,FALSE) -> --- Error --- | V31: -- Select Likelihood -- | W31: =VLOOKUP(RiskRegister[[#This Row],[Residual Likelihood Level]],'Rating factors'!$F$16:$G$21,2,FALSE) -> --- Error --- | X31: =IFERROR(VLOOKUP(RiskRegister[[#This Row],[Residual Risk Rating]],'Rating factors'!$F$30:$G$44,2,FALSE),"-- Error --") -> -- Error -- | Y31: =IFERROR(RiskRegister[[#This Row],[Residual Impact Rating]]*RiskRegister[[#This Row],[Residual Likelihood Rating]],"-- Error --") -> -- Error -- | Z31: -- Select Risk Status -- | AD31: =IF(ISBLANK(RiskRegister[[#This Row],[Risk Due Date]]), "Missing Risk Due Date", IF(RiskRegister[[#This Row],[Risk Due Date]] < TODAY(), "Overdue", "Not Overdue")) -> Missing Risk Due Date | AF31: =IF(ISBLANK(RiskRegister[[#This Row],[Risk Due Date]]), "Missing Risk Due Date", TEXT(RiskRegister[[#This Row],[Risk Due Date]], "YYYY-MM")) -> Missing Risk Due Date | AG31: =IF(RiskRegister[[#This Row],[Created Date]]="","Created Date missing",(TEXT(RiskRegister[[#This Row],[Created Date]],"mmm") & "-" & YEAR(RiskRegister[[#This Row],[Created Date]]))) -> Created Date missing | AH31: =IF(RiskRegister[[#This Row],[Risk Status]]="Closed",RiskRegister[[#This Row],[Risk Close Date]],RiskRegister[[#This Row],[Risk Due Date]]) -> 0 | AI31: =IF(RiskRegister[[#This Row],[Risk-Change-Date]]=0,DATE(2030,1,1),RiskRegister[[#This Row],[Risk-Change-Date]]) -> 47484 | AJ31: =RiskRegister[[#This Row],[Inherent Impact Level]]&"-"&RiskRegister[[#This Row],[Inherent Likelihood Level]] -> -- Select Impact ----- Select Likelihood -- | AK31: =RiskRegister[[#This Row],[Residual Impact Level]]&"-"&RiskRegister[[#This Row],[Residual Likelihood Level]] -> -- Select Impact ----- Select Likelihood -- | AL31: =IF(OR(R31="-- Select Risk Response --", Z31="-- Select Risk Status --"), "Error", IF(AND(Z31="Closed", R31="Mitigate"), "Yes", "No")) -> Error | AM31: =IF(RiskRegister[[#This Row],[Risk Status]]="Closed",RiskRegister[[#This Row],[Residual Impact Level]],RiskRegister[[#This Row],[Inherent Impact Level]]) -> -- Select Impact -- | AN31: =IF(RiskRegister[[#This Row],[Risk Status]]="Closed",RiskRegister[[#This Row],[Residual Likelihood Level]],RiskRegister[[#This Row],[Inherent Likelihood Level]]) -> -- Select Likelihood -- | AO31: =IF(RiskRegister[[#This Row],[Risk Status]]="Closed",RiskRegister[[#This Row],[Residual-I-L-Combo]],RiskRegister[[#This Row],[Inherent-I-L-Combo]]) -> -- Select Impact ----- Select Likelihood -- | AP31: =IF(Z31="Closed", X31, P31) -> -- Error --
A32: 29 | G32: -- Select Risk Category -- | I32: -- select department -- | L32: -- Select Impact -- | M32: =VLOOKUP(RiskRegister[[#This Row],[Inherent Impact Level]],'Rating factors'!$F$4:$G$9,2,FALSE) -> --- Error --- | N32: -- Select Likelihood -- | O32: =VLOOKUP(RiskRegister[[#This Row],[Inherent Likelihood Level]],'Rating factors'!$F$16:$G$21,2,FALSE) -> --- Error --- | P32: =IFERROR(VLOOKUP(RiskRegister[[#This Row],[Inherent Risk Rating]],'Rating factors'!$F$30:$G$44,2,FALSE),"-- Error --") -> -- Error -- | Q32: =IFERROR(RiskRegister[[#This Row],[Inherent Impact Rating]]*RiskRegister[[#This Row],[Inherent Likelihood Rating]],"-- Error --") -> -- Error -- | R32: -- Select Risk Response -- | T32: -- Select Impact -- | U32: =VLOOKUP(RiskRegister[[#This Row],[Residual Impact Level]],'Rating factors'!$F$4:$G$9,2,FALSE) -> --- Error --- | V32: -- Select Likelihood -- | W32: =VLOOKUP(RiskRegister[[#This Row],[Residual Likelihood Level]],'Rating factors'!$F$16:$G$21,2,FALSE) -> --- Error --- | X32: =IFERROR(VLOOKUP(RiskRegister[[#This Row],[Residual Risk Rating]],'Rating factors'!$F$30:$G$44,2,FALSE),"-- Error --") -> -- Error -- | Y32: =IFERROR(RiskRegister[[#This Row],[Residual Impact Rating]]*RiskRegister[[#This Row],[Residual Likelihood Rating]],"-- Error --") -> -- Error -- | Z32: -- Select Risk Status -- | AD32: =IF(ISBLANK(RiskRegister[[#This Row],[Risk Due Date]]), "Missing Risk Due Date", IF(RiskRegister[[#This Row],[Risk Due Date]] < TODAY(), "Overdue", "Not Overdue")) -> Missing Risk Due Date | AF32: =IF(ISBLANK(RiskRegister[[#This Row],[Risk Due Date]]), "Missing Risk Due Date", TEXT(RiskRegister[[#This Row],[Risk Due Date]], "YYYY-MM")) -> Missing Risk Due Date | AG32: =IF(RiskRegister[[#This Row],[Created Date]]="","Created Date missing",(TEXT(RiskRegister[[#This Row],[Created Date]],"mmm") & "-" & YEAR(RiskRegister[[#This Row],[Created Date]]))) -> Created Date missing | AH32: =IF(RiskRegister[[#This Row],[Risk Status]]="Closed",RiskRegister[[#This Row],[Risk Close Date]],RiskRegister[[#This Row],[Risk Due Date]]) -> 0 | AI32: =IF(RiskRegister[[#This Row],[Risk-Change-Date]]=0,DATE(2030,1,1),RiskRegister[[#This Row],[Risk-Change-Date]]) -> 47484 | AJ32: =RiskRegister[[#This Row],[Inherent Impact Level]]&"-"&RiskRegister[[#This Row],[Inherent Likelihood Level]] -> -- Select Impact ----- Select Likelihood -- | AK32: =RiskRegister[[#This Row],[Residual Impact Level]]&"-"&RiskRegister[[#This Row],[Residual Likelihood Level]] -> -- Select Impact ----- Select Likelihood -- | AL32: =IF(OR(R32="-- Select Risk Response --", Z32="-- Select Risk Status --"), "Error", IF(AND(Z32="Closed", R32="Mitigate"), "Yes", "No")) -> Error | AM32: =IF(RiskRegister[[#This Row],[Risk Status]]="Closed",RiskRegister[[#This Row],[Residual Impact Level]],RiskRegister[[#This Row],[Inherent Impact Level]]) -> -- Select Impact -- | AN32: =IF(RiskRegister[[#This Row],[Risk Status]]="Closed",RiskRegister[[#This Row],[Residual Likelihood Level]],RiskRegister[[#This Row],[Inherent Likelihood Level]]) -> -- Select Likelihood -- | AO32: =IF(RiskRegister[[#This Row],[Risk Status]]="Closed",RiskRegister[[#This Row],[Residual-I-L-Combo]],RiskRegister[[#This Row],[Inherent-I-L-Combo]]) -> -- Select Impact ----- Select Likelihood -- | AP32: =IF(Z32="Closed", X32, P32) -> -- Error --
A33: 30 | G33: -- Select Risk Category -- | I33: -- select department -- | L33: -- Select Impact -- | M33: =VLOOKUP(RiskRegister[[#This Row],[Inherent Impact Level]],'Rating factors'!$F$4:$G$9,2,FALSE) -> --- Error --- | N33: -- Select Likelihood -- | O33: =VLOOKUP(RiskRegister[[#This Row],[Inherent Likelihood Level]],'Rating factors'!$F$16:$G$21,2,FALSE) -> --- Error --- | P33: =IFERROR(VLOOKUP(RiskRegister[[#This Row],[Inherent Risk Rating]],'Rating factors'!$F$30:$G$44,2,FALSE),"-- Error --") -> -- Error -- | Q33: =IFERROR(RiskRegister[[#This Row],[Inherent Impact Rating]]*RiskRegister[[#This Row],[Inherent Likelihood Rating]],"-- Error --") -> -- Error -- | R33: -- Select Risk Response -- | T33: -- Select Impact -- | U33: =VLOOKUP(RiskRegister[[#This Row],[Residual Impact Level]],'Rating factors'!$F$4:$G$9,2,FALSE) -> --- Error --- | V33: -- Select Likelihood -- | W33: =VLOOKUP(RiskRegister[[#This Row],[Residual Likelihood Level]],'Rating factors'!$F$16:$G$21,2,FALSE) -> --- Error --- | X33: =IFERROR(VLOOKUP(RiskRegister[[#This Row],[Residual Risk Rating]],'Rating factors'!$F$30:$G$44,2,FALSE),"-- Error --") -> -- Error -- | Y33: =IFERROR(RiskRegister[[#This Row],[Residual Impact Rating]]*RiskRegister[[#This Row],[Residual Likelihood Rating]],"-- Error --") -> -- Error -- | Z33: -- Select Risk Status -- | AD33: =IF(ISBLANK(RiskRegister[[#This Row],[Risk Due Date]]), "Missing Risk Due Date", IF(RiskRegister[[#This Row],[Risk Due Date]] < TODAY(), "Overdue", "Not Overdue")) -> Missing Risk Due Date | AF33: =IF(ISBLANK(RiskRegister[[#This Row],[Risk Due Date]]), "Missing Risk Due Date", TEXT(RiskRegister[[#This Row],[Risk Due Date]], "YYYY-MM")) -> Missing Risk Due Date | AG33: =IF(RiskRegister[[#This Row],[Created Date]]="","Created Date missing",(TEXT(RiskRegister[[#This Row],[Created Date]],"mmm") & "-" & YEAR(RiskRegister[[#This Row],[Created Date]]))) -> Created Date missing | AH33: =IF(RiskRegister[[#This Row],[Risk Status]]="Closed",RiskRegister[[#This Row],[Risk Close Date]],RiskRegister[[#This Row],[Risk Due Date]]) -> 0 | AI33: =IF(RiskRegister[[#This Row],[Risk-Change-Date]]=0,DATE(2030,1,1),RiskRegister[[#This Row],[Risk-Change-Date]]) -> 47484 | AJ33: =RiskRegister[[#This Row],[Inherent Impact Level]]&"-"&RiskRegister[[#This Row],[Inherent Likelihood Level]] -> -- Select Impact ----- Select Likelihood -- | AK33: =RiskRegister[[#This Row],[Residual Impact Level]]&"-"&RiskRegister[[#This Row],[Residual Likelihood Level]] -> -- Select Impact ----- Select Likelihood -- | AL33: =IF(OR(R33="-- Select Risk Response --", Z33="-- Select Risk Status --"), "Error", IF(AND(Z33="Closed", R33="Mitigate"), "Yes", "No")) -> Error | AM33: =IF(RiskRegister[[#This Row],[Risk Status]]="Closed",RiskRegister[[#This Row],[Residual Impact Level]],RiskRegister[[#This Row],[Inherent Impact Level]]) -> -- Select Impact -- | AN33: =IF(RiskRegister[[#This Row],[Risk Status]]="Closed",RiskRegister[[#This Row],[Residual Likelihood Level]],RiskRegister[[#This Row],[Inherent Likelihood Level]]) -> -- Select Likelihood -- | AO33: =IF(RiskRegister[[#This Row],[Risk Status]]="Closed",RiskRegister[[#This Row],[Residual-I-L-Combo]],RiskRegister[[#This Row],[Inherent-I-L-Combo]]) -> -- Select Impact ----- Select Likelihood -- | AP33: =IF(Z33="Closed", X33, P33) -> -- Error --
A34: 31 | G34: -- Select Risk Category -- | I34: -- select department -- | L34: -- Select Impact -- | M34: =VLOOKUP(RiskRegister[[#This Row],[Inherent Impact Level]],'Rating factors'!$F$4:$G$9,2,FALSE) -> --- Error --- | N34: -- Select Likelihood -- | O34: =VLOOKUP(RiskRegister[[#This Row],[Inherent Likelihood Level]],'Rating factors'!$F$16:$G$21,2,FALSE) -> --- Error --- | P34: =IFERROR(VLOOKUP(RiskRegister[[#This Row],[Inherent Risk Rating]],'Rating factors'!$F$30:$G$44,2,FALSE),"-- Error --") -> -- Error -- | Q34: =IFERROR(RiskRegister[[#This Row],[Inherent Impact Rating]]*RiskRegister[[#This Row],[Inherent Likelihood Rating]],"-- Error --") -> -- Error -- | R34: -- Select Risk Response -- | T34: -- Select Impact -- | U34: =VLOOKUP(RiskRegister[[#This Row],[Residual Impact Level]],'Rating factors'!$F$4:$G$9,2,FALSE) -> --- Error --- | V34: -- Select Likelihood -- | W34: =VLOOKUP(RiskRegister[[#This Row],[Residual Likelihood Level]],'Rating factors'!$F$16:$G$21,2,FALSE) -> --- Error --- | X34: =IFERROR(VLOOKUP(RiskRegister[[#This Row],[Residual Risk Rating]],'Rating factors'!$F$30:$G$44,2,FALSE),"-- Error --") -> -- Error -- | Y34: =IFERROR(RiskRegister[[#This Row],[Residual Impact Rating]]*RiskRegister[[#This Row],[Residual Likelihood Rating]],"-- Error --") -> -- Error -- | Z34: -- Select Risk Status -- | AD34: =IF(ISBLANK(RiskRegister[[#This Row],[Risk Due Date]]), "Missing Risk Due Date", IF(RiskRegister[[#This Row],[Risk Due Date]] < TODAY(), "Overdue", "Not Overdue")) -> Missing Risk Due Date | AF34: =IF(ISBLANK(RiskRegister[[#This Row],[Risk Due Date]]), "Missing Risk Due Date", TEXT(RiskRegister[[#This Row],[Risk Due Date]], "YYYY-MM")) -> Missing Risk Due Date | AG34: =IF(RiskRegister[[#This Row],[Created Date]]="","Created Date missing",(TEXT(RiskRegister[[#This Row],[Created Date]],"mmm") & "-" & YEAR(RiskRegister[[#This Row],[Created Date]]))) -> Created Date missing | AH34: =IF(RiskRegister[[#This Row],[Risk Status]]="Closed",RiskRegister[[#This Row],[Risk Close Date]],RiskRegister[[#This Row],[Risk Due Date]]) -> 0 | AI34: =IF(RiskRegister[[#This Row],[Risk-Change-Date]]=0,DATE(2030,1,1),RiskRegister[[#This Row],[Risk-Change-Date]]) -> 47484 | AJ34: =RiskRegister[[#This Row],[Inherent Impact Level]]&"-"&RiskRegister[[#This Row],[Inherent Likelihood Level]] -> -- Select Impact ----- Select Likelihood -- | AK34: =RiskRegister[[#This Row],[Residual Impact Level]]&"-"&RiskRegister[[#This Row],[Residual Likelihood Level]] -> -- Select Impact ----- Select Likelihood -- | AL34: =IF(OR(R34="-- Select Risk Response --", Z34="-- Select Risk Status --"), "Error", IF(AND(Z34="Closed", R34="Mitigate"), "Yes", "No")) -> Error | AM34: =IF(RiskRegister[[#This Row],[Risk Status]]="Closed",RiskRegister[[#This Row],[Residual Impact Level]],RiskRegister[[#This Row],[Inherent Impact Level]]) -> -- Select Impact -- | AN34: =IF(RiskRegister[[#This Row],[Risk Status]]="Closed",RiskRegister[[#This Row],[Residual Likelihood Level]],RiskRegister[[#This Row],[Inherent Likelihood Level]]) -> -- Select Likelihood -- | AO34: =IF(RiskRegister[[#This Row],[Risk Status]]="Closed",RiskRegister[[#This Row],[Residual-I-L-Combo]],RiskRegister[[#This Row],[Inherent-I-L-Combo]]) -> -- Select Impact ----- Select Likelihood -- | AP34: =IF(Z34="Closed", X34, P34) -> -- Error --
A35: 32 | G35: -- Select Risk Category -- | I35: -- select department -- | L35: -- Select Impact -- | M35: =VLOOKUP(RiskRegister[[#This Row],[Inherent Impact Level]],'Rating factors'!$F$4:$G$9,2,FALSE) -> --- Error --- | N35: -- Select Likelihood -- | O35: =VLOOKUP(RiskRegister[[#This Row],[Inherent Likelihood Level]],'Rating factors'!$F$16:$G$21,2,FALSE) -> --- Error --- | P35: =IFERROR(VLOOKUP(RiskRegister[[#This Row],[Inherent Risk Rating]],'Rating factors'!$F$30:$G$44,2,FALSE),"-- Error --") -> -- Error -- | Q35: =IFERROR(RiskRegister[[#This Row],[Inherent Impact Rating]]*RiskRegister[[#This Row],[Inherent Likelihood Rating]],"-- Error --") -> -- Error -- | R35: -- Select Risk Response -- | T35: -- Select Impact -- | U35: =VLOOKUP(RiskRegister[[#This Row],[Residual Impact Level]],'Rating factors'!$F$4:$G$9,2,FALSE) -> --- Error --- | V35: -- Select Likelihood -- | W35: =VLOOKUP(RiskRegister[[#This Row],[Residual Likelihood Level]],'Rating factors'!$F$16:$G$21,2,FALSE) -> --- Error --- | X35: =IFERROR(VLOOKUP(RiskRegister[[#This Row],[Residual Risk Rating]],'Rating factors'!$F$30:$G$44,2,FALSE),"-- Error --") -> -- Error -- | Y35: =IFERROR(RiskRegister[[#This Row],[Residual Impact Rating]]*RiskRegister[[#This Row],[Residual Likelihood Rating]],"-- Error --") -> -- Error -- | Z35: -- Select Risk Status -- | AD35: =IF(ISBLANK(RiskRegister[[#This Row],[Risk Due Date]]), "Missing Risk Due Date", IF(RiskRegister[[#This Row],[Risk Due Date]] < TODAY(), "Overdue", "Not Overdue")) -> Missing Risk Due Date | AF35: =IF(ISBLANK(RiskRegister[[#This Row],[Risk Due Date]]), "Missing Risk Due Date", TEXT(RiskRegister[[#This Row],[Risk Due Date]], "YYYY-MM")) -> Missing Risk Due Date | AG35: =IF(RiskRegister[[#This Row],[Created Date]]="","Created Date missing",(TEXT(RiskRegister[[#This Row],[Created Date]],"mmm") & "-" & YEAR(RiskRegister[[#This Row],[Created Date]]))) -> Created Date missing | AH35: =IF(RiskRegister[[#This Row],[Risk Status]]="Closed",RiskRegister[[#This Row],[Risk Close Date]],RiskRegister[[#This Row],[Risk Due Date]]) -> 0 | AI35: =IF(RiskRegister[[#This Row],[Risk-Change-Date]]=0,DATE(2030,1,1),RiskRegister[[#This Row],[Risk-Change-Date]]) -> 47484 | AJ35: =RiskRegister[[#This Row],[Inherent Impact Level]]&"-"&RiskRegister[[#This Row],[Inherent Likelihood Level]] -> -- Select Impact ----- Select Likelihood -- | AK35: =RiskRegister[[#This Row],[Residual Impact Level]]&"-"&RiskRegister[[#This Row],[Residual Likelihood Level]] -> -- Select Impact ----- Select Likelihood -- | AL35: =IF(OR(R35="-- Select Risk Response --", Z35="-- Select Risk Status --"), "Error", IF(AND(Z35="Closed", R35="Mitigate"), "Yes", "No")) -> Error | AM35: =IF(RiskRegister[[#This Row],[Risk Status]]="Closed",RiskRegister[[#This Row],[Residual Impact Level]],RiskRegister[[#This Row],[Inherent Impact Level]]) -> -- Select Impact -- | AN35: =IF(RiskRegister[[#This Row],[Risk Status]]="Closed",RiskRegister[[#This Row],[Residual Likelihood Level]],RiskRegister[[#This Row],[Inherent Likelihood Level]]) -> -- Select Likelihood -- | AO35: =IF(RiskRegister[[#This Row],[Risk Status]]="Closed",RiskRegister[[#This Row],[Residual-I-L-Combo]],RiskRegister[[#This Row],[Inherent-I-L-Combo]]) -> -- Select Impact ----- Select Likelihood -- | AP35: =IF(Z35="Closed", X35, P35) -> -- Error --
... A1003: 1000 | G1003: -- Select Risk Category -- | I1003: -- select department -- | L1003: -- Select Impact -- | M1003: =VLOOKUP(RiskRegister[[#This Row],[Inherent Impact Level]],'Rating factors'!$F$4:$G$9,2,FALSE) -> --- Error --- | N1003: -- Select Likelihood -- | O1003: =VLOOKUP(RiskRegister[[#This Row],[Inherent Likelihood Level]],'Rating factors'!$F$16:$G$21,2,FALSE) -> --- Error --- | P1003: =IFERROR(VLOOKUP(RiskRegister[[#This Row],[Inherent Risk Rating]],'Rating factors'!$F$30:$G$44,2,FALSE),"-- Error --") -> -- Error -- | Q1003: =IFERROR(RiskRegister[[#This Row],[Inherent Impact Rating]]*RiskRegister[[#This Row],[Inherent Likelihood Rating]],"-- Error --") -> -- Error -- | R1003: -- Select Risk Response -- | T1003: -- Select Impact -- | U1003: =VLOOKUP(RiskRegister[[#This Row],[Residual Impact Level]],'Rating factors'!$F$4:$G$9,2,FALSE) -> --- Error --- | V1003: -- Select Likelihood -- | W1003: =VLOOKUP(RiskRegister[[#This Row],[Residual Likelihood Level]],'Rating factors'!$F$16:$G$21,2,FALSE) -> --- Error --- | X1003: =IFERROR(VLOOKUP(RiskRegister[[#This Row],[Residual Risk Rating]],'Rating factors'!$F$30:$G$44,2,FALSE),"-- Error --") -> -- Error -- | Y1003: =IFERROR(RiskRegister[[#This Row],[Residual Impact Rating]]*RiskRegister[[#This Row],[Residual Likelihood Rating]],"-- Error --") -> -- Error -- | Z1003: -- Select Risk Status -- | AD1003: =IF(ISBLANK(RiskRegister[[#This Row],[Risk Due Date]]), "Missing Risk Due Date", IF(RiskRegister[[#This Row],[Risk Due Date]] < TODAY(), "Overdue", "Not Overdue")) -> Missing Risk Due Date | AF1003: =IF(ISBLANK(RiskRegister[[#This Row],[Risk Due Date]]), "Missing Risk Due Date", TEXT(RiskRegister[[#This Row],[Risk Due Date]], "YYYY-MM")) -> Missing Risk Due Date | AG1003: =IF(RiskRegister[[#This Row],[Created Date]]="","Created Date missing",(TEXT(RiskRegister[[#This Row],[Created Date]],"mmm") & "-" & YEAR(RiskRegister[[#This Row],[Created Date]]))) -> Created Date missing | AH1003: =IF(RiskRegister[[#This Row],[Risk Status]]="Closed",RiskRegister[[#This Row],[Risk Close Date]],RiskRegister[[#This Row],[Risk Due Date]]) -> 0 | AI1003: =IF(RiskRegister[[#This Row],[Risk-Change-Date]]=0,DATE(2030,1,1),RiskRegister[[#This Row],[Risk-Change-Date]]) -> 47484 | AJ1003: =RiskRegister[[#This Row],[Inherent Impact Level]]&"-"&RiskRegister[[#This Row],[Inherent Likelihood Level]] -> -- Select Impact ----- Select Likelihood -- | AK1003: =RiskRegister[[#This Row],[Residual Impact Level]]&"-"&RiskRegister[[#This Row],[Residual Likelihood Level]] -> -- Select Impact ----- Select Likelihood -- | AL1003: =IF(OR(R1003="-- Select Risk Response --", Z1003="-- Select Risk Status --"), "Error", IF(AND(Z1003="Closed", R1003="Mitigate"), "Yes", "No")) -> Error | AM1003: =IF(RiskRegister[[#This Row],[Risk Status]]="Closed",RiskRegister[[#This Row],[Residual Impact Level]],RiskRegister[[#This Row],[Inherent Impact Level]]) -> -- Select Impact -- | AN1003: =IF(RiskRegister[[#This Row],[Risk Status]]="Closed",RiskRegister[[#This Row],[Residual Likelihood Level]],RiskRegister[[#This Row],[Inherent Likelihood Level]]) -> -- Select Likelihood -- | AO1003: =IF(RiskRegister[[#This Row],[Risk Status]]="Closed",RiskRegister[[#This Row],[Residual-I-L-Combo]],RiskRegister[[#This Row],[Inherent-I-L-Combo]]) -> -- Select Impact ----- Select Likelihood -- | AP1003: =IF(Z1003="Closed", X1003, P1003) -> -- Error --

Sheet Tasks
I2: Related Risks | K2: Calculations for Pivots
A3: Task ID | B3: Created Date | C3: Task Title | D3: Task Description | E3: Assignee | F3: Status | G3: Due Date | H3: Comments | I3: Risk ID | J3: Risk Title | K3: Overdue? | L3: Due Month | M3: Due Year | N3: Risk-ID-Title-Combo | O3: Residual-I-L-Combo | P3: Mitigated? | Q3: Current Risk Level
A4: TASK-001 | B4: 45391 | C4: Implement New Firewall | D4: Simple task description | E4: Eve | F4: Closed | G4: 45400 | H4: Pending review. | I4: 1 | J4: =IFERROR(VLOOKUP(Tasks[[#This Row],[Risk ID]],RiskRegister[#All],2,FALSE),"Error!") -> Risk 1 | K4: =IF(OR(F4="", G4=""), "Error", IF(AND(F4<>"Closed", G4<=TODAY()), "Yes", "No")) -> No | N4: =Tasks[[#This Row],[Risk ID]]&" - " &Tasks[[#This Row],[Risk Title]] -> 1 - Risk 1
A5: TASK-002 | B5: 45332 | C5: Update Documentation | D5: Simple task description | E5: Alice | F5: Closed | G5: 45538 | H5: No comments | I5: 2 | J5: =IFERROR(VLOOKUP(Tasks[[#This Row],[Risk ID]],RiskRegister[#All],2,FALSE),"Error!") -> Risk 2 | K5: =IF(OR(F5="", G5=""), "Error", IF(AND(F5<>"Closed", G5<=TODAY()), "Yes", "No")) -> No | N5: =Tasks[[#This Row],[Risk ID]]&" - " &Tasks[[#This Row],[Risk Title]] -> 2 - Risk 2
A6: TASK-003 | B6: 45331 | C6: Conduct Risk Assessment | D6: Simple task description | E6: Eve | F6: In Progress | G6: 45504 | H6: Pending review. | I6: 3 | J6: =IFERROR(VLOOKUP(Tasks[[#This Row],[Risk ID]],RiskRegister[#All],2,FALSE),"Error!") -> Risk 3 | K6: =IF(OR(F6="", G6=""), "Error", IF(AND(F6<>"Closed", G6<=TODAY()), "Yes", "No")) -> Yes | N6: =Tasks[[#This Row],[Risk ID]]&" - " &Tasks[[#This Row],[Risk Title]] -> 3 - Risk 3
A7: TASK-004 | B7: 45391 | C7: Employee Training | D7: Simple task description | E7: Bob | F7: In Progress | G7: 45409 | H7: Pending review. | I7: 1 | J7: =IFERROR(VLOOKUP(Tasks[[#This Row],[Risk ID]],RiskRegister[#All],2,FALSE),"Error!") -> Risk 1 | K7: =IF(OR(F7="", G7=""), "Error", IF(AND(F7<>"Closed", G7<=TODAY()), "Yes", "No")) -> Yes | N7: =Tasks[[#This Row],[Risk ID]]&" - " &Tasks[[#This Row],[Risk Title]] -> 1 - Risk 1
A8: TASK-005 | B8: 45349 | C8: Conduct Risk Assessment | D8: Simple task description | E8: Diana | F8: Closed | G8: 45406 | H8: Pending review. | I8: 2 | J8: =IFERROR(VLOOKUP(Tasks[[#This Row],[Risk ID]],RiskRegister[#All],2,FALSE),"Error!") -> Risk 2 | K8: =IF(OR(F8="", G8=""), "Error", IF(AND(F8<>"Closed", G8<=TODAY()), "Yes", "No")) -> No | N8: =Tasks[[#This Row],[Risk ID]]&" - " &Tasks[[#This Row],[Risk Title]] -> 2 - Risk 2
A9: TASK-006 | B9: 45339 | C9: Conduct Risk Assessment | D9: Simple task description | E9: Bob | F9: In Progress | G9: 45515 | H9: Pending review. | I9: 4 | J9: =IFERROR(VLOOKUP(Tasks[[#This Row],[Risk ID]],RiskRegister[#All],2,FALSE),"Error!") -> Risk 4 | K9: =IF(OR(F9="", G9=""), "Error", IF(AND(F9<>"Closed", G9<=TODAY()), "Yes", "No")) -> Yes | N9: =Tasks[[#This Row],[Risk ID]]&" - " &Tasks[[#This Row],[Risk Title]] -> 4 - Risk 4
A10: TASK-007 | B10: 45391 | C10: Review Security Policies | D10: Simple task description | E10: Alice | F10: In Progress | G10: 45597 | H10: Pending review. | I10: 1 | J10: =IFERROR(VLOOKUP(Tasks[[#This Row],[Risk ID]],RiskRegister[#All],2,FALSE),"Error!") -> Risk 1 | K10: =IF(OR(F10="", G10=""), "Error", IF(AND(F10<>"Closed", G10<=TODAY()), "Yes", "No")) -> Yes | N10: =Tasks[[#This Row],[Risk ID]]&" - " &Tasks[[#This Row],[Risk Title]] -> 1 - Risk 1
A11: TASK-008 | B11: 45344 | C11: Update Documentation | D11: Simple task description | E11: Eve | F11: On Hold | G11: 45515 | H11: Pending review. | I11: 2 | J11: =IFERROR(VLOOKUP(Tasks[[#This Row],[Risk ID]],RiskRegister[#All],2,FALSE),"Error!") -> Risk 2 | K11: =IF(OR(F11="", G11=""), "Error", IF(AND(F11<>"Closed", G11<=TODAY()), "Yes", "No")) -> Yes | N11: =Tasks[[#This Row],[Risk ID]]&" - " &Tasks[[#This Row],[Risk Title]] -> 2 - Risk 2
A12: TASK-009 | B12: 45343 | C12: Conduct Risk Assessment | D12: Simple task description | E12: Bob | F12: Not Started | G12: 45329 | H12: Pending review. | I12: 3 | J12: =IFERROR(VLOOKUP(Tasks[[#This Row],[Risk ID]],RiskRegister[#All],2,FALSE),"Error!") -> Risk 3 | K12: =IF(OR(F12="", G12=""), "Error", IF(AND(F12<>"Closed", G12<=TODAY()), "Yes", "No")) -> Yes | N12: =Tasks[[#This Row],[Risk ID]]&" - " &Tasks[[#This Row],[Risk Title]] -> 3 - Risk 3
A13: TASK-010 | B13: 45391 | C13: Implement new tool | D13: Simple task description | E13: Charlie | F13: Not Started | G13: 45530 | H13: Pending review. | I13: 1 | J13: =IFERROR(VLOOKUP(Tasks[[#This Row],[Risk ID]],RiskRegister[#All],2,FALSE),"Error!") -> Risk 1 | K13: =IF(OR(F13="", G13=""), "Error", IF(AND(F13<>"Closed", G13<=TODAY()), "Yes", "No")) -> Yes | N13: =Tasks[[#This Row],[Risk ID]]&" - " &Tasks[[#This Row],[Risk Title]] -> 1 - Risk 1
A14: TASK-011 | B14: 45326 | C14: Employee Training | D14: Simple task description | E14: Diana | F14: On Hold | G14: 45524 | H14: No comments | I14: 2 | J14: =IFERROR(VLOOKUP(Tasks[[#This Row],[Risk ID]],RiskRegister[#All],2,FALSE),"Error!") -> Risk 2 | K14: =IF(OR(F14="", G14=""), "Error", IF(AND(F14<>"Closed", G14<=TODAY()), "Yes", "No")) -> Yes | N14: =Tasks[[#This Row],[Risk ID]]&" - " &Tasks[[#This Row],[Risk Title]] -> 2 - Risk 2
A15: TASK-012 | B15: 45336 | C15: Implement new tool | D15: Simple task description | E15: Eve | F15: In Progress | G15: 45343 | H15: No comments | I15: 3 | J15: =IFERROR(VLOOKUP(Tasks[[#This Row],[Risk ID]],RiskRegister[#All],2,FALSE),"Error!") -> Risk 3 | K15: =IF(OR(F15="", G15=""), "Error", IF(AND(F15<>"Closed", G15<=TODAY()), "Yes", "No")) -> Yes | N15: =Tasks[[#This Row],[Risk ID]]&" - " &Tasks[[#This Row],[Risk Title]] -> 3 - Risk 3
... A23: TASK-020 | B23: 45325 | C23: Employee Training | D23: Simple task description | E23: Diana | F23: In Progress | G23: 45457 | H23: Pending review. | I23: 2 | J23: =IFERROR(VLOOKUP(Tasks[[#This Row],[Risk ID]],RiskRegister[#All],2,FALSE),"Error!") -> Risk 2 | K23: =IF(OR(F23="", G23=""), "Error", IF(AND(F23<>"Closed", G23<=TODAY()), "Yes", "No")) -> Yes | N23: =Tasks[[#This Row],[Risk ID]]&" - " &Tasks[[#This Row],[Risk Title]] -> 2 - Risk 2
A24: TASK-021 | J24: =IFERROR(VLOOKUP(Tasks[[#This Row],[Risk ID]],RiskRegister[#All],2,FALSE),"Error!") -> Error! | K24: =IF(OR(F24="", G24=""), "Error", IF(AND(F24<>"Closed", G24<=TODAY()), "Yes", "No")) -> Error | N24: =Tasks[[#This Row],[Risk ID]]&" - " &Tasks[[#This Row],[Risk Title]] -> - Error!
A25: TASK-022 | J25: =IFERROR(VLOOKUP(Tasks[[#This Row],[Risk ID]],RiskRegister[#All],2,FALSE),"Error!") -> Error! | K25: =IF(OR(F25="", G25=""), "Error", IF(AND(F25<>"Closed", G25<=TODAY()), "Yes", "No")) -> Error | N25: =Tasks[[#This Row],[Risk ID]]&" - " &Tasks[[#This Row],[Risk Title]] -> - Error!
A26: TASK-023 | J26: =IFERROR(VLOOKUP(Tasks[[#This Row],[Risk ID]],RiskRegister[#All],2,FALSE),"Error!") -> Error! | K26: =IF(OR(F26="", G26=""), "Error", IF(AND(F26<>"Closed", G26<=TODAY()), "Yes", "No")) -> Error | N26: =Tasks[[#This Row],[Risk ID]]&" - " &Tasks[[#This Row],[Risk Title]] -> - Error!
A27: TASK-024 | J27: =IFERROR(VLOOKUP(Tasks[[#This Row],[Risk ID]],RiskRegister[#All],2,FALSE),"Error!") -> Error! | K27: =IF(OR(F27="", G27=""), "Error", IF(AND(F27<>"Closed", G27<=TODAY()), "Yes", "No")) -> Error | N27: =Tasks[[#This Row],[Risk ID]]&" - " &Tasks[[#This Row],[Risk Title]] -> - Error!
A28: TASK-025 | J28: =IFERROR(VLOOKUP(Tasks[[#This Row],[Risk ID]],RiskRegister[#All],2,FALSE),"Error!") -> Error! | K28: =IF(OR(F28="", G28=""), "Error", IF(AND(F28<>"Closed", G28<=TODAY()), "Yes", "No")) -> Error | N28: =Tasks[[#This Row],[Risk ID]]&" - " &Tasks[[#This Row],[Risk Title]] -> - Error!
A29: TASK-026 | J29: =IFERROR(VLOOKUP(Tasks[[#This Row],[Risk ID]],RiskRegister[#All],2,FALSE),"Error!") -> Error! | K29: =IF(OR(F29="", G29=""), "Error", IF(AND(F29<>"Closed", G29<=TODAY()), "Yes", "No")) -> Error | N29: =Tasks[[#This Row],[Risk ID]]&" - " &Tasks[[#This Row],[Risk Title]] -> - Error!
A30: TASK-027 | J30: =IFERROR(VLOOKUP(Tasks[[#This Row],[Risk ID]],RiskRegister[#All],2,FALSE),"Error!") -> Error! | K30: =IF(OR(F30="", G30=""), "Error", IF(AND(F30<>"Closed", G30<=TODAY()), "Yes", "No")) -> Error | N30: =Tasks[[#This Row],[Risk ID]]&" - " &Tasks[[#This Row],[Risk Title]] -> - Error!
A31: TASK-028 | J31: =IFERROR(VLOOKUP(Tasks[[#This Row],[Risk ID]],RiskRegister[#All],2,FALSE),"Error!") -> Error! | K31: =IF(OR(F31="", G31=""), "Error", IF(AND(F31<>"Closed", G31<=TODAY()), "Yes", "No")) -> Error | N31: =Tasks[[#This Row],[Risk ID]]&" - " &Tasks[[#This Row],[Risk Title]] -> - Error!
A32: TASK-029 | J32: =IFERROR(VLOOKUP(Tasks[[#This Row],[Risk ID]],RiskRegister[#All],2,FALSE),"Error!") -> Error! | K32: =IF(OR(F32="", G32=""), "Error", IF(AND(F32<>"Closed", G32<=TODAY()), "Yes", "No")) -> Error | N32: =Tasks[[#This Row],[Risk ID]]&" - " &Tasks[[#This Row],[Risk Title]] -> - Error!
A33: TASK-030 | J33: =IFERROR(VLOOKUP(Tasks[[#This Row],[Risk ID]],RiskRegister[#All],2,FALSE),"Error!") -> Error! | K33: =IF(OR(F33="", G33=""), "Error", IF(AND(F33<>"Closed", G33<=TODAY()), "Yes", "No")) -> Error | N33: =Tasks[[#This Row],[Risk ID]]&" - " &Tasks[[#This Row],[Risk Title]] -> - Error!
A34: TASK-031 | J34: =IFERROR(VLOOKUP(Tasks[[#This Row],[Risk ID]],RiskRegister[#All],2,FALSE),"Error!") -> Error! | K34: =IF(OR(F34="", G34=""), "Error", IF(AND(F34<>"Closed", G34<=TODAY()), "Yes", "No")) -> Error | N34: =Tasks[[#This Row],[Risk ID]]&" - " &Tasks[[#This Row],[Risk Title]] -> - Error!
A35: TASK-032 | J35: =IFERROR(VLOOKUP(Tasks[[#This Row],[Risk ID]],RiskRegister[#All],2,FALSE),"Error!") -> Error! | K35: =IF(OR(F35="", G35=""), "Error", IF(AND(F35<>"Closed", G35<=TODAY()), "Yes", "No")) -> Error | N35: =Tasks[[#This Row],[Risk ID]]&" - " &Tasks[[#This Row],[Risk Title]] -> - Error!
... A94: TASK-091 | J94: =IFERROR(VLOOKUP(Tasks[[#This Row],[Risk ID]],RiskRegister[#All],2,FALSE),"Error!") -> Error! | K94: =IF(OR(F94="", G94=""), "Error", IF(AND(F94<>"Closed", G94<=TODAY()), "Yes", "No")) -> Error | N94: =Tasks[[#This Row],[Risk ID]]&" - " &Tasks[[#This Row],[Risk Title]] -> - Error!
A95: TASK-092 | J95: =IFERROR(VLOOKUP(Tasks[[#This Row],[Risk ID]],RiskRegister[#All],2,FALSE),"Error!") -> Error! | K95: =IF(OR(F94="", G95=""), "Error", IF(AND(F94<>"Closed", G95<=TODAY()), "Yes", "No")) -> Error | N95: =Tasks[[#This Row],[Risk ID]]&" - " &Tasks[[#This Row],[Risk Title]] -> - Error!
A96: TASK-093 | J96: =IFERROR(VLOOKUP(Tasks[[#This Row],[Risk ID]],RiskRegister[#All],2,FALSE),"Error!") -> Error! | K96: =IF(OR(F96="", G96=""), "Error", IF(AND(F96<>"Closed", G96<=TODAY()), "Yes", "No")) -> Error | N96: =Tasks[[#This Row],[Risk ID]]&" - " &Tasks[[#This Row],[Risk Title]] -> - Error!
A97: TASK-094 | J97: =IFERROR(VLOOKUP(Tasks[[#This Row],[Risk ID]],RiskRegister[#All],2,FALSE),"Error!") -> Error! | K97: =IF(OR(F97="", G97=""), "Error", IF(AND(F97<>"Closed", G97<=TODAY()), "Yes", "No")) -> Error | N97: =Tasks[[#This Row],[Risk ID]]&" - " &Tasks[[#This Row],[Risk Title]] -> - Error!
A98: TASK-095 | J98: =IFERROR(VLOOKUP(Tasks[[#This Row],[Risk ID]],RiskRegister[#All],2,FALSE),"Error!") -> Error! | K98: =IF(OR(F98="", G98=""), "Error", IF(AND(F98<>"Closed", G98<=TODAY()), "Yes", "No")) -> Error | N98: =Tasks[[#This Row],[Risk ID]]&" - " &Tasks[[#This Row],[Risk Title]] -> - Error!
A99: TASK-096 | J99: =IFERROR(VLOOKUP(Tasks[[#This Row],[Risk ID]],RiskRegister[#All],2,FALSE),"Error!") -> Error! | K99: =IF(OR(F99="", G99=""), "Error", IF(AND(F99<>"Closed", G99<=TODAY()), "Yes", "No")) -> Error | N99: =Tasks[[#This Row],[Risk ID]]&" - " &Tasks[[#This Row],[Risk Title]] -> - Error!
A100: TASK-097 | J100: =IFERROR(VLOOKUP(Tasks[[#This Row],[Risk ID]],RiskRegister[#All],2,FALSE),"Error!") -> Error! | K100: =IF(OR(F100="", G100=""), "Error", IF(AND(F100<>"Closed", G100<=TODAY()), "Yes", "No")) -> Error | N100: =Tasks[[#This Row],[Risk ID]]&" - " &Tasks[[#This Row],[Risk Title]] -> - Error!
A101: TASK-098 | J101: =IFERROR(VLOOKUP(Tasks[[#This Row],[Risk ID]],RiskRegister[#All],2,FALSE),"Error!") -> Error! | K101: =IF(OR(F101="", G101=""), "Error", IF(AND(F101<>"Closed", G101<=TODAY()), "Yes", "No")) -> Error | N101: =Tasks[[#This Row],[Risk ID]]&" - " &Tasks[[#This Row],[Risk Title]] -> - Error!
A102: TASK-099 | J102: =IFERROR(VLOOKUP(Tasks[[#This Row],[Risk ID]],RiskRegister[#All],2,FALSE),"Error!") -> Error! | K102: =IF(OR(F102="", G102=""), "Error", IF(AND(F102<>"Closed", G102<=TODAY()), "Yes", "No")) -> Error | N102: =Tasks[[#This Row],[Risk ID]]&" - " &Tasks[[#This Row],[Risk Title]] -> - Error!
A103: TASK-100 | J103: =IFERROR(VLOOKUP(Tasks[[#This Row],[Risk ID]],RiskRegister[#All],2,FALSE),"Error!") -> Error! | K103: =IF(OR(F103="", G103=""), "Error", IF(AND(F103<>"Closed", G103<=TODAY()), "Yes", "No")) -> Error | N103: =Tasks[[#This Row],[Risk ID]]&" - " &Tasks[[#This Row],[Risk Title]] -> - Error!

Sheet RiskPivots
B3: Inherent Risk Levels and Ratings
B4: Note: 1) In both the below Pivot tables, the rows where Inherent Risk is not calculated is excluded ( "-- Error --") 2) The Risk Rating table is used for updating the Heatmaps
B7: Inherent Risk Level | C7: Count | E7: Inherent Risk Rating | F7: Count
B8: High | C8: 5 | E8: 3 | F8: 1
B9: Low | C9: 3 | E9: 4 | F9: 2
B10: Medium | C10: 12 | E10: 5 | F10: 3
B11: Grand Total | C11: 20 | E11: 8 | F11: 1
E12: 10 | F12: 2
E13: 12 | F13: 1
E14: 15 | F14: 4
E15: 16 | F15: 1
E16: 20 | F16: 2
E17: 25 | F17: 3
E18: Grand Total | F18: 20
B21: Residual Risk Levels and Ratings
B22: Note: in both the below Pivot tables, the rows where Inherent Risk is not calculated is excluded ( "-- Error --")
B25: Residual Risk Level | C25: Count | E25: Residual Risk Rating | F25: Count
B26: High | C26: 1 | E26: 2 | F26: 3
B27: Medium | C27: 8 | E27: 4 | F27: 7
B28: Low | C28: 11 | E28: 5 | F28: 1
B29: -- Error -- | C29: 980 | E29: 6 | F29: 1
B30: Grand Total | C30: 1000 | E30: 8 | F30: 6
E31: 25 | F31: 1
E32: Grand Total | F32: 19
B37: Combined Inherent and Residual Risk
B38: This table takes the data from the above two pivot tables and is used for the chart
C40: Inherent Risks | D40: Residual Risks
B41: High | C41: =IFERROR(GETPIVOTDATA("Risk ID",$B$7,"Inherent Risk Level",B41),0) -> 5 | D41: =IFERROR(GETPIVOTDATA("Risk ID",$B$25,"Residual Risk Level",B41), 0) -> 1
B42: Low | C42: =IFERROR(GETPIVOTDATA("Risk ID",$B$7,"Inherent Risk Level",B42),0) -> 3 | D42: =IFERROR(GETPIVOTDATA("Risk ID",$B$25,"Residual Risk Level",B42), 0) -> 11
B43: Medium | C43: =IFERROR(GETPIVOTDATA("Risk ID",$B$7,"Inherent Risk Level",B43),0) -> 12 | D43: =IFERROR(GETPIVOTDATA("Risk ID",$B$25,"Residual Risk Level",B43), 0) -> 8
B45: Current Risk Level
B46: Risk level based on the status of the risk. If its closed, then the residual risk is returned, else the inherent risk is returned. Based on the Current Risk Level column in Calculations for Pivots section in the Risk Register.
B48: Risk Status | C48: Count
B49: High | C49: 5
B50: Low | C50: 3
B51: Medium | C51: 12
B52: Grand Total | C52: 20
B55: Risks above threshold
B56: Risk level based on the status of the risk. This is calculated from the Pivot in "Current Risk Level" section. Note: In this case, the unacceptable risks are High and Medium. Based on your risk appetite, please make appropriate changes
B61: Risk Status | C61: Count
B62: High | C62: 5
B63: Medium | C63: 12
B64: Grand Total | C64: 17 | E64: =GETPIVOTDATA("Risk ID",$B$48,"Current Risk Level","High")+GETPIVOTDATA("Risk ID",$B$48,"Current Risk Level","Medium") -> 17 | F64: =100*(GETPIVOTDATA("Risk ID",$B$48,"Current Risk Level","High")+GETPIVOTDATA("Risk ID",$B$48,"Current Risk Level","Medium"))/GETPIVOTDATA("Risk ID",$B$48) & "%" -> 85%
B68: Mitigated Risks
B69: Number of risks that are mitigated as a percentage of the total. Errors are filtered out
B71: Mitigated? | C71: Count
B72: No | C72: 0.95 | E72: Mitigated Risks
B73: Yes | C73: 0.05 | E73: =GETPIVOTDATA("Risk ID",$B$71,"Mitigated?","Yes") -> 0.05
B74: Grand Total | C74: 1
B78: Status of all risks
B79: Status of all risks excluding the ones where the status is not selected
B82: Risk Status | C82: Count
B83: Open | C83: 4
B84: In Progress | C84: 13
B85: Closed | C85: 3
B86: Grand Total | C86: 20
B89: Total active risks
B90: Sum of all 'Open' and 'In Progress' statuses, calculated from the above pivot. If you add new statuses, update the formula
B92: Total active risks | C92: =GETPIVOTDATA("Risk ID",$B$82,"Risk Status","Open")+GETPIVOTDATA("Risk ID",$B$82,"Risk Status","In Progress") -> 17
B95: Status of all Mitigated and Accepted risks
B96: Status of all risks where the Risk Response is either Mitigation or Acceptance. Excludes the ones where the status is not selected
B99: Count | C99: Risk Response Strategy
B100: Risk Status | C100: Accept | D100: Mitigate | E100: Grand Total
B101: Open | C101: 1 | D101: 3 | E101: 4
B102: In Progress | C102: 0 | D102: 13 | E102: 13
B103: Closed | C103: 2 | D103: 1 | E103: 3
B104: Grand Total | C104: 3 | D104: 17 | E104: 20
B111: Total accepted risks
B112: Count of Risk with 'Closed' status and Risk Response Strategy as "Accept" calculated from the above pivot. If you add new statuses, update the formula
B114: Total accepted risks | C114: =GETPIVOTDATA("Risk ID",$B$99,"Risk Response Strategy","Accept","Risk Status","Closed") -> 2
B115: % accepted risks | C115: =100*C114/GETPIVOTDATA("Risk ID",$B$99) & "%" -> 10%
B118: Overdue Risks
B119: Count of risks with In Progress status that have exceeded the due date
B124: Risk Status | C124: In Progress
B126: Risk Status | C126: Count of Risk ID | E126: Total risks overdue | F126: =GETPIVOTDATA("Risk ID",$B$126,"Overdue?","Overdue") -> 12
B127: Overdue | C127: 12
B128: Not Overdue | C128: 1
B129: Grand Total | C129: 13
B137: Total active risks by Risk Response
B138: Sum of all 'Open' and 'In Progress' statuses for ones where Risk Response is either Mitigation or Acceptance, calculated from the above pivot. If you add new statuses, update the formula
C140: Accept | D140: Mitigate | E140: Total
B141: Total active risks | C141: =GETPIVOTDATA("Risk ID",$B$99,"Risk Response Strategy","Accept","Risk Status","Open")+GETPIVOTDATA("Risk ID",$B$99,"Risk Response Strategy","Accept","Risk Status","In Progress") -> 1 | D141: =GETPIVOTDATA("Risk ID",$B$99,"Risk Response Strategy","Mitigate","Risk Status","Open")+GETPIVOTDATA("Risk ID",$B$99,"Risk Response Strategy","Mitigate","Risk Status","In Progress") -> 16 | E141: =C141+D141 -> 17
B146: Heatmap calculation for Current Risks
B147: The 1st table filters only the active risks The 2nd table is used to populate the Heatmap for Risks Make sure the count matches with the total active risks value
B151: Risk Status | C151: (Multiple Items)
B153: Current-I-L-Combo | C153: Count | E153: Very Low-Highly Likely | F153: =IFERROR(GETPIVOTDATA("Risk ID",$B$153,"Current-I-L-Combo",E153),0) -> 2
B154: High-Highly Likely | C154: 2 | E154: Very Low-Likely | F154: =IFERROR(GETPIVOTDATA("Risk ID",$B$153,"Current-I-L-Combo",E154),0) -> 1
B155: High-Likely | C155: 1 | E155: Very Low-Possible | F155: =IFERROR(GETPIVOTDATA("Risk ID",$B$153,"Current-I-L-Combo",E155),0) -> 1
B156: High-Possible | C156: 1 | E156: Very Low-Unlikely | F156: =IFERROR(GETPIVOTDATA("Risk ID",$B$153,"Current-I-L-Combo",E156),0) -> 0
B157: Low-Highly Likely | C157: 2 | E157: Very Low-Rare | F157: =IFERROR(GETPIVOTDATA("Risk ID",$B$153,"Current-I-L-Combo",E157),0) -> 0
B158: Moderate-Highly Likely | C158: 3 | E158: Low-Highly Likely | F158: =IFERROR(GETPIVOTDATA("Risk ID",$B$153,"Current-I-L-Combo",E158),0) -> 2
B159: Very High-Highly Likely | C159: 2 | E159: Low-Likely | F159: =IFERROR(GETPIVOTDATA("Risk ID",$B$153,"Current-I-L-Combo",E159),0) -> 0
B160: Very High-Possible | C160: 1 | E160: Low-Possible | F160: =IFERROR(GETPIVOTDATA("Risk ID",$B$153,"Current-I-L-Combo",E160),0) -> 0
B161: Very High-Rare | C161: 1 | E161: Low-Unlikely | F161: =IFERROR(GETPIVOTDATA("Risk ID",$B$153,"Current-I-L-Combo",E161),0) -> 0
B162: Very Low-Highly Likely | C162: 2 | E162: Low-Rare | F162: =IFERROR(GETPIVOTDATA("Risk ID",$B$153,"Current-I-L-Combo",E162),0) -> 0
B163: Very Low-Likely | C163: 1 | E163: Moderate-Highly Likely | F163: =IFERROR(GETPIVOTDATA("Risk ID",$B$153,"Current-I-L-Combo",E163),0) -> 3
B164: Very Low-Possible | C164: 1 | E164: Moderate-Likely | F164: =IFERROR(GETPIVOTDATA("Risk ID",$B$153,"Current-I-L-Combo",E164),0) -> 0
B165: Grand Total | C165: 17 | E165: Moderate-Possible | F165: =IFERROR(GETPIVOTDATA("Risk ID",$B$153,"Current-I-L-Combo",E165),0) -> 0
E166: Moderate-Unlikely | F166: =IFERROR(GETPIVOTDATA("Risk ID",$B$153,"Current-I-L-Combo",E166),0) -> 0
E167: Moderate-Rare | F167: =IFERROR(GETPIVOTDATA("Risk ID",$B$153,"Current-I-L-Combo",E167),0) -> 0
...

Sheet RiskTimeline
B2: Timeline start | C2: 45292
B3: Interval (months) | C3: 1
I5: Timeline area
B6: Risk Status | C6: (Multiple Items)
H7: Average Risk Score | I7: =AVERAGE(I9:I108) -> 11.3 | J7: =AVERAGE(J9:J108) -> 10.5 | K7: =AVERAGE(K9:K108) -> 9.65 | L7: =AVERAGE(L9:L108) -> 9.65 | M7: =AVERAGE(M9:M108) -> 9.55 | N7: =AVERAGE(N9:N108) -> 9 | O7: =AVERAGE(O9:O108) -> 8.15 | P7: =AVERAGE(P9:P108) -> 8.15 | ... T7: =AVERAGE(T9:T108) -> 7.9
B8: Risks | C8: Inherent Risk | D8: Residual Risk | E8: Date when Risk Score Changes | H8: Date | I8: =C2 -> 45292 | J8: =EDATE(I8,$C$3) -> 45323 | K8: =EDATE(J8,$C$3) -> 45352 | L8: =EDATE(K8,$C$3) -> 45383 | M8: =EDATE(L8,$C$3) -> 45413 | N8: =EDATE(M8,$C$3) -> 45444 | O8: =EDATE(N8,$C$3) -> 45474 | P8: =EDATE(O8,$C$3) -> 45505 | Q8: =EDATE(P8,$C$3) -> 45536 | ... T8: =EDATE(S8,$C$3) -> 45627
B9: 1 | C9: 5 | D9: 5 | E9: 47484 | I9: =IF(OR(I$8="", $E9=""), "", IF(I$8<$E9, IF($C9=0, "", $C9), $D9)) -> 5 | J9: =IF(OR(J$8="", $E9=""), "", IF(J$8<$E9, IF($C9=0, "", $C9), $D9)) -> 5 | K9: =IF(OR(K$8="", $E9=""), "", IF(K$8<$E9, IF($C9=0, "", $C9), $D9)) -> 5 | L9: =IF(OR(L$8="", $E9=""), "", IF(L$8<$E9, IF($C9=0, "", $C9), $D9)) -> 5 | M9: =IF(OR(M$8="", $E9=""), "", IF(M$8<$E9, IF($C9=0, "", $C9), $D9)) -> 5 | N9: =IF(OR(N$8="", $E9=""), "", IF(N$8<$E9, IF($C9=0, "", $C9), $D9)) -> 5 | O9: =IF(OR(O$8="", $E9=""), "", IF(O$8<$E9, IF($C9=0, "", $C9), $D9)) -> 5 | P9: =IF(OR(P$8="", $E9=""), "", IF(P$8<$E9, IF($C9=0, "", $C9), $D9)) -> 5 | ... T9: =IF(OR(T$8="", $E9=""), "", IF(T$8<$E9, IF($C9=0, "", $C9), $D9)) -> 5
B10: 2 | C10: 8 | D10: 8 | E10: 47484 | I10: =IF(OR(I$8="", $E10=""), "", IF(I$8<$E10, IF($C10=0, "", $C10), $D10)) -> 8 | J10: =IF(OR(J$8="", $E10=""), "", IF(J$8<$E10, IF($C10=0, "", $C10), $D10)) -> 8 | K10: =IF(OR(K$8="", $E10=""), "", IF(K$8<$E10, IF($C10=0, "", $C10), $D10)) -> 8 | L10: =IF(OR(L$8="", $E10=""), "", IF(L$8<$E10, IF($C10=0, "", $C10), $D10)) -> 8 | M10: =IF(OR(M$8="", $E10=""), "", IF(M$8<$E10, IF($C10=0, "", $C10), $D10)) -> 8 | N10: =IF(OR(N$8="", $E10=""), "", IF(N$8<$E10, IF($C10=0, "", $C10), $D10)) -> 8 | O10: =IF(OR(O$8="", $E10=""), "", IF(O$8<$E10, IF($C10=0, "", $C10), $D10)) -> 8 | P10: =IF(OR(P$8="", $E10=""), "", IF(P$8<$E10, IF($C10=0, "", $C10), $D10)) -> 8 | ... T10: =IF(OR(T$8="", $E10=""), "", IF(T$8<$E10, IF($C10=0, "", $C10), $D10)) -> 8
B11: 3 | C11: 15 | D11: 4 | E11: 45420 | I11: =IF(OR(I$8="", $E11=""), "", IF(I$8<$E11, IF($C11=0, "", $C11), $D11)) -> 15 | J11: =IF(OR(J$8="", $E11=""), "", IF(J$8<$E11, IF($C11=0, "", $C11), $D11)) -> 15 | K11: =IF(OR(K$8="", $E11=""), "", IF(K$8<$E11, IF($C11=0, "", $C11), $D11)) -> 15 | L11: =IF(OR(L$8="", $E11=""), "", IF(L$8<$E11, IF($C11=0, "", $C11), $D11)) -> 15 | M11: =IF(OR(M$8="", $E11=""), "", IF(M$8<$E11, IF($C11=0, "", $C11), $D11)) -> 15 | N11: =IF(OR(N$8="", $E11=""), "", IF(N$8<$E11, IF($C11=0, "", $C11), $D11)) -> 4 | O11: =IF(OR(O$8="", $E11=""), "", IF(O$8<$E11, IF($C11=0, "", $C11), $D11)) -> 4 | P11: =IF(OR(P$8="", $E11=""), "", IF(P$8<$E11, IF($C11=0, "", $C11), $D11)) -> 4 | ... T11: =IF(OR(T$8="", $E11=""), "", IF(T$8<$E11, IF($C11=0, "", $C11), $D11)) -> 4
B12: 4 | C12: 16 | D12: 2 | E12: 47484 | I12: =IF(OR(I$8="", $E12=""), "", IF(I$8<$E12, IF($C12=0, "", $C12), $D12)) -> 16 | J12: =IF(OR(J$8="", $E12=""), "", IF(J$8<$E12, IF($C12=0, "", $C12), $D12)) -> 16 | K12: =IF(OR(K$8="", $E12=""), "", IF(K$8<$E12, IF($C12=0, "", $C12), $D12)) -> 16 | L12: =IF(OR(L$8="", $E12=""), "", IF(L$8<$E12, IF($C12=0, "", $C12), $D12)) -> 16 | M12: =IF(OR(M$8="", $E12=""), "", IF(M$8<$E12, IF($C12=0, "", $C12), $D12)) -> 16 | N12: =IF(OR(N$8="", $E12=""), "", IF(N$8<$E12, IF($C12=0, "", $C12), $D12)) -> 16 | O12: =IF(OR(O$8="", $E12=""), "", IF(O$8<$E12, IF($C12=0, "", $C12), $D12)) -> 16 | P12: =IF(OR(P$8="", $E12=""), "", IF(P$8<$E12, IF($C12=0, "", $C12), $D12)) -> 16 | ... T12: =IF(OR(T$8="", $E12=""), "", IF(T$8<$E12, IF($C12=0, "", $C12), $D12)) -> 16
B13: 5 | C13: 25 | D13: 8 | E13: 45328 | I13: =IF(OR(I$8="", $E13=""), "", IF(I$8<$E13, IF($C13=0, "", $C13), $D13)) -> 25 | J13: =IF(OR(J$8="", $E13=""), "", IF(J$8<$E13, IF($C13=0, "", $C13), $D13)) -> 25 | K13: =IF(OR(K$8="", $E13=""), "", IF(K$8<$E13, IF($C13=0, "", $C13), $D13)) -> 8 | L13: =IF(OR(L$8="", $E13=""), "", IF(L$8<$E13, IF($C13=0, "", $C13), $D13)) -> 8 | M13: =IF(OR(M$8="", $E13=""), "", IF(M$8<$E13, IF($C13=0, "", $C13), $D13)) -> 8 | N13: =IF(OR(N$8="", $E13=""), "", IF(N$8<$E13, IF($C13=0, "", $C13), $D13)) -> 8 | O13: =IF(OR(O$8="", $E13=""), "", IF(O$8<$E13, IF($C13=0, "", $C13), $D13)) -> 8 | P13: =IF(OR(P$8="", $E13=""), "", IF(P$8<$E13, IF($C13=0, "", $C13), $D13)) -> 8 | ... T13: =IF(OR(T$8="", $E13=""), "", IF(T$8<$E13, IF($C13=0, "", $C13), $D13)) -> 8
B14: 6 | C14: 4 | D14: 2 | E14: 45218 | I14: =IF(OR(I$8="", $E14=""), "", IF(I$8<$E14, IF($C14=0, "", $C14), $D14)) -> 2 | J14: =IF(OR(J$8="", $E14=""), "", IF(J$8<$E14, IF($C14=0, "", $C14), $D14)) -> 2 | K14: =IF(OR(K$8="", $E14=""), "", IF(K$8<$E14, IF($C14=0, "", $C14), $D14)) -> 2 | L14: =IF(OR(L$8="", $E14=""), "", IF(L$8<$E14, IF($C14=0, "", $C14), $D14)) -> 2 | M14: =IF(OR(M$8="", $E14=""), "", IF(M$8<$E14, IF($C14=0, "", $C14), $D14)) -> 2 | N14: =IF(OR(N$8="", $E14=""), "", IF(N$8<$E14, IF($C14=0, "", $C14), $D14)) -> 2 | O14: =IF(OR(O$8="", $E14=""), "", IF(O$8<$E14, IF($C14=0, "", $C14), $D14)) -> 2 | P14: =IF(OR(P$8="", $E14=""), "", IF(P$8<$E14, IF($C14=0, "", $C14), $D14)) -> 2 | ... T14: =IF(OR(T$8="", $E14=""), "", IF(T$8<$E14, IF($C14=0, "", $C14), $D14)) -> 2
B15: 7 | C15: 5 | D15: 1 | E15: 45180 | I15: =IF(OR(I$8="", $E15=""), "", IF(I$8<$E15, IF($C15=0, "", $C15), $D15)) -> 1 | J15: =IF(OR(J$8="", $E15=""), "", IF(J$8<$E15, IF($C15=0, "", $C15), $D15)) -> 1 | K15: =IF(OR(K$8="", $E15=""), "", IF(K$8<$E15, IF($C15=0, "", $C15), $D15)) -> 1 | L15: =IF(OR(L$8="", $E15=""), "", IF(L$8<$E15, IF($C15=0, "", $C15), $D15)) -> 1 | M15: =IF(OR(M$8="", $E15=""), "", IF(M$8<$E15, IF($C15=0, "", $C15), $D15)) -> 1 | N15: =IF(OR(N$8="", $E15=""), "", IF(N$8<$E15, IF($C15=0, "", $C15), $D15)) -> 1 | O15: =IF(OR(O$8="", $E15=""), "", IF(O$8<$E15, IF($C15=0, "", $C15), $D15)) -> 1 | P15: =IF(OR(P$8="", $E15=""), "", IF(P$8<$E15, IF($C15=0, "", $C15), $D15)) -> 1 | ... T15: =IF(OR(T$8="", $E15=""), "", IF(T$8<$E15, IF($C15=0, "", $C15), $D15)) -> 1
B16: 8 | C16: 4 | D16: 4 | E16: 47484 | I16: =IF(OR(I$8="", $E16=""), "", IF(I$8<$E16, IF($C16=0, "", $C16), $D16)) -> 4 | J16: =IF(OR(J$8="", $E16=""), "", IF(J$8<$E16, IF($C16=0, "", $C16), $D16)) -> 4 | K16: =IF(OR(K$8="", $E16=""), "", IF(K$8<$E16, IF($C16=0, "", $C16), $D16)) -> 4 | L16: =IF(OR(L$8="", $E16=""), "", IF(L$8<$E16, IF($C16=0, "", $C16), $D16)) -> 4 | M16: =IF(OR(M$8="", $E16=""), "", IF(M$8<$E16, IF($C16=0, "", $C16), $D16)) -> 4 | N16: =IF(OR(N$8="", $E16=""), "", IF(N$8<$E16, IF($C16=0, "", $C16), $D16)) -> 4 | O16: =IF(OR(O$8="", $E16=""), "", IF(O$8<$E16, IF($C16=0, "", $C16), $D16)) -> 4 | P16: =IF(OR(P$8="", $E16=""), "", IF(P$8<$E16, IF($C16=0, "", $C16), $D16)) -> 4 | ... T16: =IF(OR(T$8="", $E16=""), "", IF(T$8<$E16, IF($C16=0, "", $C16), $D16)) -> 4
B17: 9 | C17: 12 | D17: 4 | E17: 47484 | I17: =IF(OR(I$8="", $E17=""), "", IF(I$8<$E17, IF($C17=0, "", $C17), $D17)) -> 12 | J17: =IF(OR(J$8="", $E17=""), "", IF(J$8<$E17, IF($C17=0, "", $C17), $D17)) -> 12 | K17: =IF(OR(K$8="", $E17=""), "", IF(K$8<$E17, IF($C17=0, "", $C17), $D17)) -> 12 | L17: =IF(OR(L$8="", $E17=""), "", IF(L$8<$E17, IF($C17=0, "", $C17), $D17)) -> 12 | M17: =IF(OR(M$8="", $E17=""), "", IF(M$8<$E17, IF($C17=0, "", $C17), $D17)) -> 12 | N17: =IF(OR(N$8="", $E17=""), "", IF(N$8<$E17, IF($C17=0, "", $C17), $D17)) -> 12 | O17: =IF(OR(O$8="", $E17=""), "", IF(O$8<$E17, IF($C17=0, "", $C17), $D17)) -> 12 | P17: =IF(OR(P$8="", $E17=""), "", IF(P$8<$E17, IF($C17=0, "", $C17), $D17)) -> 12 | ... T17: =IF(OR(T$8="", $E17=""), "", IF(T$8<$E17, IF($C17=0, "", $C17), $D17)) -> 12
B18: 10 | C18: 15 | D18: 8 | E18: 47484 | I18: =IF(OR(I$8="", $E18=""), "", IF(I$8<$E18, IF($C18=0, "", $C18), $D18)) -> 15 | J18: =IF(OR(J$8="", $E18=""), "", IF(J$8<$E18, IF($C18=0, "", $C18), $D18)) -> 15 | K18: =IF(OR(K$8="", $E18=""), "", IF(K$8<$E18, IF($C18=0, "", $C18), $D18)) -> 15 | L18: =IF(OR(L$8="", $E18=""), "", IF(L$8<$E18, IF($C18=0, "", $C18), $D18)) -> 15 | M18: =IF(OR(M$8="", $E18=""), "", IF(M$8<$E18, IF($C18=0, "", $C18), $D18)) -> 15 | N18: =IF(OR(N$8="", $E18=""), "", IF(N$8<$E18, IF($C18=0, "", $C18), $D18)) -> 15 | O18: =IF(OR(O$8="", $E18=""), "", IF(O$8<$E18, IF($C18=0, "", $C18), $D18)) -> 15 | P18: =IF(OR(P$8="", $E18=""), "", IF(P$8<$E18, IF($C18=0, "", $C18), $D18)) -> 15 | ... T18: =IF(OR(T$8="", $E18=""), "", IF(T$8<$E18, IF($C18=0, "", $C18), $D18)) -> 15
B19: 11 | C19: 3 | D19: 4 | E19: 45567 | I19: =IF(OR(I$8="", $E19=""), "", IF(I$8<$E19, IF($C19=0, "", $C19), $D19)) -> 3 | J19: =IF(OR(J$8="", $E19=""), "", IF(J$8<$E19, IF($C19=0, "", $C19), $D19)) -> 3 | K19: =IF(OR(K$8="", $E19=""), "", IF(K$8<$E19, IF($C19=0, "", $C19), $D19)) -> 3 | L19: =IF(OR(L$8="", $E19=""), "", IF(L$8<$E19, IF($C19=0, "", $C19), $D19)) -> 3 | M19: =IF(OR(M$8="", $E19=""), "", IF(M$8<$E19, IF($C19=0, "", $C19), $D19)) -> 3 | N19: =IF(OR(N$8="", $E19=""), "", IF(N$8<$E19, IF($C19=0, "", $C19), $D19)) -> 3 | O19: =IF(OR(O$8="", $E19=""), "", IF(O$8<$E19, IF($C19=0, "", $C19), $D19)) -> 3 | P19: =IF(OR(P$8="", $E19=""), "", IF(P$8<$E19, IF($C19=0, "", $C19), $D19)) -> 3 | ... T19: =IF(OR(T$8="", $E19=""), "", IF(T$8<$E19, IF($C19=0, "", $C19), $D19)) -> 4
B20: 12 | C20: 10 | D20: 4 | E20: 45626 | I20: =IF(OR(I$8="", $E20=""), "", IF(I$8<$E20, IF($C20=0, "", $C20), $D20)) -> 10 | J20: =IF(OR(J$8="", $E20=""), "", IF(J$8<$E20, IF($C20=0, "", $C20), $D20)) -> 10 | K20: =IF(OR(K$8="", $E20=""), "", IF(K$8<$E20, IF($C20=0, "", $C20), $D20)) -> 10 | L20: =IF(OR(L$8="", $E20=""), "", IF(L$8<$E20, IF($C20=0, "", $C20), $D20)) -> 10 | M20: =IF(OR(M$8="", $E20=""), "", IF(M$8<$E20, IF($C20=0, "", $C20), $D20)) -> 10 | N20: =IF(OR(N$8="", $E20=""), "", IF(N$8<$E20, IF($C20=0, "", $C20), $D20)) -> 10 | O20: =IF(OR(O$8="", $E20=""), "", IF(O$8<$E20, IF($C20=0, "", $C20), $D20)) -> 10 | P20: =IF(OR(P$8="", $E20=""), "", IF(P$8<$E20, IF($C20=0, "", $C20), $D20)) -> 10 | ... T20: =IF(OR(T$8="", $E20=""), "", IF(T$8<$E20, IF($C20=0, "", $C20), $D20)) -> 4
... B28: 20 | C28: 25 | D28: 25 | E28: 47484 | I28: =IF(OR(I$8="", $E28=""), "", IF(I$8<$E28, IF($C28=0, "", $C28), $D28)) -> 25 | J28: =IF(OR(J$8="", $E28=""), "", IF(J$8<$E28, IF($C28=0, "", $C28), $D28)) -> 25 | K28: =IF(OR(K$8="", $E28=""), "", IF(K$8<$E28, IF($C28=0, "", $C28), $D28)) -> 25 | L28: =IF(OR(L$8="", $E28=""), "", IF(L$8<$E28, IF($C28=0, "", $C28), $D28)) -> 25 | M28: =IF(OR(M$8="", $E28=""), "", IF(M$8<$E28, IF($C28=0, "", $C28), $D28)) -> 25 | N28: =IF(OR(N$8="", $E28=""), "", IF(N$8<$E28, IF($C28=0, "", $C28), $D28)) -> 25 | O28: =IF(OR(O$8="", $E28=""), "", IF(O$8<$E28, IF($C28=0, "", $C28), $D28)) -> 25 | P28: =IF(OR(P$8="", $E28=""), "", IF(P$8<$E28, IF($C28=0, "", $C28), $D28)) -> 25 | ... T28: =IF(OR(T$8="", $E28=""), "", IF(T$8<$E28, IF($C28=0, "", $C28), $D28)) -> 25
I29: =IF(OR(I$8="", $E29=""), "", IF(I$8<$E29, IF($C29=0, "", $C29), $D29)) | J29: =IF(OR(J$8="", $E29=""), "", IF(J$8<$E29, IF($C29=0, "", $C29), $D29)) | K29: =IF(OR(K$8="", $E29=""), "", IF(K$8<$E29, IF($C29=0, "", $C29), $D29)) | L29: =IF(OR(L$8="", $E29=""), "", IF(L$8<$E29, IF($C29=0, "", $C29), $D29)) | M29: =IF(OR(M$8="", $E29=""), "", IF(M$8<$E29, IF($C29=0, "", $C29), $D29)) | N29: =IF(OR(N$8="", $E29=""), "", IF(N$8<$E29, IF($C29=0, "", $C29), $D29)) | O29: =IF(OR(O$8="", $E29=""), "", IF(O$8<$E29, IF($C29=0, "", $C29), $D29)) | P29: =IF(OR(P$8="", $E29=""), "", IF(P$8<$E29, IF($C29=0, "", $C29), $D29)) | ... T29: =IF(OR(T$8="", $E29=""), "", IF(T$8<$E29, IF($C29=0, "", $C29), $D29))
I30: =IF(OR(I$8="", $E30=""), "", IF(I$8<$E30, IF($C30=0, "", $C30), $D30)) | J30: =IF(OR(J$8="", $E30=""), "", IF(J$8<$E30, IF($C30=0, "", $C30), $D30)) | K30: =IF(OR(K$8="", $E30=""), "", IF(K$8<$E30, IF($C30=0, "", $C30), $D30)) | L30: =IF(OR(L$8="", $E30=""), "", IF(L$8<$E30, IF($C30=0, "", $C30), $D30)) | M30: =IF(OR(M$8="", $E30=""), "", IF(M$8<$E30, IF($C30=0, "", $C30), $D30)) | N30: =IF(OR(N$8="", $E30=""), "", IF(N$8<$E30, IF($C30=0, "", $C30), $D30)) | O30: =IF(OR(O$8="", $E30=""), "", IF(O$8<$E30, IF($C30=0, "", $C30), $D30)) | P30: =IF(OR(P$8="", $E30=""), "", IF(P$8<$E30, IF($C30=0, "", $C30), $D30)) | ... T30: =IF(OR(T$8="", $E30=""), "", IF(T$8<$E30, IF($C30=0, "", $C30), $D30))
I31: =IF(OR(I$8="", $E31=""), "", IF(I$8<$E31, IF($C31=0, "", $C31), $D31)) | J31: =IF(OR(J$8="", $E31=""), "", IF(J$8<$E31, IF($C31=0, "", $C31), $D31)) | K31: =IF(OR(K$8="", $E31=""), "", IF(K$8<$E31, IF($C31=0, "", $C31), $D31)) | L31: =IF(OR(L$8="", $E31=""), "", IF(L$8<$E31, IF($C31=0, "", $C31), $D31)) | M31: =IF(OR(M$8="", $E31=""), "", IF(M$8<$E31, IF($C31=0, "", $C31), $D31)) | N31: =IF(OR(N$8="", $E31=""), "", IF(N$8<$E31, IF($C31=0, "", $C31), $D31)) | O31: =IF(OR(O$8="", $E31=""), "", IF(O$8<$E31, IF($C31=0, "", $C31), $D31)) | P31: =IF(OR(P$8="", $E31=""), "", IF(P$8<$E31, IF($C31=0, "", $C31), $D31)) | ... T31: =IF(OR(T$8="", $E31=""), "", IF(T$8<$E31, IF($C31=0, "", $C31), $D31))
I32: =IF(OR(I$8="", $E32=""), "", IF(I$8<$E32, IF($C32=0, "", $C32), $D32)) | J32: =IF(OR(J$8="", $E32=""), "", IF(J$8<$E32, IF($C32=0, "", $C32), $D32)) | K32: =IF(OR(K$8="", $E32=""), "", IF(K$8<$E32, IF($C32=0, "", $C32), $D32)) | L32: =IF(OR(L$8="", $E32=""), "", IF(L$8<$E32, IF($C32=0, "", $C32), $D32)) | M32: =IF(OR(M$8="", $E32=""), "", IF(M$8<$E32, IF($C32=0, "", $C32), $D32)) | N32: =IF(OR(N$8="", $E32=""), "", IF(N$8<$E32, IF($C32=0, "", $C32), $D32)) | O32: =IF(OR(O$8="", $E32=""), "", IF(O$8<$E32, IF($C32=0, "", $C32), $D32)) | P32: =IF(OR(P$8="", $E32=""), "", IF(P$8<$E32, IF($C32=0, "", $C32), $D32)) | ... T32: =IF(OR(T$8="", $E32=""), "", IF(T$8<$E32, IF($C32=0, "", $C32), $D32))
I33: =IF(OR(I$8="", $E33=""), "", IF(I$8<$E33, IF($C33=0, "", $C33), $D33)) | J33: =IF(OR(J$8="", $E33=""), "", IF(J$8<$E33, IF($C33=0, "", $C33), $D33)) | K33: =IF(OR(K$8="", $E33=""), "", IF(K$8<$E33, IF($C33=0, "", $C33), $D33)) | L33: =IF(OR(L$8="", $E33=""), "", IF(L$8<$E33, IF($C33=0, "", $C33), $D33)) | M33: =IF(OR(M$8="", $E33=""), "", IF(M$8<$E33, IF($C33=0, "", $C33), $D33)) | N33: =IF(OR(N$8="", $E33=""), "", IF(N$8<$E33, IF($C33=0, "", $C33), $D33)) | O33: =IF(OR(O$8="", $E33=""), "", IF(O$8<$E33, IF($C33=0, "", $C33), $D33)) | P33: =IF(OR(P$8="", $E33=""), "", IF(P$8<$E33, IF($C33=0, "", $C33), $D33)) | ... T33: =IF(OR(T$8="", $E33=""), "", IF(T$8<$E33, IF($C33=0, "", $C33), $D33))
I34: =IF(OR(I$8="", $E34=""), "", IF(I$8<$E34, IF($C34=0, "", $C34), $D34)) | J34: =IF(OR(J$8="", $E34=""), "", IF(J$8<$E34, IF($C34=0, "", $C34), $D34)) | K34: =IF(OR(K$8="", $E34=""), "", IF(K$8<$E34, IF($C34=0, "", $C34), $D34)) | L34: =IF(OR(L$8="", $E34=""), "", IF(L$8<$E34, IF($C34=0, "", $C34), $D34)) | M34: =IF(OR(M$8="", $E34=""), "", IF(M$8<$E34, IF($C34=0, "", $C34), $D34)) | N34: =IF(OR(N$8="", $E34=""), "", IF(N$8<$E34, IF($C34=0, "", $C34), $D34)) | O34: =IF(OR(O$8="", $E34=""), "", IF(O$8<$E34, IF($C34=0, "", $C34), $D34)) | P34: =IF(OR(P$8="", $E34=""), "", IF(P$8<$E34, IF($C34=0, "", $C34), $D34)) | ... T34: =IF(OR(T$8="", $E34=""), "", IF(T$8<$E34, IF($C34=0, "", $C34), $D34))
I35: =IF(OR(I$8="", $E35=""), "", IF(I$8<$E35, IF($C35=0, "", $C35), $D35)) | J35: =IF(OR(J$8="", $E35=""), "", IF(J$8<$E35, IF($C35=0, "", $C35), $D35)) | K35: =IF(OR(K$8="", $E35=""), "", IF(K$8<$E35, IF($C35=0, "", $C35), $D35)) | L35: =IF(OR(L$8="", $E35=""), "", IF(L$8<$E35, IF($C35=0, "", $C35), $D35)) | M35: =IF(OR(M$8="", $E35=""), "", IF(M$8<$E35, IF($C35=0, "", $C35), $D35)) | N35: =IF(OR(N$8="", $E35=""), "", IF(N$8<$E35, IF($C35=0, "", $C35), $D35)) | O35: =IF(OR(O$8="", $E35=""), "", IF(O$8<$E35, IF($C35=0, "", $C35), $D35)) | P35: =IF(OR(P$8="", $E35=""), "", IF(P$8<$E35, IF($C35=0, "", $C35), $D35)) | ... T35: =IF(OR(T$8="", $E35=""), "", IF(T$8<$E35, IF($C35=0, "", $C35), $D35))
I36: =IF(OR(I$8="", $E36=""), "", IF(I$8<$E36, IF($C36=0, "", $C36), $D36)) | J36: =IF(OR(J$8="", $E36=""), "", IF(J$8<$E36, IF($C36=0, "", $C36), $D36)) | K36: =IF(OR(K$8="", $E36=""), "", IF(K$8<$E36, IF($C36=0, "", $C36), $D36)) | L36: =IF(OR(L$8="", $E36=""), "", IF(L$8<$E36, IF($C36=0, "", $C36), $D36)) | M36: =IF(OR(M$8="", $E36=""), "", IF(M$8<$E36, IF($C36=0, "", $C36), $D36)) | N36: =IF(OR(N$8="", $E36=""), "", IF(N$8<$E36, IF($C36=0, "", $C36), $D36)) | O36: =IF(OR(O$8="", $E36=""), "", IF(O$8<$E36, IF($C36=0, "", $C36), $D36)) | P36: =IF(OR(P$8="", $E36=""), "", IF(P$8<$E36, IF($C36=0, "", $C36), $D36)) | ... T36: =IF(OR(T$8="", $E36=""), "", IF(T$8<$E36, IF($C36=0, "", $C36), $D36))
I37: =IF(OR(I$8="", $E37=""), "", IF(I$8<$E37, IF($C37=0, "", $C37), $D37)) | J37: =IF(OR(J$8="", $E37=""), "", IF(J$8<$E37, IF($C37=0, "", $C37), $D37)) | K37: =IF(OR(K$8="", $E37=""), "", IF(K$8<$E37, IF($C37=0, "", $C37), $D37)) | L37: =IF(OR(L$8="", $E37=""), "", IF(L$8<$E37, IF($C37=0, "", $C37), $D37)) | M37: =IF(OR(M$8="", $E37=""), "", IF(M$8<$E37, IF($C37=0, "", $C37), $D37)) | N37: =IF(OR(N$8="", $E37=""), "", IF(N$8<$E37, IF($C37=0, "", $C37), $D37)) | O37: =IF(OR(O$8="", $E37=""), "", IF(O$8<$E37, IF($C37=0, "", $C37), $D37)) | P37: =IF(OR(P$8="", $E37=""), "", IF(P$8<$E37, IF($C37=0, "", $C37), $D37)) | ... T37: =IF(OR(T$8="", $E37=""), "", IF(T$8<$E37, IF($C37=0, "", $C37), $D37))
I38: =IF(OR(I$8="", $E38=""), "", IF(I$8<$E38, IF($C38=0, "", $C38), $D38)) | J38: =IF(OR(J$8="", $E38=""), "", IF(J$8<$E38, IF($C38=0, "", $C38), $D38)) | K38: =IF(OR(K$8="", $E38=""), "", IF(K$8<$E38, IF($C38=0, "", $C38), $D38)) | L38: =IF(OR(L$8="", $E38=""), "", IF(L$8<$E38, IF($C38=0, "", $C38), $D38)) | M38: =IF(OR(M$8="", $E38=""), "", IF(M$8<$E38, IF($C38=0, "", $C38), $D38)) | N38: =IF(OR(N$8="", $E38=""), "", IF(N$8<$E38, IF($C38=0, "", $C38), $D38)) | O38: =IF(OR(O$8="", $E38=""), "", IF(O$8<$E38, IF($C38=0, "", $C38), $D38)) | P38: =IF(OR(P$8="", $E38=""), "", IF(P$8<$E38, IF($C38=0, "", $C38), $D38)) | ... T38: =IF(OR(T$8="", $E38=""), "", IF(T$8<$E38, IF($C38=0, "", $C38), $D38))
I39: =IF(OR(I$8="", $E39=""), "", IF(I$8<$E39, IF($C39=0, "", $C39), $D39)) | J39: =IF(OR(J$8="", $E39=""), "", IF(J$8<$E39, IF($C39=0, "", $C39), $D39)) | K39: =IF(OR(K$8="", $E39=""), "", IF(K$8<$E39, IF($C39=0, "", $C39), $D39)) | L39: =IF(OR(L$8="", $E39=""), "", IF(L$8<$E39, IF($C39=0, "", $C39), $D39)) | M39: =IF(OR(M$8="", $E39=""), "", IF(M$8<$E39, IF($C39=0, "", $C39), $D39)) | N39: =IF(OR(N$8="", $E39=""), "", IF(N$8<$E39, IF($C39=0, "", $C39), $D39)) | O39: =IF(OR(O$8="", $E39=""), "", IF(O$8<$E39, IF($C39=0, "", $C39), $D39)) | P39: =IF(OR(P$8="", $E39=""), "", IF(P$8<$E39, IF($C39=0, "", $C39), $D39)) | ... T39: =IF(OR(T$8="", $E39=""), "", IF(T$8<$E39, IF($C39=0, "", $C39), $D39))
I40: =IF(OR(I$8="", $E40=""), "", IF(I$8<$E40, IF($C40=0, "", $C40), $D40)) | J40: =IF(OR(J$8="", $E40=""), "", IF(J$8<$E40, IF($C40=0, "", $C40), $D40)) | K40: =IF(OR(K$8="", $E40=""), "", IF(K$8<$E40, IF($C40=0, "", $C40), $D40)) | L40: =IF(OR(L$8="", $E40=""), "", IF(L$8<$E40, IF($C40=0, "", $C40), $D40)) | M40: =IF(OR(M$8="", $E40=""), "", IF(M$8<$E40, IF($C40=0, "", $C40), $D40)) | N40: =IF(OR(N$8="", $E40=""), "", IF(N$8<$E40, IF($C40=0, "", $C40), $D40)) | O40: =IF(OR(O$8="", $E40=""), "", IF(O$8<$E40, IF($C40=0, "", $C40), $D40)) | P40: =IF(OR(P$8="", $E40=""), "", IF(P$8<$E40, IF($C40=0, "", $C40), $D40)) | ... T40: =IF(OR(T$8="", $E40=""), "", IF(T$8<$E40, IF($C40=0, "", $C40), $D40))
... I108: =IF(OR(I$8="", $E108=""), "", IF(I$8<$E108, IF($C108=0, "", $C108), $D108)) | J108: =IF(OR(J$8="", $E108=""), "", IF(J$8<$E108, IF($C108=0, "", $C108), $D108)) | K108: =IF(OR(K$8="", $E108=""), "", IF(K$8<$E108, IF($C108=0, "", $C108), $D108)) | L108: =IF(OR(L$8="", $E108=""), "", IF(L$8<$E108, IF($C108=0, "", $C108), $D108)) | M108: =IF(OR(M$8="", $E108=""), "", IF(M$8<$E108, IF($C108=0, "", $C108), $D108)) | N108: =IF(OR(N$8="", $E108=""), "", IF(N$8<$E108, IF($C108=0, "", $C108), $D108)) | O108: =IF(OR(O$8="", $E108=""), "", IF(O$8<$E108, IF($C108=0, "", $C108), $D108)) | P108: =IF(OR(P$8="", $E108=""), "", IF(P$8<$E108, IF($C108=0, "", $C108), $D108)) | ... T108: =IF(OR(T$8="", $E108=""), "", IF(T$8<$E108, IF($C108=0, "", $C108), $D108))

Sheet Rating factors
F3: Impact Level | G3: Impact Rating | H3: Description
F4: -- Select Impact -- | G4: --- Error ---
F5: Very Low | G5: 1 | H5: Negligible adverse effect on organizational operations, organizational assets, individuals, other organizations, or the Nation.
F6: Low | G6: 2 | H6: Limited adverse effect on organizational operations, organizational assets, individuals, other organizations, or the Nation. A limited adverse effect means that, for example, the threat event might: (i) cause a degradation in mission capability to an extent and duration that the organization is able to perform its primary functions, but the effectiveness of the functions is noticeably reduced; (ii) result in minor damage to organizational assets; (iii) result in minor financial loss; or (iv) result in minor harm to individuals.
F7: Moderate | G7: 3 | H7: Serious adverse effect on organizational operations, organizational assets, individuals, other organizations, or the Nation. A serious adverse effect means that, for example, the threat event might: (i) cause a significant degradation in mission capability to an extent and duration that the organization is able to perform its primary functions, but the effectiveness of the functions is significantly reduced; (ii) result in significant damage to organizational assets; (iii) result in significant financial loss; or (iv) result in significant harm to individuals that does not involve loss of life or serious life-threatening injuries.
F8: High | G8: 4 | H8: Severe or catastrophic adverse effect on organizational operations, organizational assets, individuals, other organizations, or the Nation. A severe or catastrophic adverse effect means that, for example, the threat event might: (i) cause a severe degradation in or loss of mission capability to an extent and duration that the organization is not able to perform one or more of its primary functions; (ii) result in major damage to organizational assets; (iii) result in major financial loss; or (iv) result in severe or catastrophic harm to individuals involving loss of life or serious life-threatening injuries.
F9: Very High | G9: 5 | H9: Multiple severe or catastrophic adverse effects on organizational operations, organizational assets, individuals, other organizations, or the Nation.
F11: Note: Please adjust the above content to suit your organization's specific requirements. The impact levels are a slightly adapted version of the one in NIST's SP 800-30 Guide for Conducting Risk Assessments, found in "ASSESSMENT SCALE – IMPACT OF THREAT EVENTS." For reference, you can review the original document at: https://nvlpubs.nist.gov/nistpubs/Legacy/SP/nistspecialpublication800-30r1.pdf
F15: Likelihood Level | G15: Likelihood Rating | H15: Description
F16: -- Select Likelihood -- | G16: --- Error ---
F17: Rare | G17: 1 | H17: These risks have a low probability of occurring, as the name suggests.
F18: Unlikely | G18: 2 | H18: Unlikely risks have an 11-40 percent chance of occurring, and it’s wise to monitor them.
F19: Possible | G19: 3 | H19: Possible risks have a 41-60 percent chance of occurring and may happen about half the time, needing attention.
F20: Likely | G20: 4 | H20: Likely risks have a 61-90 percent chance of occurring. They require regular attention and a consistent strategy.
F21: Highly Likely | G21: 5 | H21: Risks in this category are almost certain to occur, with a likelihood of 91 percent or more.
F24: Note: Please adjust the above content to suit your organization's specific requirements. These Likelihood Levels are from AuditBoard's article Risk Assessment Matrix: Overview and Guide. For reference, you can review the original document at: https://www.auditboard.com/blog/what-is-a-risk-assessment-matrix/
F29: Risk Rating | G29: Risk Level
F30: 0 | G30: --- Error ---
F31: 1 | G31: Low
F32: 2 | G32: Low
F33: 3 | G33: Low
F34: 4 | G34: Low
F35: 5 | G35: Medium
F36: 6 | G36: Medium
F37: 8 | G37: Medium
F38: 9 | G38: Medium
F39: 10 | G39: Medium
F40: 12 | G40: Medium
F41: 15 | G41: Medium
... F44: 25 | G44: High

Sheet Dropdowns
C1: Risk Response Type
C2: -- Select Risk Response --
C3: Accept
C4: Avoid
C5: Mitigate
C6: Transfer
C11: Risk Status
C12: -- Select Risk Status --
C13: Open
C14: In Progress
C15: Closed
C18: Task Status
... C23: Closed
C27: Risk Category | D27: Category description
C28: -- Select Risk Category --
C29: Data breach | D29: Risks of unauthorized access, exposure, or theft of sensitive data, including personal information and IP.
C30: Ransomware | D30: Risks of infection from malicious software, including ransomware attacks that can lead to data encryption and financial demands.
C31: Insider Threats | D31: Risks posed by employees or contractors with access to systems, whether from malicious intent, negligence, or accidental data loss.
C32: Supply Chain | D32: Risks associated with the security practices of third-party service providers, vendors, and supply chain partners.
C33: System Vulnerabilities | D33: Risks related to weaknesses in various systems, network infrastructure, software, or hardware that could be exploited by attackers.
C34: Social Engineering | D34: Risks from deception techniques aimed at manipulating individuals into divulging sensitive information or granting unauthorized access.
C35: Identity and Access | D35: Risks of unauthorized access due to poor identity and access management practices, including compromised credentials.
C36: Non-compliance | D36: Risks of non-compliance with cybersecurity laws, standards, or regulations that could lead to fines, sanctions, or reputational damage.
C37: Operational Disruption | D37: Risks related to disruptions in business operations due to cyber incidents, such as DDoS attacks or IT system failures.
C38: Response and Recovery | D38: Risks of inadequate or delayed response to cyber incidents, worsening impact, extending recovery times, and increasing costs.
C40: Note: The categories above are illustrative and were created using ChatGPT and Perplexity.AI. Please adjust them to fit your organization's needs.
C43: Department
C44: -- Select Department --
C45: Compliance
C46: Customer Service
C47: Finance
C48: Human Resources (HR)
C49: Information Technology (IT)
C50: Internal Audit
C51: Legal
C52: Marketing
C53: Operations
... C60: Note: These are just sample departments. Please adjust this list to accurately reflect the departments in your own company
